Workbook
Name Activos: #REF!
Name Activos: #REF!
Name Activos: #REF!
Name Activos: #REF!
Name Amenazas: #REF!
Name Amenazas: #REF!
Name Amenazas: #REF!
Name Amenazas: #REF!
Name Atributos: [1]CriteriosEvaluacion!$E$25:$E$26
Name CR: #REF!
Name CR: #REF!
Name CR: #REF!
Name CR: #REF!
Name CR: #REF!
Name CR: #REF!
Name CRITICIDAD: #REF!
Name CRITICIDAD: #REF!
Name CRITICIDAD: #REF!
Name CRITICIDAD: #REF!
Name CriticidadResidual: '[2]Matriz de Riesgos'!#REF!
Name CriticidadResidual: '[2]Matriz de Riesgos'!#REF!
Name CriticidadResidual: '[2]Matriz de Riesgos'!#REF!
Name CriticidadResidual: '[2]Matriz de Riesgos'!#REF!
Name CriticidadRiesgo: #REF!
Name CriticidadRiesgo: #REF!
Name CriticidadRiesgo: #REF!
Name CriticidadRiesgo: #REF!
Name CriticidadRiesgo: #REF!
Name CriticidadRiesgo: #REF!
Name Impactos: '[1]Consecuencias(Impacto)'!$B$1:$F$1
Name Matriz: #REF!
Name Matriz: #REF!
Name Matriz: #REF!
Name Matriz: #REF!
Name Matriz: #REF!
Name Matriz: #REF!
Name NAR: #REF!
Name NAR: #REF!
Name NAR: #REF!
Name NAR: #REF!
Name Privilegios: [1]CriteriosEvaluacion!$A$45:$A$49
Name RiesgosBrutos: '[2]Matriz de Riesgos'!#REF!
Name RiesgosBrutos: '[2]Matriz de Riesgos'!#REF!
Name RiesgosBrutos: '[2]Matriz de Riesgos'!#REF!
Name RiesgosBrutos: '[2]Matriz de Riesgos'!#REF!
Name RiesgosBrutos: '[2]Matriz de Riesgos'!#REF!
Name RiesgosBrutos: '[2]Matriz de Riesgos'!#REF!
Name RIESGOTODOS: #REF!
Name RIESGOTODOS: #REF!
Name RIESGOTODOS: #REF!
Name RIESGOTODOS: #REF!
Name RIESGOTODOS: #REF!
Name RIESGOTODOS: #REF!
Name TipoActivo: [1]TipologiaActivos!$A$4:$A$9
Name TOTACTIVOS: #REF!
Name TOTACTIVOS: #REF!
Name TOTACTIVOS: #REF!
Name TOTACTIVOS: #REF!
Name TOTACTIVOS: #REF!
Name TOTACTIVOS: #REF!

Sheet Contexto
C1: GESTIÓN DE LA MEJORA CONTINUA | G1: Código: GMC-PR-02-FR-01
G2: Versión: 04
C3: MAPA DE RIESGOS DE GESTIÓN,FISCAL,LA/FT Y CORRUPCIÓN | G3: Fecha: 15/08/2025
G4: Hoja 1 de 6
B6: CONTEXTO INSUMO PARA LA MATRIZ DE RIESGOS
B8: IDENTIFICACIÓN DEL CONTEXTO
B9: Identifique factores (negativos) o (positivos) que afectan al proceso
B10: CONTEXTO EXTERNO
B11: Factores del contexto
B12: A - AMENAZAS (factores negativos externos) | E12: O - OPORTUNIDADES (factores positivos externos)
B13: Identifique factores que representen una amenaza o una oportunidad en ejes como el: Económico, social y cultural, tecnológico, político, legales y reglamentarios, medio ambientales y de comunicación externa.
B14: Los cambios en lineamientos Nacionales y Distritales pueden requerir ajustes significativos en los procesos, operaciones y metas de indicadores de la SCRD | E14: Aplicar instrumentos de gestión para facilitar el análisis de la información del Sistema de Gestión
B15: La constante demanda de información por parte de los entes de control dificulta la planificación y ejecución de las iniciativas de mejora continua, al desviar los recursos y la atención del personal. | E15: Recibir asesoramiento, capacitación e instrumentos de gestión por parte la DAFP y la Secretaría General para la aplicación de temas relacionados con el sistema de gestión en la SCRD
B16: Las directrices dadas por entidades Distritales y Nacionales para atender nuevos requerimientos no previstos generan sobrecargas y obligan a priorizar su atención, afectando las acctividades de la gestión institucional planeadas. | E16: Tener en cuenta la medición de los diferentes índices de desempeño por parte del DAFP, Secretaría General y Veeduría Distrital para implementar mejoras en la gestión de la entidad.
B17: Recortes presupuestales que afectan al Sistema de Gestión, ya que se priorizan otros temas institucionales.
B27: CONTEXTO INTERNO
B28: Factores del contexto
B29: D - DEBILIDADES (factores negativos internos) | E29: F - FORTALEZAS (factores positivos internos)
B30: Identifique factores en los que la entidad tiene debilidades o fortalezas en temas como: Funciones y responsabilidades (políticas, objetivos y estrategias), personas, tecnología, estructura organizacional, financieros, relaciones con partes involucradas, estructura organizacional, diseño y ejecución del proceso.
B31: Falta fortalecer el conocimiento técnico en instrumentos de Gestión que se utiliza en la SCRD y así como desarrollar metodologias o estrategias para capacitar en los temas técnicos del Sistema de Gestión. | E31: Se cuenta con un equipo de profesionales con el estudio, conocimiento y experticia para desarrollar todas las acciones que se derivan del Sistema de Gestión
B32: Rotación del equipo de enlaces del Sistema de Gestión que afecta la continuidad de la debida aplicación de los instrumentos de gestión en cada proceso. | E32: Utilización de los medios tecnológicos para dar a conocer la información del Sistema de Gestión, como Cultured y tableros de control.
B33: Priorización de tareas a corto plazo y urgentes, lo cual , no permite tener mejores iniciativas de mejora a largo plazo afectando lo escencial para la mejora continua. | E33: Seguimiento y monitoreo a planes de mejoramiento internos, indicadores y riesgos.
B34: Resistencia al cambio en los equipos existentes al implementar nuevas formas de trabajo por las sobrecargas laborales. | E34: Se cuenta con un sistema de Gestión implementado y documentado
B35: Dificultades significativas en la adopción y utilización efectiva de herramientas tecnológicas para optimizar los procesos del Sistema de Gestión MIPG. | E35: Se cuenta con un equipo de profesionales ampliado en cada una de las áreas para implementar y sostener el Sistema de Gestión a nivel institucional
B36: Falta de comunicación y articulación entre los equipos de trabajo, así como, la apropiación de los procesos, documentación y los instrumentos de Gestión por parte de la comunidad institucional. | E36: A partir de los seguimientos se identifica retrasos, alertas y mejoras, lo cual, hace que el sistema de gestión sea dinamico.
B37: Desarticulación de los instrumentos de Gestión para que sean insumos para diferentes reportes y análisis de la gestión. | E37: Formulación de planes de mejoramiento a partir de los todas las observaciones y oportunidades detectadas por la segunda y tercera linea de defensa, generando acciones de mejora que permiten evitar la materialización de riesgos.
B38: Sobrecargas laborales a los enlaces del sistema de Gestión, debido a que atienden diferentes temas.
B47: Vigencia | C47: 2026 | D47: No. Edición del documento | E47: 1 | F47: Fecha última Edición | G47: 46052
B48: Descripción de las modificaciones | C48: Edición 1: caso GLPI # 141 092 29/01/2026 Creación de mapa de riesgos ORFEO Radicado no. 20261700089543 Modificaciones: 1.La valoración de la probabilidad inherente paso de Muy Alta a Alta, teniendo la adecuada aplicación de los controles 2. Se ajustó la redacción del riesgo de corrupción a partir de los nuevos lineamientos de la guía del DAFP v7 3. Se formuló los planes de tratamiento de los riesgos RG-GMC-01 y RC-GMC-01 para la vigencia 2026.

Sheet Identificación RG-RF-RLA-FT
C1: GESTIÓN DE LA MEJORA CONTINUA | G1: Código: GMC-PR-02-FR-01
G2: =Contexto!G2 -> Versión: 04
C3: MAPA DE RIESGOS DE GESTIÓN,FISCAL,LA/FT Y CORRUPCIÓN | G3: =Contexto!G3 -> Fecha: 15/08/2025
G4: Hoja 2 de 6
B6: APOYO PARA LA IDENTIFICACIÓN DE RIESGOS DE GESTIÓN -FISCALES Y LA/FT
B7: RIESGO 1
B8: Árbol de problemas
C9: Seleccione
B10: Efecto Impacto (DAFP) | C10: Reputacional | H10: QUE
G11: Si no existe un segundo efecto/consecuencia/causa coloque un espacio o un punto
B12: Efecto directo Consecuencias Causa inmediata (DAFP) | C12: Falencias recurrentes en la gestión de la entidad | F12: Reprocesos y retrasos del logro de los objetivos institucionales | H12: COMO
B14: PROBLEMA CENTRAL Evento de riesgo Causa raiz (DAFP) - Punto crítico en el producto - | C14: Dificultades en la apropiación efectiva del Sistema de Gestión por parte de la comunidad institucional | H14: POR QUÉ
B16: Causas | C16: Falta revisión y análisis de informes de segunda linea de defensa por por parte de los interesados | E16: Desconocimiento de los instrumentos de Gestión por parte de los enlaces del Sistema de Gestión MIPG | G16: Debilidades en el método de asesoramiento para transferir los temas técnicos del Sistema de Gestión MIPG
B18: Sub causas (desagregadas) - indicativas -
B20: REDACCIÓN DEL RIESGO | I20: Registrar información de acuerdo con tablas Factores y Clasificación-ver Fact-Clas RG
B21: Posibilidad de afectación (qué)…por… (cómo)...debido a (por qué) | I21: FACTORES | J21: CLASIFICACIÓN
B22: =IF(OR(C10="",C12="",F12="",C14=""),"",CONCATENATE($E$2," ",C10," ",$E$3," *",C12," *",F12,", ",$E$4," ",$C14)) -> Reputacional *Falencias recurrentes en la gestión de la entidad *Reprocesos y retrasos del logro de los objetivos institucionales, Dificultades en la apropiación efectiva del Sistema de Gestión por parte de la comunidad institucional | I22: Procesos | J22: Fraude Externo
B25: RIESGO 2
B26: Árbol de problemas
C27: Seleccione
B28: Efecto Impacto (DAFP) | H28: QUE
G29: Si no existe un segundo efecto/consecuencia/causa coloque un espacio o un punto
B30: Efecto directo Consecuencias Causa inmediata (DAFP) | H30: COMO
B32: PROBLEMA CENTRAL Evento de riesgo Causa raiz (DAFP) - Punto crítico en el producto - | H32: POR QUÉ
B34: Causas
B36: Sub causas (desagregadas) - indicativas -
B38: REDACCIÓN DEL RIESGO | I38: Registrar información de acuerdo con tablas Factores y Clasificación-ver Fact-Clas RG
B39: Posibilidad de afectación (qué)…por… (cómo)...debido a (por qué) | I39: FACTORES | J39: CLASIFICACIÓN
B40: =IF(OR(C28="",C30="",F30="",C32=""),"",CONCATENATE($E$2," ",C28," ",$E$3," *",C30," *",F30,", ",$E$4," ",$C32))
B43: RIESGO 3
B44: Árbol de problemas
C45: Seleccione
B46: Efecto Impacto (DAFP) | H46: QUE
G47: Si no existe un segundo efecto/consecuencia/causa coloque un espacio o un punto
B48: Efecto directo Consecuencias Causa inmediata (DAFP) | H48: COMO
B50: PROBLEMA CENTRAL Evento de riesgo Causa raiz (DAFP) - Punto crítico en el producto - | H50: POR QUÉ
B52: Causas
B54: Sub causas (desagregadas) - indicativas -
B56: REDACCIÓN DEL RIESGO | I56: Registrar información de acuerdo con tablas Factores y Clasificación-ver Fact-Clas RG
B57: =IF(OR(C46="",C48="",F48="",C50=""),"",CONCATENATE($E$2," ",C46," ",$E$3," *",C48," *",F48,", ",$E$4," ",$C50)) | I57: FACTORES | J57: CLASIFICACIÓN
B60: RIESGO 4
B61: Árbol de problemas
C62: Seleccione
B63: Efecto Impacto (DAFP) | H63: QUE
G64: Si no existe un segundo efecto/consecuencia/causa coloque un espacio o un punto
B65: Efecto directo Consecuencias Causa inmediata (DAFP) | H65: COMO
B67: PROBLEMA CENTRAL Evento de riesgo Causa raiz (DAFP) - Punto crítico en el producto - | H67: POR QUÉ
B69: Causas
B71: Sub causas (desagregadas) - indicativas -
B73: REDACCIÓN DEL RIESGO | I73: Registrar información de acuerdo con tablas Factores y Clasificación-ver Fact-Clas RG
B74: =IF(OR(C63="",C65="",F65="",C67=""),"",CONCATENATE($E$2," ",C63," ",$E$3," *",C65," *",F65,", ",$E$4," ",$C67)) | I74: FACTORES | J74: CLASIFICACIÓN
B77: RIESGO 5
B78: Árbol de problemas
C79: Seleccione
B80: Efecto Impacto (DAFP) | H80: QUE
G81: Si no existe un segundo efecto/consecuencia/causa coloque un espacio o un punto
B82: Efecto directo Consecuencias Causa inmediata (DAFP) | H82: COMO
B84: PROBLEMA CENTRAL Evento de riesgo Causa raiz (DAFP) - Punto crítico en el producto - | H84: POR QUÉ
B86: Causas
B88: Sub causas (desagregadas) - indicativas -
B90: REDACCIÓN DEL RIESGO | I90: Registrar información de acuerdo con tablas Factores y Clasificación-ver Fact-Clas RG
B91: =IF(OR(C80="",C82="",F82="",C84=""),"",CONCATENATE($E$2," ",C80," ",$E$3," *",C82," *",F82,", ",$E$4," ",$C84)) | I91: FACTORES | J91: CLASIFICACIÓN
B94: RIESGO 6
B95: Árbol de problemas
C96: Seleccione
B97: Efecto Impacto (DAFP) | H97: QUE
G98: Si no existe un segundo efecto/consecuencia/causa coloque un espacio o un punto
B99: Efecto directo Consecuencias Causa inmediata (DAFP) | H99: COMO
B101: PROBLEMA CENTRAL Evento de riesgo Causa raiz (DAFP) - Punto crítico en el producto - | H101: POR QUÉ
B103: Causas
B105: Sub causas (desagregadas) - indicativas -
B107: REDACCIÓN DEL RIESGO | I107: Registrar información de acuerdo con tablas Factores y Clasificación-ver Fact-Clas RG
B108: =IF(OR(C97="",C99="",F99="",C101=""),"",CONCATENATE($E$2," ",C97," ",$E$3," *",C99," *",F99,", ",$E$4," ",$C101)) | I108: FACTORES | J108: CLASIFICACIÓN
B111: RIESGO 7
B112: Árbol de problemas
C113: Seleccione
B114: Efecto Impacto (DAFP) | H114: QUE
G115: Si no existe un segundo efecto/consecuencia/causa coloque un espacio o un punto
B116: Efecto directo Consecuencias Causa inmediata (DAFP) | H116: COMO
B118: PROBLEMA CENTRAL Evento de riesgo Causa raiz (DAFP) - Punto crítico en el producto - | H118: POR QUÉ
B120: Causas
B122: Sub causas (desagregadas) - indicativas -
B124: REDACCIÓN DEL RIESGO | I124: Registrar información de acuerdo con tablas Factores y Clasificación-ver Fact-Clas RG
B125: =IF(OR(C114="",C116="",F116="",C118=""),"",CONCATENATE($E$2," ",C114," ",$E$3," *",C116," *",F116,", ",$E$4," ",$C118)) | I125: FACTORES | J125: CLASIFICACIÓN
B128: RIESGO 8
B129: Árbol de problemas
C130: Seleccione
B131: Efecto Impacto (DAFP) | H131: QUE
G132: Si no existe un segundo efecto/consecuencia/causa coloque un espacio o un punto
B133: Efecto directo Consecuencias Causa inmediata (DAFP) | H133: COMO
B135: PROBLEMA CENTRAL Evento de riesgo Causa raiz (DAFP) - Punto crítico en el producto - | H135: POR QUÉ
B137: Causas
B139: Sub causas (desagregadas) - indicativas -
B141: REDACCIÓN DEL RIESGO | I141: Registrar información de acuerdo con tablas Factores y Clasificación-ver Fact-Clas RG
B142: =IF(OR(C131="",C133="",F133="",C135=""),"",CONCATENATE($E$2," ",C131," ",$E$3," *",C133," *",F133,", ",$E$4," ",$C135)) | I142: FACTORES | J142: CLASIFICACIÓN
B145: RIESGO 9
B146: Árbol de problemas
C147: Seleccione
B148: Efecto Impacto (DAFP) | H148: QUE
G149: Si no existe un segundo efecto/consecuencia/causa coloque un espacio o un punto
...

Sheet MR G-F-LA
D1: GESTIÓN DE LA MEJORA CONTINUA | BD1: Código: GMC-PR-02-FR-01
BD2: =Contexto!G2 -> Versión: 04
D3: MAPA DE RIESGOS DE GESTIÓN,FISCAL,LA/FT Y CORRUPCIÓN | BD3: =Contexto!G3 -> Fecha: 15/08/2025
BD4: Hoja 3 de 6
A6: MATRIZ DE RIESGOS DE GESTIÓN , FISCAL, LAVADO DE ACTIVOS Y FINANCIACIÓN DE TERRORISMO (LA/FT)
A8: PROCESO | B8: OBJETIVO ESTRATÉGICO | C8: OBJETIVO DEL PROCESO | D8: IDENTIFICACIÓN DEL RIESGO | N8: VALORACIÓN DEL RIESGO - ANÁLISIS DE RIESGO INHERENTE | X8: EVALUACIÓN DEL RIESGO - VALORACIÓN DE LOS CONTROLES | AS8: EVALUACIÓN DEL RIESGO - NIVEL DE RIESGO RESIDUAL | BB8: PLAN DE TRATAMIENTO O MANEJO DE RIESGOS | BF8: ACCIONES DE CONTIGENCIA
L9: Indicador clave asociado al riesgo | N9: PROBABILIDAD | P9: IMPACTO | X9: DESCRIPCIÓN DEL CONTROL | AS9: Controles preventivos y detectivos afectan la PROBABILIDAD | AV9: Controles correctivos afectan el IMPACTO
D10: CÓDIGO RG -Gestión - RF - Fiscal - RLA/FT + Nomenclatura del proceso + consecutivo | G10: Producto asociado | H10: Tipo de riesgo (Solo para activos de información) | I10: DESCRIPCIÓN DEL RIESGO -IR A LA HOJA ÁRBOL - Riesgos de Gestión - LA/FT: Posibilidad de afectación (qué)…por… (cómo)...debido a (por qué)" Riesgos Fiscal: Posibilidad de efecto dañoso sobre bienes públicos /recursos públicos o intereses patrimoniales qué)…por… (cómo)...debido a (por qué)" | J10: Asociado directamente al Objetivo Estratégico | K10: Causas (Solo para riesgos de gestión) | L10: Indicador clave -Solo RG- | M10: Meta -Solo RG- | N10: PROBABILIDAD INHERENTE | P10: Económico | R10: Reputacional | T10: IMPACTO INHERENTE El mayor dato entre Económico y Reputacional | W10: ZONA DE RIESGO INHERENTE | X10: No | Y10: Responsable | Z10: Periodicidad | AA10: Propósito | AB10: Cómo se realiza el contro | AC10: Observación o Desviación | AD10: Evidencia | AE10: CONTROL (Redactar un párrafo de control basándose en la información de las columnas Y a AD) | AF10: Control de línea de defensa -Responsable | AG10: Documento asociado - actividad | AH10: Afectación | AI10: Seleccione si el control Preventivo, Detectivo o Correctivo | AK10: Implementación | AM10: CALIFICACIÓN | AN10: Probabilidad Residual | AO10: Impacto Residual | AP10: Documentación | AQ10: Frecuencia | AR10: Evidencia | AS10: Probabilidad Inherente | AT10: Probabilidad Residual Final | AV10: Impacto Inherente | AW10: Impacto Residual Final | AY10: Zona de Riesgo Inherente | AZ10: ZONA DE RIESGO FINAL | BA10: TRATAMIENTO | BB10: ACTIVIDADES/PRODUCTO | BC10: RESPONSABLES | BD10: FECHA INICIO | BE10: FECHA FINAL
A11: Gestión de la Mejora Continua | B11: 2.Optimizar la gestión de la Secretaría Distrital de Cultura, Recreación y Deporte y de las entidades que conforman el sector, articulando e implementando procesos que den soluciones eficaces a las necesidades y expectativas de la ciudadanía. | C11: Liderar la mejora continua de los procesos, mediante la formulación, implementación y monitoreo de lineamientos, planes, políticas institucionales. Esto incluye el seguimiento de los instrumentos de gestión, la identificación de oportunidades de mejora, asegurando su eficacia y contribuyendo directamente al cumplimiento de los objetivos de la Secretaría Distrital de Cultura, Recreación y Deporte. | D11: RG | E11: GMC | F11: 1 | G11: Políticas MIPG (autodiagnósticos) Documentos del SG-MIPG Riesgos Planes de mejoramiento Indicadores de gestión | I11: Posibilidad de afectación reputacional por falencias recurrentes en la gestión, lo que se manifiesta en reprocesos, retrasos, incumplimiento de objetivos y un puntaje bajo en la Evaluación Independiente del Sistema de Control Interno , debido a dificultades en la apropiación efectiva del Sistema de Gestión por parte de la comunidad institucional | J11: SI | K11: =CONCATENATE(" *",'Identificación RG-RF-RLA-FT'!C16," *",'Identificación RG-RF-RLA-FT'!E16," *",'Identificación RG-RF-RLA-FT'!G16) -> *Falta revisión y análisis de informes de segunda linea de defensa por por parte de los interesados *Desconocimiento de los instrumentos de Gestión por parte de los enlaces del Sistema de Gestión MIPG *Debilidades en el método de asesoramiento para transferir los temas técnicos del Sistema de Gestión MIPG | L11: Evaluación indenpendiente del Sistema de Control Interno - semestral | M11: 0.85 | N11: Alta | O11: =IF(N11="Muy Alta",100%,IF(N11="Alta",80%,IF(N11="Media",60%,IF(N11="Baja",40%,IF(N11="Muy Baja",20%,""))))) -> 0.8 | P11: Leve | Q11: =IF(P11="Catastrófico",100%,IF(P11="Mayor",80%,IF(P11="Moderado",60%,IF(P11="Menor",40%,IF(P11="Leve",20%,""))))) -> 0.2 | R11: Moderado | S11: =IF(R11="Catastrófico",100%,IF(R11="Mayor",80%,IF(R11="Moderado",60%,IF(R11="Menor",40%,IF(R11="Leve",20%,""))))) -> 0.6 | T11: =IF(U11=100%,"Catastrófico",IF(U11=80%,"Mayor",IF(U11=60%,"Moderado",IF(U11=40%,"Menor",IF(U11=20%,"Leve",""))))) -> Moderado | U11: =IF(AND(Q11="",S11=""),"",MAX(Q11,S11)) -> 0.6 | V11: =CONCATENATE(N11,T11) -> AltaModerado | W11: =IF(V11="Muy AltaLeve","Alto",IF(V11="Muy AltaMenor","Alto",IF(V11="Muy AltaModerado","Alto",IF(V11="Muy AltaMayor","Alto",IF(V11="Muy AltaCatastrófico","Extremo",IF(V11="AltaLeve","Moderado",IF(V11="AltaMenor","Moderado",IF(V11="AltaModerado","Alto",IF(V11="AltaMayor","Alto",IF(V11="AltaCatastrófico","Extremo",IF(V11="MediaLeve","Moderado",IF(V11="MediaMenor","Moderado",IF(V11="MediaModerado","Moderado",IF(V11="MediaMayor","Alto",IF(V11="MediaCatastrófico","Extremo",IF(V11="BajaLeve","Bajo",IF(V11="BajaMenor","Moderado",IF(V11="BajaModerado","Moderado",IF(V11="BajaMayor","Alto",IF(V11="BajaCatastrófico","Extremo",IF(V11="Muy BajaLeve","Bajo",IF(V11="Muy BajaMenor","Bajo",IF(V11="Muy BajaModerado","Moderado",IF(V11="Muy BajaMayor","Alto",IF(V11="Muy BajaCatastrófico","Extremo",""))))))))))))))))))))))))) -> Alto | X11: 1 | Y11: El profesional OAP- MIPG | Z11: cada vez que reciba una solicitud de trámite de documentos (Creación, Modificación o eliminación) | AA11: verificará que el documento cumpla con los criterios técnicos y los anexos correspondientes | AB11: Las revisiones del documento quedan en documento compartido en Drive y/o en GLPI | AC11: de no cumplir estos requisitos se remitirá las instrucciones de ajuste mediante la herramienta GLPI I, hasta asegurar el cumplimiento de los requisitos para finalizar la solicitud. | AD11: La evidencia de las revisiones queda en caso de GLPI. | AE11: El profesional OAP- MIPG, cada vez que reciba una solicitud de trámite de documentos (creación, modificación o eliminación), verificará que el documento cumpla con los criterios técnicos y los anexos correspondientes, las revisiones del documento quedan en documento compartido en Drive y/o en GLPI, de no cumplir estos requisitos se remitirá las instrucciones de ajuste mediante la herramienta GLPI, hasta asegurar el cumplimiento de los requisitos para finalizar la solicitud. La evidencia de las revisiones queda en el caso de GLPI. | AF11: Segunda línea | AG11: GMC-PR-01 CREACIÓN Y CONTROL DE DOCUMENTOS | AH11: =IF(OR(AI11="Preventivo",AI11="Detectivo"),"Probabilidad",IF(AI11="Correctivo","Impacto","")) -> Probabilidad | AI11: Preventivo | AJ11: =IF(AI11="","",IF(AI11="Preventivo",25%,IF(AI11="Detectivo",15%,IF(AI11="Correctivo",10%)))) -> 0.25 | AK11: Manual | AL11: =IF(AK11="Automático",25%,IF(AK11="Manual",15%,"")) -> 0.15 | AM11: =IF(OR(AJ11="",AL11=""),"",AJ11+AL11) -> 0.4 | AN11: =IFERROR(IF(AH11="Probabilidad",(O11-(+O11*AM11)),IF(AH11="Impacto",O11,"")),"") -> 0.48 | AO11: =IFERROR(IF(AH11="Impacto",(U11-(U11*AM11)),IF(AH11="Probabilidad",U11,"")),"") -> 0.6 | AS11: =O11 -> 0.8 | AT11: =IF(AN11="","",MIN(AN11:AN16)) -> 0.12096 | AU11: =IFERROR(IF(AT11="","",IF(AT11<=0.2,"Muy Baja",IF(AT11<=0.4,"Baja",IF(AT11<=0.6,"Media",IF(AT11<=0.8,"Alta","Muy Alta"))))),"") -> Muy Baja | AV11: =U11 -> 0.6 | AW11: =IF(AO11="","",MIN(AO11:AO16)) -> 0.6 | AX11: =IFERROR(IF(AW11="","",IF(AW11<=0.2,"Leve",IF(AW11<=0.4,"Menor",IF(AW11<=0.6,"Moderado",IF(AW11<=0.8,"Mayor","Catastrófico"))))),"") -> Moderado | AY11: =W11 -> Alto | AZ11: =IFERROR(IF(OR(AND(AU11="Muy Baja",AX11="Leve"),AND(AU11="Muy Baja",AX11="Menor"),AND(AU11="Baja",AX11="Leve")),"Bajo",IF(OR(AND(AU11="Muy baja",AX11="Moderado"),AND(AU11="Baja",AX11="Menor"),AND(AU11="Baja",AX11="Moderado"),AND(AU11="Media",AX11="Leve"),AND(AU11="Media",AX11="Menor"),AND(AU11="Media",AX11="Moderado"),AND(AU11="Alta",AX11="Leve"),AND(AU11="Alta",AX11="Menor")),"Moderado",IF(OR(AND(AU11="Muy Baja",AX11="Mayor"),AND(AU11="Baja",AX11="Mayor"),AND(AU11="Media",AX11="Mayor"),AND(AU11="Alta",AX11="Moderado"),AND(AU11="Alta",AX11="Mayor"),AND(AU11="Muy Alta",AX11="Leve"),AND(AU11="Muy Alta",AX11="Menor"),AND(AU11="Muy Alta",AX11="Moderado"),AND(AU11="Muy Alta",AX11="Mayor")),"Alto",IF(OR(AND(AU11="Muy Baja",AX11="Catastrófico"),AND(AU11="Baja",AX11="Catastrófico"),AND(AU11="Media",AX11="Catastrófico"),AND(AU11="Alta",AX11="Catastrófico"),AND(AU11="Muy Alta",AX11="Catastrófico")),"Extremo","")))),"") -> Moderado | BA11: Reducir | BB11: Implementación de un Tablero de control institucional (Dashboard) para la gestión, seguimiento de hallazgos y recomendaciones de la Mejora continua que permita la mitigación de fallas operativas y fortalecimiento del Control Interno. 1. Identificar las fuentes de información (bases de datos, reportes de PQRS, informes de auditoría) que alimentan presenten los reprocesos, retrasos e incumplimientos. Producto: Historia de usuario del Tablero de Control 2. Diseñar el tablero de control y estructurar los indicadores que permitirán visualizar el estado real de la gestión institucional y las brechas de control interno. Producto: Boceto de tablero de control 3. Construir y cargar los datos en la herramienta tecnológica para validar la integridad de la información y la generación de alertas. Producto: Enlace de tablero de control - primera versión 4. Puesta en marcha oficial de la herramienta Producto: Acta de Socialización y Guía de Uso del Tablero | BC11: Equipo MIPG OAP | BD11: 1.02/02/2026 2.15/04/2026 3.06/07/2026 4.15/09/2026 | BE11: 1.15/04/2026 2. 26/06/2026 3.11/09/2026 4.30/10/2026 | BF11: 1. Informar de materizalización de riesgo por correo a la OAP y la OCI, relacionando la situación prestanda y las acciones a tomar 2. Formular acción correctiva en la cual, se convoque a equipo MIPG que deberá dedicarse a identificar las causas específicas de las falencias y los retrasos. Esto puede incluir un análisis de los procesos, una evaluación de la capacitación del personal y una revisión de la apropiación del Sistema de Gestión. 3.Se debe convocar de inmediato al equipo de MIPG (. La prioridad es centralizar la información y coordinar una respuesta unificada. Comunicación interna: Informar a la comunidad institucional sobre la situación de manera transparente. Esto evita rumores y demuestra que se está tomando el problema en serio. Se debe reforzar el rol de los líderesde porcesos y gestores de MIPG para que sean voceros del cambio. 4.Se debe establecer un sistema de seguimiento semanal o quincenal para monitorear el progreso de las acciones correctivas. Esto permite detectar problemas a tiempo y mostrar resultados a la comunidad interna y externa. 5.Actualizar el mapa de riesgos con las lecciones aprendidas de esta crisis, fortaleciendo los controles preventivos y las acciones de contingencia para evitar una recurrencia.
X12: 2 | Y12: El profesional OAP- MIPG | Z12: cada vez que la OCI registre los hallazgos en el módulo de control Interno | AA12: Posterior a los 10 días del informe final de auditoría verifica la formulación de los planes de mejoramiento | AB12: Se revisa que contenga el análisis de causas y este diligenciado completamente y se haya realizado el registro de plan (actividad, meta, responsable, indicador y evidencias) | AC12: En caso de identificar inconsistencias o áreas de mejora, registra sus observaciones y recomendaciones en el módulo, según el instructivo GMC-IT-01 | AD12: La evidencia de las observaciones se evidencian en el módulo de Planes de Mejoramiento | AE12: El profesional OAP- MIPG cada vez que la OCI registra los hallazgos en el módulo de control Interno posterior a los 10 días del informe final de auditoría, verifica la formulación de los planes de mejoramiento y revisa que contenga el análisis de causas y este diligenciado completamente y se haya realizado el registro de plan (actividad, meta, responsable, indicador y evidencias) .En caso de identificar inconsistencias o áreas de mejora, registra sus observaciones y recomendaciones en el módulo, según el instructivo GMC-IT-01. La evidencia de las observaciones se evidencian en el módulo de Planes de Mejoramiento | AF12: Segunda línea | AG12: GMC-PR-04 Formulación seguimiento y evaluación a planes de mejoramiento | AH12: =IF(OR(AI12="Preventivo",AI12="Detectivo"),"Probabilidad",IF(AI12="Correctivo","Impacto","")) -> Probabilidad | AI12: Preventivo | AJ12: =IF(AI12="","",IF(AI12="Preventivo",25%,IF(AI12="Detectivo",15%,IF(AI12="Correctivo",10%)))) -> 0.25 | AK12: Manual | AL12: =IF(AK12="Automático",25%,IF(AK12="Manual",15%,"")) -> 0.15 | AM12: =IF(OR(AJ12="",AL12=""),"",AJ12+AL12) -> 0.4 | AN12: =IFERROR(IF(AND(AH11="Probabilidad",AH12="Probabilidad"),(AN11-(+AN11*AM12)),IF(AH12="Probabilidad",(O11-(+O11*AM12)),IF(AH12="Impacto",AN11,""))),"") -> 0.288 | AO12: =IFERROR(IF(AND(AH11="Impacto",AH12="Impacto"),(AO11-(+AO11*AM12)),IF(AH12="Impacto",(U11-(+U11*AM12)),IF(AH12="Probabilidad",AO11,""))),"") -> 0.6
X13: 3 | Y13: El profesional designado por la OAP-OTI | Z13: cada vez que reciba una solicitud | AA13: revisar la coherencia en la aplicación de la metodología, en la identificación, análisis, valoración y tratamiento del riesgo | AB13: verificando el correcto diligenciamiento del mapa de riesgos | AC13: de no cumplir con las condiciones metodológicas se realizará las observaciones correspondientes y se devolverá al proceso para su ajustes | AD13: se evidencia en la trazabilidad del caso GLPI. | AE13: El profesional designado por la OAP-OTI, cada vez que se reciba una solicitud de caso GLPI para (Crear, modificar o eliminar) debe revisar la coherencia en la aplicación de la metodología, en la identificación, análisis, valoración y tratamiento del riesgo , verificando el correcto diligenciamiento del mapa de riesgos, de no cumplir con las condiciones metodológicas se realizará las observaciones correspondientes y se devolverá al proceso para su ajustes. Lo anterior, se evidencia en la trazabilidad del caso GLPI. | AF13: Segunda línea | AG13: GMC-PR-02 Gestión de riesgos de corrupción, seguridad de la información, gestión, fiscal y LA/FT | AH13: =IF(OR(AI13="Preventivo",AI13="Detectivo"),"Probabilidad",IF(AI13="Correctivo","Impacto","")) -> Probabilidad | AI13: Preventivo | AJ13: =IF(AI13="","",IF(AI13="Preventivo",25%,IF(AI13="Detectivo",15%,IF(AI13="Correctivo",10%)))) -> 0.25 | AK13: Manual | AL13: =IF(AK13="Automático",25%,IF(AK13="Manual",15%,"")) -> 0.15 | AM13: =IF(OR(AJ13="",AL13=""),"",AJ13+AL13) -> 0.4 | AN13: =IFERROR(IF(AND(AH12="Probabilidad",AH13="Probabilidad"),(AN12-(+AN12*AM13)),IF(AND(AH12="Impacto",AH13="Probabilidad"),(AN11-(+AN11*AM13)),IF(AH13="Impacto",AN12,""))),"") -> 0.1728 | AO13: =IFERROR(IF(AND(AH12="Impacto",AH13="Impacto"),(AO12-(+AO12*AM13)),IF(AND(AH12="Probabilidad",AH13="Impacto"),(AO11-(+AO11*AM13)),IF(AH13="Probabilidad",AO12,""))),"") -> 0.6
X14: 4 | Y14: El profesional OAP- MIPG | Z14: Informe Trimestral | AA14: Realizar el monitoreo y análisis trimestral de los indicadores de gestión institucionales para evaluar el cumplimiento de metas, identificar desviaciones, generar alertas tempranas que puedan afectar el logro de objetivos, y proporcionar información confiable para la toma de decisiones estrategicas. | AB14: La Oficina Asesora de Planeación consolida la información reportada por los procesos a través del sistema CultuRed, verifica la consistencia de datos mediante cruce con evidencias radicadas en Orfeo, valida el cumplimiento de rangos de gestión establecidos (satisfactorio, aceptable, crítico), analiza tendencias históricas, evalúa la calidad de las fuentes de verificación, y elabora el informe trimestral con análisis cualitativo y cuantitativo de cada indicador, incluyendo recomendaciones específicas para cada proceso. | AC14: Cuando se identifican indicadores en rango crítico, información inconsistente, ausencia de evidencias, desviaciones significativas respecto a metas programadas, o reportes extemporáneos, la OAP documenta la observación en el informe trimestral, solicita alcances a los procesos involucrados, establece recomendaciones específicas, y en casos críticos solicita acciones de mejora e implementación de medidas correctivas. | AD14: La evidencia se sustenta en el informe trimestral consolidado, publicado en el link de transparencia del sitio web institucional, radicado en ORFEO y socializado mediante el correo institucional. | AE14: El profesional OAP-MIPG de manera trimestral, realiza un informe consolidado que sistematiza y valida los datos de los indicadores de gestión cargados en CultuRed contra las evidencias radicadas en Orfeo; verifica el cumplimiento de los rangos de gestión (satisfactorio, aceptable, crítico), analiza tendencias históricas y documenta cualquier inconsistencia, desviación o falta de evidencia, para luego emitir recomendaciones y solicitar acciones correctivas. La totalidad de la información y las observaciones quedan registradas en el informe, publicado en el portal de transparencia institucional, radicado en Orfeo y difundido por correo institucional. | AF14: Segunda línea | AG14: DES-PR-04 Procedimiento Administración de Indicadores | AH14: =IF(OR(AI14="Preventivo",AI14="Detectivo"),"Probabilidad",IF(AI14="Correctivo","Impacto","")) -> Probabilidad | AI14: Detectivo | AJ14: =IF(AI14="","",IF(AI14="Preventivo",25%,IF(AI14="Detectivo",15%,IF(AI14="Correctivo",10%)))) -> 0.15 | AK14: Manual | AL14: =IF(AK14="Automático",25%,IF(AK14="Manual",15%,"")) -> 0.15 | AM14: =IF(OR(AJ14="",AL14=""),"",AJ14+AL14) -> 0.3 | AN14: =IFERROR(IF(AND(AH13="Probabilidad",AH14="Probabilidad"),(AN13-(+AN13*AM14)),IF(AND(AH13="Impacto",AH14="Probabilidad"),(AN12-(+AN12*AM14)),IF(AH14="Impacto",AN13,""))),"") -> 0.12096 | AO14: =IFERROR(IF(AND(AH13="Impacto",AH14="Impacto"),(AO13-(+AO13*AM14)),IF(AND(AH13="Probabilidad",AH14="Impacto"),(AO12-(+AO12*AM14)),IF(AH14="Probabilidad",AO13,""))),"") -> 0.6
X15: 5 | AH15: =IF(OR(AI15="Preventivo",AI15="Detectivo"),"Probabilidad",IF(AI15="Correctivo","Impacto","")) | AJ15: =IF(AI15="","",IF(AI15="Preventivo",25%,IF(AI15="Detectivo",15%,IF(AI15="Correctivo",10%)))) | AL15: =IF(AK15="Automático",25%,IF(AK15="Manual",15%,"")) | AM15: =IF(OR(AJ15="",AL15=""),"",AJ15+AL15) | AN15: =IFERROR(IF(AND(AH14="Probabilidad",AH15="Probabilidad"),(AN14-(+AN14*AM15)),IF(AND(AH14="Impacto",AH15="Probabilidad"),(AN13-(+AN13*AM15)),IF(AH15="Impacto",AN14,""))),"") | AO15: =IFERROR(IF(AND(AH14="Impacto",AH15="Impacto"),(AO14-(+AO14*AM15)),IF(AND(AH14="Probabilidad",AH15="Impacto"),(AO13-(+AO13*AM15)),IF(AH15="Probabilidad",AO14,""))),"")
X16: 6 | AH16: =IF(OR(AI16="Preventivo",AI16="Detectivo"),"Probabilidad",IF(AI16="Correctivo","Impacto","")) | AJ16: =IF(AI16="","",IF(AI16="Preventivo",25%,IF(AI16="Detectivo",15%,IF(AI16="Correctivo",10%)))) | AL16: =IF(AK16="Automático",25%,IF(AK16="Manual",15%,"")) | AM16: =IF(OR(AJ16="",AL16=""),"",AJ16+AL16) | AN16: =IFERROR(IF(AND(AH15="Probabilidad",AH16="Probabilidad"),(AN15-(+AN15*AM16)),IF(AND(AH15="Impacto",AH16="Probabilidad"),(AN14-(+AN14*AM16)),IF(AH16="Impacto",AN15,""))),"") | AO16: =IFERROR(IF(AND(AH15="Impacto",AH16="Impacto"),(AO15-(+AO15*AM16)),IF(AND(AH15="Probabilidad",AH16="Impacto"),(AO14-(+AO14*AM16)),IF(AH16="Probabilidad",AO15,""))),"")
K17: =CONCATENATE(" *",'Identificación RG-RF-RLA-FT'!C34," *",'Identificación RG-RF-RLA-FT'!E34," *",'Identificación RG-RF-RLA-FT'!G34) -> * * * | O17: =IF(N17="Muy Alta",100%,IF(N17="Alta",80%,IF(N17="Media",60%,IF(N17="Baja",40%,IF(N17="Muy Baja",20%,""))))) | Q17: =IF(P17="Catastrófico",100%,IF(P17="Mayor",80%,IF(P17="Moderado",60%,IF(P17="Menor",40%,IF(P17="Leve",20%,""))))) | S17: =IF(R17="Catastrófico",100%,IF(R17="Mayor",80%,IF(R17="Moderado",60%,IF(R17="Menor",40%,IF(R17="Leve",20%,""))))) | T17: =IF(U17=100%,"Catastrófico",IF(U17=80%,"Mayor",IF(U17=60%,"Moderado",IF(U17=40%,"Menor",IF(U17=20%,"Leve",""))))) | U17: =IF(AND(Q17="",S17=""),"",MAX(Q17,S17)) | V17: =CONCATENATE(N17,T17) | W17: =IF(V17="Muy AltaLeve","Alto",IF(V17="Muy AltaMenor","Alto",IF(V17="Muy AltaModerado","Alto",IF(V17="Muy AltaMayor","Alto",IF(V17="Muy AltaCatastrófico","Extremo",IF(V17="AltaLeve","Moderado",IF(V17="AltaMenor","Moderado",IF(V17="AltaModerado","Alto",IF(V17="AltaMayor","Alto",IF(V17="AltaCatastrófico","Extremo",IF(V17="MediaLeve","Moderado",IF(V17="MediaMenor","Moderado",IF(V17="MediaModerado","Moderado",IF(V17="MediaMayor","Alto",IF(V17="MediaCatastrófico","Extremo",IF(V17="BajaLeve","Bajo",IF(V17="BajaMenor","Moderado",IF(V17="BajaModerado","Moderado",IF(V17="BajaMayor","Alto",IF(V17="BajaCatastrófico","Extremo",IF(V17="Muy BajaLeve","Bajo",IF(V17="Muy BajaMenor","Bajo",IF(V17="Muy BajaModerado","Moderado",IF(V17="Muy BajaMayor","Alto",IF(V17="Muy BajaCatastrófico","Extremo",""))))))))))))))))))))))))) | X17: 1 | AH17: =IF(OR(AI17="Preventivo",AI17="Detectivo"),"Probabilidad",IF(AI17="Correctivo","Impacto","")) | AJ17: =IF(AI17="","",IF(AI17="Preventivo",25%,IF(AI17="Detectivo",15%,IF(AI17="Correctivo",10%)))) | AL17: =IF(AK17="Automático",25%,IF(AK17="Manual",15%,"")) | AM17: =IF(OR(AJ17="",AL17=""),"",AJ17+AL17) | AN17: =IFERROR(IF(AH17="Probabilidad",(O17-(+O17*AM17)),IF(AH17="Impacto",O17,"")),"") | AO17: =IFERROR(IF(AH17="Impacto",(U17-(+U17*AM17)),IF(AH17="Probabilidad",U17,"")),"") | AS17: =O17 | AT17: =IF(AN17="","",MIN(AN17:AN22)) | AU17: =IFERROR(IF(AT17="","",IF(AT17<=0.2,"Muy Baja",IF(AT17<=0.4,"Baja",IF(AT17<=0.6,"Media",IF(AT17<=0.8,"Alta","Muy Alta"))))),"") | AV17: =U17 | AW17: =IF(AO17="","",MIN(AO17:AO22)) | AX17: =IFERROR(IF(AW17="","",IF(AW17<=0.2,"Leve",IF(AW17<=0.4,"Menor",IF(AW17<=0.6,"Moderado",IF(AW17<=0.8,"Mayor","Catastrófico"))))),"") | AY17: =W17 | AZ17: =IFERROR(IF(OR(AND(AU17="Muy Baja",AX17="Leve"),AND(AU17="Muy Baja",AX17="Menor"),AND(AU17="Baja",AX17="Leve")),"Bajo",IF(OR(AND(AU17="Muy baja",AX17="Moderado"),AND(AU17="Baja",AX17="Menor"),AND(AU17="Baja",AX17="Moderado"),AND(AU17="Media",AX17="Leve"),AND(AU17="Media",AX17="Menor"),AND(AU17="Media",AX17="Moderado"),AND(AU17="Alta",AX17="Leve"),AND(AU17="Alta",AX17="Menor")),"Moderado",IF(OR(AND(AU17="Muy Baja",AX17="Mayor"),AND(AU17="Baja",AX17="Mayor"),AND(AU17="Media",AX17="Mayor"),AND(AU17="Alta",AX17="Moderado"),AND(AU17="Alta",AX17="Mayor"),AND(AU17="Muy Alta",AX17="Leve"),AND(AU17="Muy Alta",AX17="Menor"),AND(AU17="Muy Alta",AX17="Moderado"),AND(AU17="Muy Alta",AX17="Mayor")),"Alto",IF(OR(AND(AU17="Muy Baja",AX17="Catastrófico"),AND(AU17="Baja",AX17="Catastrófico"),AND(AU17="Media",AX17="Catastrófico"),AND(AU17="Alta",AX17="Catastrófico"),AND(AU17="Muy Alta",AX17="Catastrófico")),"Extremo","")))),"")
X18: 2 | AH18: =IF(OR(AI18="Preventivo",AI18="Detectivo"),"Probabilidad",IF(AI18="Correctivo","Impacto","")) | AJ18: =IF(AI18="","",IF(AI18="Preventivo",25%,IF(AI18="Detectivo",15%,IF(AI18="Correctivo",10%)))) | AL18: =IF(AK18="Automático",25%,IF(AK18="Manual",15%,"")) | AM18: =IF(OR(AJ18="",AL18=""),"",AJ18+AL18) | AN18: =IFERROR(IF(AND(AH17="Probabilidad",AH18="Probabilidad"),(AN17-(+AN17*AM18)),IF(AH18="Probabilidad",(O17-(+O17*AM18)),IF(AH18="Impacto",AN17,""))),"") | AO18: =IFERROR(IF(AND(AH17="Impacto",AH18="Impacto"),(AO17-(+AO17*AM18)),IF(AH18="Impacto",(U17-(+U17*AM18)),IF(AH18="Probabilidad",AO17,""))),"")
X19: 3 | AH19: =IF(OR(AI19="Preventivo",AI19="Detectivo"),"Probabilidad",IF(AI19="Correctivo","Impacto","")) | AJ19: =IF(AI19="","",IF(AI19="Preventivo",25%,IF(AI19="Detectivo",15%,IF(AI19="Correctivo",10%)))) | AL19: =IF(AK19="Automático",25%,IF(AK19="Manual",15%,"")) | AM19: =IF(OR(AJ19="",AL19=""),"",AJ19+AL19) | AN19: =IFERROR(IF(AND(AH18="Probabilidad",AH19="Probabilidad"),(AN18-(+AN18*AM19)),IF(AND(AH18="Impacto",AH19="Probabilidad"),(AN17-(+AN17*AM19)),IF(AH19="Impacto",AN18,""))),"") | AO19: =IFERROR(IF(AND(AH18="Impacto",AH19="Impacto"),(AO18-(+AO18*AM19)),IF(AND(AH18="Probabilidad",AH19="Impacto"),(AO17-(+AO17*AM19)),IF(AH19="Probabilidad",AO18,""))),"")
X20: 4 | AH20: =IF(OR(AI20="Preventivo",AI20="Detectivo"),"Probabilidad",IF(AI20="Correctivo","Impacto","")) | AJ20: =IF(AI20="","",IF(AI20="Preventivo",25%,IF(AI20="Detectivo",15%,IF(AI20="Correctivo",10%)))) | AL20: =IF(AK20="Automático",25%,IF(AK20="Manual",15%,"")) | AM20: =IF(OR(AJ20="",AL20=""),"",AJ20+AL20) | AN20: =IFERROR(IF(AND(AH19="Probabilidad",AH20="Probabilidad"),(AN19-(+AN19*AM20)),IF(AND(AH19="Impacto",AH20="Probabilidad"),(AN18-(+AN18*AM20)),IF(AH20="Impacto",AN19,""))),"") | AO20: =IFERROR(IF(AND(AH19="Impacto",AH20="Impacto"),(AO19-(+AO19*AM20)),IF(AND(AH19="Probabilidad",AH20="Impacto"),(AO18-(+AO18*AM20)),IF(AH20="Probabilidad",AO19,""))),"")
X21: 5 | AH21: =IF(OR(AI21="Preventivo",AI21="Detectivo"),"Probabilidad",IF(AI21="Correctivo","Impacto","")) | AJ21: =IF(AI21="","",IF(AI21="Preventivo",25%,IF(AI21="Detectivo",15%,IF(AI21="Correctivo",10%)))) | AL21: =IF(AK21="Automático",25%,IF(AK21="Manual",15%,"")) | AM21: =IF(OR(AJ21="",AL21=""),"",AJ21+AL21) | AN21: =IFERROR(IF(AND(AH20="Probabilidad",AH21="Probabilidad"),(AN20-(+AN20*AM21)),IF(AND(AH20="Impacto",AH21="Probabilidad"),(AN19-(+AN19*AM21)),IF(AH21="Impacto",AN20,""))),"") | AO21: =IFERROR(IF(AND(AH20="Impacto",AH21="Impacto"),(AO20-(+AO20*AM21)),IF(AND(AH20="Probabilidad",AH21="Impacto"),(AO19-(+AO19*AM21)),IF(AH21="Probabilidad",AO20,""))),"")
X22: 6 | AH22: =IF(OR(AI22="Preventivo",AI22="Detectivo"),"Probabilidad",IF(AI22="Correctivo","Impacto","")) | AJ22: =IF(AI22="","",IF(AI22="Preventivo",25%,IF(AI22="Detectivo",15%,IF(AI22="Correctivo",10%)))) | AL22: =IF(AK22="Automático",25%,IF(AK22="Manual",15%,"")) | AM22: =IF(OR(AJ22="",AL22=""),"",AJ22+AL22) | AN22: =IFERROR(IF(AND(AH21="Probabilidad",AH22="Probabilidad"),(AN21-(+AN21*AM22)),IF(AND(AH21="Impacto",AH22="Probabilidad"),(AN20-(+AN20*AM22)),IF(AH22="Impacto",AN21,""))),"") | AO22: =IFERROR(IF(AND(AH21="Impacto",AH22="Impacto"),(AO21-(+AO21*AM22)),IF(AND(AH21="Probabilidad",AH22="Impacto"),(AO20-(+AO20*AM22)),IF(AH22="Probabilidad",AO21,""))),"")
K23: =CONCATENATE(" *",'Identificación RG-RF-RLA-FT'!C52," *",'Identificación RG-RF-RLA-FT'!E52," *",'Identificación RG-RF-RLA-FT'!G52) -> * * * | O23: =IF(N23="Muy Alta",100%,IF(N23="Alta",80%,IF(N23="Media",60%,IF(N23="Baja",40%,IF(N23="Muy Baja",20%,""))))) | Q23: =IF(P23="Catastrófico",100%,IF(P23="Mayor",80%,IF(P23="Moderado",60%,IF(P23="Menor",40%,IF(P23="Leve",20%,""))))) | S23: =IF(R23="Catastrófico",100%,IF(R23="Mayor",80%,IF(R23="Moderado",60%,IF(R23="Menor",40%,IF(R23="Leve",20%,""))))) | T23: =IF(U23=100%,"Catastrófico",IF(U23=80%,"Mayor",IF(U23=60%,"Moderado",IF(U23=40%,"Menor",IF(U23=20%,"Leve",""))))) | U23: =IF(AND(Q23="",S23=""),"",MAX(Q23,S23)) | V23: =CONCATENATE(N23,T23) | W23: =IF(V23="Muy AltaLeve","Alto",IF(V23="Muy AltaMenor","Alto",IF(V23="Muy AltaModerado","Alto",IF(V23="Muy AltaMayor","Alto",IF(V23="Muy AltaCatastrófico","Extremo",IF(V23="AltaLeve","Moderado",IF(V23="AltaMenor","Moderado",IF(V23="AltaModerado","Alto",IF(V23="AltaMayor","Alto",IF(V23="AltaCatastrófico","Extremo",IF(V23="MediaLeve","Moderado",IF(V23="MediaMenor","Moderado",IF(V23="MediaModerado","Moderado",IF(V23="MediaMayor","Alto",IF(V23="MediaCatastrófico","Extremo",IF(V23="BajaLeve","Bajo",IF(V23="BajaMenor","Moderado",IF(V23="BajaModerado","Moderado",IF(V23="BajaMayor","Alto",IF(V23="BajaCatastrófico","Extremo",IF(V23="Muy BajaLeve","Bajo",IF(V23="Muy BajaMenor","Bajo",IF(V23="Muy BajaModerado","Moderado",IF(V23="Muy BajaMayor","Alto",IF(V23="Muy BajaCatastrófico","Extremo",""))))))))))))))))))))))))) | X23: 1 | AH23: =IF(OR(AI23="Preventivo",AI23="Detectivo"),"Probabilidad",IF(AI23="Correctivo","Impacto","")) | AJ23: =IF(AI23="","",IF(AI23="Preventivo",25%,IF(AI23="Detectivo",15%,IF(AI23="Correctivo",10%)))) | AL23: =IF(AK23="Automático",25%,IF(AK23="Manual",15%,"")) | AM23: =IF(OR(AJ23="",AL23=""),"",AJ23+AL23) | AN23: =IFERROR(IF(AH23="Probabilidad",(O23-(+O23*AM23)),IF(AH23="Impacto",O23,"")),"") | AO23: =IFERROR(IF(AH23="Impacto",(U23-(+U23*AM23)),IF(AH23="Probabilidad",U23,"")),"") | AS23: =O23 | AT23: =IF(AN23="","",MIN(AN23:AN28)) | AU23: =IFERROR(IF(AT23="","",IF(AT23<=0.2,"Muy Baja",IF(AT23<=0.4,"Baja",IF(AT23<=0.6,"Media",IF(AT23<=0.8,"Alta","Muy Alta"))))),"") | AV23: =U23 | AW23: =IF(AO23="","",MIN(AO23:AO28)) | AX23: =IFERROR(IF(AW23="","",IF(AW23<=0.2,"Leve",IF(AW23<=0.4,"Menor",IF(AW23<=0.6,"Moderado",IF(AW23<=0.8,"Mayor","Catastrófico"))))),"") | AY23: =W23 | AZ23: =IFERROR(IF(OR(AND(AU23="Muy Baja",AX23="Leve"),AND(AU23="Muy Baja",AX23="Menor"),AND(AU23="Baja",AX23="Leve")),"Bajo",IF(OR(AND(AU23="Muy baja",AX23="Moderado"),AND(AU23="Baja",AX23="Menor"),AND(AU23="Baja",AX23="Moderado"),AND(AU23="Media",AX23="Leve"),AND(AU23="Media",AX23="Menor"),AND(AU23="Media",AX23="Moderado"),AND(AU23="Alta",AX23="Leve"),AND(AU23="Alta",AX23="Menor")),"Moderado",IF(OR(AND(AU23="Muy Baja",AX23="Mayor"),AND(AU23="Baja",AX23="Mayor"),AND(AU23="Media",AX23="Mayor"),AND(AU23="Alta",AX23="Moderado"),AND(AU23="Alta",AX23="Mayor"),AND(AU23="Muy Alta",AX23="Leve"),AND(AU23="Muy Alta",AX23="Menor"),AND(AU23="Muy Alta",AX23="Moderado"),AND(AU23="Muy Alta",AX23="Mayor")),"Alto",IF(OR(AND(AU23="Muy Baja",AX23="Catastrófico"),AND(AU23="Baja",AX23="Catastrófico"),AND(AU23="Media",AX23="Catastrófico"),AND(AU23="Alta",AX23="Catastrófico"),AND(AU23="Muy Alta",AX23="Catastrófico")),"Extremo","")))),"")
X24: 2 | AH24: =IF(OR(AI24="Preventivo",AI24="Detectivo"),"Probabilidad",IF(AI24="Correctivo","Impacto","")) | AJ24: =IF(AI24="","",IF(AI24="Preventivo",25%,IF(AI24="Detectivo",15%,IF(AI24="Correctivo",10%)))) | AL24: =IF(AK24="Automático",25%,IF(AK24="Manual",15%,"")) | AM24: =IF(OR(AJ24="",AL24=""),"",AJ24+AL24) | AN24: =IFERROR(IF(AND(AH23="Probabilidad",AH24="Probabilidad"),(AN23-(+AN23*AM24)),IF(AH24="Probabilidad",(O23-(+O23*AM24)),IF(AH24="Impacto",AN23,""))),"") | AO24: =IFERROR(IF(AND(AH23="Impacto",AH24="Impacto"),(AO23-(+AO23*AM24)),IF(AH24="Impacto",(U23-(+U23*AM24)),IF(AH24="Probabilidad",AO23,""))),"")
X25: 3 | AH25: =IF(OR(AI25="Preventivo",AI25="Detectivo"),"Probabilidad",IF(AI25="Correctivo","Impacto","")) | AJ25: =IF(AI25="","",IF(AI25="Preventivo",25%,IF(AI25="Detectivo",15%,IF(AI25="Correctivo",10%)))) | AL25: =IF(AK25="Automático",25%,IF(AK25="Manual",15%,"")) | AM25: =IF(OR(AJ25="",AL25=""),"",AJ25+AL25) | AN25: =IFERROR(IF(AND(AH24="Probabilidad",AH25="Probabilidad"),(AN24-(+AN24*AM25)),IF(AND(AH24="Impacto",AH25="Probabilidad"),(AN23-(+AN23*AM25)),IF(AH25="Impacto",AN24,""))),"") | AO25: =IFERROR(IF(AND(AH24="Impacto",AH25="Impacto"),(AO24-(+AO24*AM25)),IF(AND(AH24="Probabilidad",AH25="Impacto"),(AO23-(+AO23*AM25)),IF(AH25="Probabilidad",AO24,""))),"")
X26: 4 | AH26: =IF(OR(AI26="Preventivo",AI26="Detectivo"),"Probabilidad",IF(AI26="Correctivo","Impacto","")) | AJ26: =IF(AI26="","",IF(AI26="Preventivo",25%,IF(AI26="Detectivo",15%,IF(AI26="Correctivo",10%)))) | AL26: =IF(AK26="Automático",25%,IF(AK26="Manual",15%,"")) | AM26: =IF(OR(AJ26="",AL26=""),"",AJ26+AL26) | AN26: =IFERROR(IF(AND(AH25="Probabilidad",AH26="Probabilidad"),(AN25-(+AN25*AM26)),IF(AND(AH25="Impacto",AH26="Probabilidad"),(AN24-(+AN24*AM26)),IF(AH26="Impacto",AN25,""))),"") | AO26: =IFERROR(IF(AND(AH25="Impacto",AH26="Impacto"),(AO25-(+AO25*AM26)),IF(AND(AH25="Probabilidad",AH26="Impacto"),(AO24-(+AO24*AM26)),IF(AH26="Probabilidad",AO25,""))),"")
X27: 5 | AH27: =IF(OR(AI27="Preventivo",AI27="Detectivo"),"Probabilidad",IF(AI27="Correctivo","Impacto","")) | AJ27: =IF(AI27="","",IF(AI27="Preventivo",25%,IF(AI27="Detectivo",15%,IF(AI27="Correctivo",10%)))) | AL27: =IF(AK27="Automático",25%,IF(AK27="Manual",15%,"")) | AM27: =IF(OR(AJ27="",AL27=""),"",AJ27+AL27) | AN27: =IFERROR(IF(AND(AH26="Probabilidad",AH27="Probabilidad"),(AN26-(+AN26*AM27)),IF(AND(AH26="Impacto",AH27="Probabilidad"),(AN25-(+AN25*AM27)),IF(AH27="Impacto",AN26,""))),"") | AO27: =IFERROR(IF(AND(AH26="Impacto",AH27="Impacto"),(AO26-(+AO26*AM27)),IF(AND(AH26="Probabilidad",AH27="Impacto"),(AO25-(+AO25*AM27)),IF(AH27="Probabilidad",AO26,""))),"")
X28: 6 | AH28: =IF(OR(AI28="Preventivo",AI28="Detectivo"),"Probabilidad",IF(AI28="Correctivo","Impacto","")) | AJ28: =IF(AI28="","",IF(AI28="Preventivo",25%,IF(AI28="Detectivo",15%,IF(AI28="Correctivo",10%)))) | AL28: =IF(AK28="Automático",25%,IF(AK28="Manual",15%,"")) | AM28: =IF(OR(AJ28="",AL28=""),"",AJ28+AL28) | AN28: =IFERROR(IF(AND(AH27="Probabilidad",AH28="Probabilidad"),(AN27-(+AN27*AM28)),IF(AND(AH27="Impacto",AH28="Probabilidad"),(AN26-(+AN26*AM28)),IF(AH28="Impacto",AN27,""))),"") | AO28: =IFERROR(IF(AND(AH27="Impacto",AH28="Impacto"),(AO27-(+AO27*AM28)),IF(AND(AH27="Probabilidad",AH28="Impacto"),(AO26-(+AO26*AM28)),IF(AH28="Probabilidad",AO27,""))),"")
K29: =CONCATENATE(" *",'Identificación RG-RF-RLA-FT'!C69," *",'Identificación RG-RF-RLA-FT'!E69," *",'Identificación RG-RF-RLA-FT'!G69) -> * * * | O29: =IF(N29="Muy Alta",100%,IF(N29="Alta",80%,IF(N29="Media",60%,IF(N29="Baja",40%,IF(N29="Muy Baja",20%,""))))) | Q29: =IF(P29="Catastrófico",100%,IF(P29="Mayor",80%,IF(P29="Moderado",60%,IF(P29="Menor",40%,IF(P29="Leve",20%,""))))) | S29: =IF(R29="Catastrófico",100%,IF(R29="Mayor",80%,IF(R29="Moderado",60%,IF(R29="Menor",40%,IF(R29="Leve",20%,""))))) | T29: =IF(U29=100%,"Catastrófico",IF(U29=80%,"Mayor",IF(U29=60%,"Moderado",IF(U29=40%,"Menor",IF(U29=20%,"Leve",""))))) | U29: =IF(AND(Q29="",S29=""),"",MAX(Q29,S29)) | V29: =CONCATENATE(N29,T29) | W29: =IF(V29="Muy AltaLeve","Alto",IF(V29="Muy AltaMenor","Alto",IF(V29="Muy AltaModerado","Alto",IF(V29="Muy AltaMayor","Alto",IF(V29="Muy AltaCatastrófico","Extremo",IF(V29="AltaLeve","Moderado",IF(V29="AltaMenor","Moderado",IF(V29="AltaModerado","Alto",IF(V29="AltaMayor","Alto",IF(V29="AltaCatastrófico","Extremo",IF(V29="MediaLeve","Moderado",IF(V29="MediaMenor","Moderado",IF(V29="MediaModerado","Moderado",IF(V29="MediaMayor","Alto",IF(V29="MediaCatastrófico","Extremo",IF(V29="BajaLeve","Bajo",IF(V29="BajaMenor","Moderado",IF(V29="BajaModerado","Moderado",IF(V29="BajaMayor","Alto",IF(V29="BajaCatastrófico","Extremo",IF(V29="Muy BajaLeve","Bajo",IF(V29="Muy BajaMenor","Bajo",IF(V29="Muy BajaModerado","Moderado",IF(V29="Muy BajaMayor","Alto",IF(V29="Muy BajaCatastrófico","Extremo",""))))))))))))))))))))))))) | X29: 1 | AH29: =IF(OR(AI29="Preventivo",AI29="Detectivo"),"Probabilidad",IF(AI29="Correctivo","Impacto","")) | AJ29: =IF(AI29="","",IF(AI29="Preventivo",25%,IF(AI29="Detectivo",15%,IF(AI29="Correctivo",10%)))) | AL29: =IF(AK29="Automático",25%,IF(AK29="Manual",15%,"")) | AM29: =IF(OR(AJ29="",AL29=""),"",AJ29+AL29) | AN29: =IFERROR(IF(AH29="Probabilidad",(O29-(+O29*AM29)),IF(AH29="Impacto",O29,"")),"") | AO29: =IFERROR(IF(AH29="Impacto",(U29-(+U29*AM29)),IF(AH29="Probabilidad",U29,"")),"") | AS29: =O29 | AT29: =IF(AN29="","",MIN(AN29:AN34)) | AU29: =IFERROR(IF(AT29="","",IF(AT29<=0.2,"Muy Baja",IF(AT29<=0.4,"Baja",IF(AT29<=0.6,"Media",IF(AT29<=0.8,"Alta","Muy Alta"))))),"") | AV29: =U29 | AW29: =IF(AO29="","",MIN(AO29:AO34)) | AX29: =IFERROR(IF(AW29="","",IF(AW29<=0.2,"Leve",IF(AW29<=0.4,"Menor",IF(AW29<=0.6,"Moderado",IF(AW29<=0.8,"Mayor","Catastrófico"))))),"") | AY29: =W29 | AZ29: =IFERROR(IF(OR(AND(AU29="Muy Baja",AX29="Leve"),AND(AU29="Muy Baja",AX29="Menor"),AND(AU29="Baja",AX29="Leve")),"Bajo",IF(OR(AND(AU29="Muy baja",AX29="Moderado"),AND(AU29="Baja",AX29="Menor"),AND(AU29="Baja",AX29="Moderado"),AND(AU29="Media",AX29="Leve"),AND(AU29="Media",AX29="Menor"),AND(AU29="Media",AX29="Moderado"),AND(AU29="Alta",AX29="Leve"),AND(AU29="Alta",AX29="Menor")),"Moderado",IF(OR(AND(AU29="Muy Baja",AX29="Mayor"),AND(AU29="Baja",AX29="Mayor"),AND(AU29="Media",AX29="Mayor"),AND(AU29="Alta",AX29="Moderado"),AND(AU29="Alta",AX29="Mayor"),AND(AU29="Muy Alta",AX29="Leve"),AND(AU29="Muy Alta",AX29="Menor"),AND(AU29="Muy Alta",AX29="Moderado"),AND(AU29="Muy Alta",AX29="Mayor")),"Alto",IF(OR(AND(AU29="Muy Baja",AX29="Catastrófico"),AND(AU29="Baja",AX29="Catastrófico"),AND(AU29="Media",AX29="Catastrófico"),AND(AU29="Alta",AX29="Catastrófico"),AND(AU29="Muy Alta",AX29="Catastrófico")),"Extremo","")))),"")
X30: 2 | AH30: =IF(OR(AI30="Preventivo",AI30="Detectivo"),"Probabilidad",IF(AI30="Correctivo","Impacto","")) | AJ30: =IF(AI30="","",IF(AI30="Preventivo",25%,IF(AI30="Detectivo",15%,IF(AI30="Correctivo",10%)))) | AL30: =IF(AK30="Automático",25%,IF(AK30="Manual",15%,"")) | AM30: =IF(OR(AJ30="",AL30=""),"",AJ30+AL30) | AN30: =IFERROR(IF(AND(AH29="Probabilidad",AH30="Probabilidad"),(AN29-(+AN29*AM30)),IF(AH30="Probabilidad",(O29-(+O29*AM30)),IF(AH30="Impacto",AN29,""))),"") | AO30: =IFERROR(IF(AND(AH29="Impacto",AH30="Impacto"),(AO29-(+AO29*AM30)),IF(AH30="Impacto",(U29-(+U29*AM30)),IF(AH30="Probabilidad",AO29,""))),"")
X31: 3 | AH31: =IF(OR(AI31="Preventivo",AI31="Detectivo"),"Probabilidad",IF(AI31="Correctivo","Impacto","")) | AJ31: =IF(AI31="","",IF(AI31="Preventivo",25%,IF(AI31="Detectivo",15%,IF(AI31="Correctivo",10%)))) | AL31: =IF(AK31="Automático",25%,IF(AK31="Manual",15%,"")) | AM31: =IF(OR(AJ31="",AL31=""),"",AJ31+AL31) | AN31: =IFERROR(IF(AND(AH30="Probabilidad",AH31="Probabilidad"),(AN30-(+AN30*AM31)),IF(AND(AH30="Impacto",AH31="Probabilidad"),(AN29-(+AN29*AM31)),IF(AH31="Impacto",AN30,""))),"") | AO31: =IFERROR(IF(AND(AH30="Impacto",AH31="Impacto"),(AO30-(+AO30*AM31)),IF(AND(AH30="Probabilidad",AH31="Impacto"),(AO29-(+AO29*AM31)),IF(AH31="Probabilidad",AO30,""))),"")
X32: 4 | AH32: =IF(OR(AI32="Preventivo",AI32="Detectivo"),"Probabilidad",IF(AI32="Correctivo","Impacto","")) | AJ32: =IF(AI32="","",IF(AI32="Preventivo",25%,IF(AI32="Detectivo",15%,IF(AI32="Correctivo",10%)))) | AL32: =IF(AK32="Automático",25%,IF(AK32="Manual",15%,"")) | AM32: =IF(OR(AJ32="",AL32=""),"",AJ32+AL32) | AN32: =IFERROR(IF(AND(AH31="Probabilidad",AH32="Probabilidad"),(AN31-(+AN31*AM32)),IF(AND(AH31="Impacto",AH32="Probabilidad"),(AN30-(+AN30*AM32)),IF(AH32="Impacto",AN31,""))),"") | AO32: =IFERROR(IF(AND(AH31="Impacto",AH32="Impacto"),(AO31-(+AO31*AM32)),IF(AND(AH31="Probabilidad",AH32="Impacto"),(AO30-(+AO30*AM32)),IF(AH32="Probabilidad",AO31,""))),"")
X33: 5 | AH33: =IF(OR(AI33="Preventivo",AI33="Detectivo"),"Probabilidad",IF(AI33="Correctivo","Impacto","")) | AJ33: =IF(AI33="","",IF(AI33="Preventivo",25%,IF(AI33="Detectivo",15%,IF(AI33="Correctivo",10%)))) | AL33: =IF(AK33="Automático",25%,IF(AK33="Manual",15%,"")) | AM33: =IF(OR(AJ33="",AL33=""),"",AJ33+AL33) | AN33: =IFERROR(IF(AND(AH32="Probabilidad",AH33="Probabilidad"),(AN32-(+AN32*AM33)),IF(AND(AH32="Impacto",AH33="Probabilidad"),(AN31-(+AN31*AM33)),IF(AH33="Impacto",AN32,""))),"") | AO33: =IFERROR(IF(AND(AH32="Impacto",AH33="Impacto"),(AO32-(+AO32*AM33)),IF(AND(AH32="Probabilidad",AH33="Impacto"),(AO31-(+AO31*AM33)),IF(AH33="Probabilidad",AO32,""))),"")
X34: 6 | AH34: =IF(OR(AI34="Preventivo",AI34="Detectivo"),"Probabilidad",IF(AI34="Correctivo","Impacto","")) | AJ34: =IF(AI34="","",IF(AI34="Preventivo",25%,IF(AI34="Detectivo",15%,IF(AI34="Correctivo",10%)))) | AL34: =IF(AK34="Automático",25%,IF(AK34="Manual",15%,"")) | AM34: =IF(OR(AJ34="",AL34=""),"",AJ34+AL34) | AN34: =IFERROR(IF(AND(AH33="Probabilidad",AH34="Probabilidad"),(AN33-(+AN33*AM34)),IF(AND(AH33="Impacto",AH34="Probabilidad"),(AN32-(+AN32*AM34)),IF(AH34="Impacto",AN33,""))),"") | AO34: =IFERROR(IF(AND(AH33="Impacto",AH34="Impacto"),(AO33-(+AO33*AM34)),IF(AND(AH33="Probabilidad",AH34="Impacto"),(AO32-(+AO32*AM34)),IF(AH34="Probabilidad",AO33,""))),"")
K35: =CONCATENATE(" *",'Identificación RG-RF-RLA-FT'!C86," *",'Identificación RG-RF-RLA-FT'!E86," *",'Identificación RG-RF-RLA-FT'!G86) -> * * * | O35: =IF(N35="Muy Alta",100%,IF(N35="Alta",80%,IF(N35="Media",60%,IF(N35="Baja",40%,IF(N35="Muy Baja",20%,""))))) | Q35: =IF(P35="Catastrófico",100%,IF(P35="Mayor",80%,IF(P35="Moderado",60%,IF(P35="Menor",40%,IF(P35="Leve",20%,""))))) | S35: =IF(R35="Catastrófico",100%,IF(R35="Mayor",80%,IF(R35="Moderado",60%,IF(R35="Menor",40%,IF(R35="Leve",20%,""))))) | T35: =IF(U35=100%,"Catastrófico",IF(U35=80%,"Mayor",IF(U35=60%,"Moderado",IF(U35=40%,"Menor",IF(U35=20%,"Leve",""))))) | U35: =IF(AND(Q35="",S35=""),"",MAX(Q35,S35)) | V35: =CONCATENATE(N35,T35) | W35: =IF(V35="Muy AltaLeve","Alto",IF(V35="Muy AltaMenor","Alto",IF(V35="Muy AltaModerado","Alto",IF(V35="Muy AltaMayor","Alto",IF(V35="Muy AltaCatastrófico","Extremo",IF(V35="AltaLeve","Moderado",IF(V35="AltaMenor","Moderado",IF(V35="AltaModerado","Alto",IF(V35="AltaMayor","Alto",IF(V35="AltaCatastrófico","Extremo",IF(V35="MediaLeve","Moderado",IF(V35="MediaMenor","Moderado",IF(V35="MediaModerado","Moderado",IF(V35="MediaMayor","Alto",IF(V35="MediaCatastrófico","Extremo",IF(V35="BajaLeve","Bajo",IF(V35="BajaMenor","Moderado",IF(V35="BajaModerado","Moderado",IF(V35="BajaMayor","Alto",IF(V35="BajaCatastrófico","Extremo",IF(V35="Muy BajaLeve","Bajo",IF(V35="Muy BajaMenor","Bajo",IF(V35="Muy BajaModerado","Moderado",IF(V35="Muy BajaMayor","Alto",IF(V35="Muy BajaCatastrófico","Extremo",""))))))))))))))))))))))))) | X35: 1 | AH35: =IF(OR(AI35="Preventivo",AI35="Detectivo"),"Probabilidad",IF(AI35="Correctivo","Impacto","")) | AJ35: =IF(AI35="","",IF(AI35="Preventivo",25%,IF(AI35="Detectivo",15%,IF(AI35="Correctivo",10%)))) | AL35: =IF(AK35="Automático",25%,IF(AK35="Manual",15%,"")) | AM35: =IF(OR(AJ35="",AL35=""),"",AJ35+AL35) | AN35: =IFERROR(IF(AH35="Probabilidad",(O35-(+O35*AM35)),IF(AH35="Impacto",O35,"")),"") | AO35: =IFERROR(IF(AH35="Impacto",(U35-(+U35*AM35)),IF(AH35="Probabilidad",U35,"")),"") | AS35: =O35 | AT35: =IF(AN35="","",MIN(AN35:AN40)) | AU35: =IFERROR(IF(AT35="","",IF(AT35<=0.2,"Muy Baja",IF(AT35<=0.4,"Baja",IF(AT35<=0.6,"Media",IF(AT35<=0.8,"Alta","Muy Alta"))))),"") | AV35: =U35 | AW35: =IF(AO35="","",MIN(AO35:AO40)) | AX35: =IFERROR(IF(AW35="","",IF(AW35<=0.2,"Leve",IF(AW35<=0.4,"Menor",IF(AW35<=0.6,"Moderado",IF(AW35<=0.8,"Mayor","Catastrófico"))))),"") | AY35: =W35 | AZ35: =IFERROR(IF(OR(AND(AU35="Muy Baja",AX35="Leve"),AND(AU35="Muy Baja",AX35="Menor"),AND(AU35="Baja",AX35="Leve")),"Bajo",IF(OR(AND(AU35="Muy baja",AX35="Moderado"),AND(AU35="Baja",AX35="Menor"),AND(AU35="Baja",AX35="Moderado"),AND(AU35="Media",AX35="Leve"),AND(AU35="Media",AX35="Menor"),AND(AU35="Media",AX35="Moderado"),AND(AU35="Alta",AX35="Leve"),AND(AU35="Alta",AX35="Menor")),"Moderado",IF(OR(AND(AU35="Muy Baja",AX35="Mayor"),AND(AU35="Baja",AX35="Mayor"),AND(AU35="Media",AX35="Mayor"),AND(AU35="Alta",AX35="Moderado"),AND(AU35="Alta",AX35="Mayor"),AND(AU35="Muy Alta",AX35="Leve"),AND(AU35="Muy Alta",AX35="Menor"),AND(AU35="Muy Alta",AX35="Moderado"),AND(AU35="Muy Alta",AX35="Mayor")),"Alto",IF(OR(AND(AU35="Muy Baja",AX35="Catastrófico"),AND(AU35="Baja",AX35="Catastrófico"),AND(AU35="Media",AX35="Catastrófico"),AND(AU35="Alta",AX35="Catastrófico"),AND(AU35="Muy Alta",AX35="Catastrófico")),"Extremo","")))),"")
X36: 2 | AH36: =IF(OR(AI36="Preventivo",AI36="Detectivo"),"Probabilidad",IF(AI36="Correctivo","Impacto","")) | AJ36: =IF(AI36="","",IF(AI36="Preventivo",25%,IF(AI36="Detectivo",15%,IF(AI36="Correctivo",10%)))) | AL36: =IF(AK36="Automático",25%,IF(AK36="Manual",15%,"")) | AM36: =IF(OR(AJ36="",AL36=""),"",AJ36+AL36) | AN36: =IFERROR(IF(AND(AH35="Probabilidad",AH36="Probabilidad"),(AN35-(+AN35*AM36)),IF(AH36="Probabilidad",(O35-(+O35*AM36)),IF(AH36="Impacto",AN35,""))),"") | AO36: =IFERROR(IF(AND(AH35="Impacto",AH36="Impacto"),(AO35-(+AO35*AM36)),IF(AH36="Impacto",(U35-(+U35*AM36)),IF(AH36="Probabilidad",AO35,""))),"")
X37: 3 | AH37: =IF(OR(AI37="Preventivo",AI37="Detectivo"),"Probabilidad",IF(AI37="Correctivo","Impacto","")) | AJ37: =IF(AI37="","",IF(AI37="Preventivo",25%,IF(AI37="Detectivo",15%,IF(AI37="Correctivo",10%)))) | AL37: =IF(AK37="Automático",25%,IF(AK37="Manual",15%,"")) | AM37: =IF(OR(AJ37="",AL37=""),"",AJ37+AL37) | AN37: =IFERROR(IF(AND(AH36="Probabilidad",AH37="Probabilidad"),(AN36-(+AN36*AM37)),IF(AND(AH36="Impacto",AH37="Probabilidad"),(AN35-(+AN35*AM37)),IF(AH37="Impacto",AN36,""))),"") | AO37: =IFERROR(IF(AND(AH36="Impacto",AH37="Impacto"),(AO36-(+AO36*AM37)),IF(AND(AH36="Probabilidad",AH37="Impacto"),(AO35-(+AO35*AM37)),IF(AH37="Probabilidad",AO36,""))),"")
X38: 4 | AH38: =IF(OR(AI38="Preventivo",AI38="Detectivo"),"Probabilidad",IF(AI38="Correctivo","Impacto","")) | AJ38: =IF(AI38="","",IF(AI38="Preventivo",25%,IF(AI38="Detectivo",15%,IF(AI38="Correctivo",10%)))) | AL38: =IF(AK38="Automático",25%,IF(AK38="Manual",15%,"")) | AM38: =IF(OR(AJ38="",AL38=""),"",AJ38+AL38) | AN38: =IFERROR(IF(AND(AH37="Probabilidad",AH38="Probabilidad"),(AN37-(+AN37*AM38)),IF(AND(AH37="Impacto",AH38="Probabilidad"),(AN36-(+AN36*AM38)),IF(AH38="Impacto",AN37,""))),"") | AO38: =IFERROR(IF(AND(AH37="Impacto",AH38="Impacto"),(AO37-(+AO37*AM38)),IF(AND(AH37="Probabilidad",AH38="Impacto"),(AO36-(+AO36*AM38)),IF(AH38="Probabilidad",AO37,""))),"")
X39: 5 | AH39: =IF(OR(AI39="Preventivo",AI39="Detectivo"),"Probabilidad",IF(AI39="Correctivo","Impacto","")) | AJ39: =IF(AI39="","",IF(AI39="Preventivo",25%,IF(AI39="Detectivo",15%,IF(AI39="Correctivo",10%)))) | AL39: =IF(AK39="Automático",25%,IF(AK39="Manual",15%,"")) | AM39: =IF(OR(AJ39="",AL39=""),"",AJ39+AL39) | AN39: =IFERROR(IF(AND(AH38="Probabilidad",AH39="Probabilidad"),(AN38-(+AN38*AM39)),IF(AND(AH38="Impacto",AH39="Probabilidad"),(AN37-(+AN37*AM39)),IF(AH39="Impacto",AN38,""))),"") | AO39: =IFERROR(IF(AND(AH38="Impacto",AH39="Impacto"),(AO38-(+AO38*AM39)),IF(AND(AH38="Probabilidad",AH39="Impacto"),(AO37-(+AO37*AM39)),IF(AH39="Probabilidad",AO38,""))),"")
X40: 6 | AH40: =IF(OR(AI40="Preventivo",AI40="Detectivo"),"Probabilidad",IF(AI40="Correctivo","Impacto","")) | AJ40: =IF(AI40="","",IF(AI40="Preventivo",25%,IF(AI40="Detectivo",15%,IF(AI40="Correctivo",10%)))) | AL40: =IF(AK40="Automático",25%,IF(AK40="Manual",15%,"")) | AM40: =IF(OR(AJ40="",AL40=""),"",AJ40+AL40) | AN40: =IFERROR(IF(AND(AH39="Probabilidad",AH40="Probabilidad"),(AN39-(+AN39*AM40)),IF(AND(AH39="Impacto",AH40="Probabilidad"),(AN38-(+AN38*AM40)),IF(AH40="Impacto",AN39,""))),"") | AO40: =IFERROR(IF(AND(AH39="Impacto",AH40="Impacto"),(AO39-(+AO39*AM40)),IF(AND(AH39="Probabilidad",AH40="Impacto"),(AO38-(+AO38*AM40)),IF(AH40="Probabilidad",AO39,""))),"")
K41: =CONCATENATE(" *",'Identificación RG-RF-RLA-FT'!C103," *",'Identificación RG-RF-RLA-FT'!E103," *",'Identificación RG-RF-RLA-FT'!G103) -> * * * | O41: =IF(N41="Muy Alta",100%,IF(N41="Alta",80%,IF(N41="Media",60%,IF(N41="Baja",40%,IF(N41="Muy Baja",20%,""))))) | Q41: =IF(P41="Catastrófico",100%,IF(P41="Mayor",80%,IF(P41="Moderado",60%,IF(P41="Menor",40%,IF(P41="Leve",20%,""))))) | S41: =IF(R41="Catastrófico",100%,IF(R41="Mayor",80%,IF(R41="Moderado",60%,IF(R41="Menor",40%,IF(R41="Leve",20%,""))))) | T41: =IF(U41=100%,"Catastrófico",IF(U41=80%,"Mayor",IF(U41=60%,"Moderado",IF(U41=40%,"Menor",IF(U41=20%,"Leve",""))))) | U41: =IF(AND(Q41="",S41=""),"",MAX(Q41,S41)) | V41: =CONCATENATE(N41,T41) | W41: =IF(V41="Muy AltaLeve","Alto",IF(V41="Muy AltaMenor","Alto",IF(V41="Muy AltaModerado","Alto",IF(V41="Muy AltaMayor","Alto",IF(V41="Muy AltaCatastrófico","Extremo",IF(V41="AltaLeve","Moderado",IF(V41="AltaMenor","Moderado",IF(V41="AltaModerado","Alto",IF(V41="AltaMayor","Alto",IF(V41="AltaCatastrófico","Extremo",IF(V41="MediaLeve","Moderado",IF(V41="MediaMenor","Moderado",IF(V41="MediaModerado","Moderado",IF(V41="MediaMayor","Alto",IF(V41="MediaCatastrófico","Extremo",IF(V41="BajaLeve","Bajo",IF(V41="BajaMenor","Moderado",IF(V41="BajaModerado","Moderado",IF(V41="BajaMayor","Alto",IF(V41="BajaCatastrófico","Extremo",IF(V41="Muy BajaLeve","Bajo",IF(V41="Muy BajaMenor","Bajo",IF(V41="Muy BajaModerado","Moderado",IF(V41="Muy BajaMayor","Alto",IF(V41="Muy BajaCatastrófico","Extremo",""))))))))))))))))))))))))) | X41: 1 | AH41: =IF(OR(AI41="Preventivo",AI41="Detectivo"),"Probabilidad",IF(AI41="Correctivo","Impacto","")) | AJ41: =IF(AI41="","",IF(AI41="Preventivo",25%,IF(AI41="Detectivo",15%,IF(AI41="Correctivo",10%)))) | AL41: =IF(AK41="Automático",25%,IF(AK41="Manual",15%,"")) | AM41: =IF(OR(AJ41="",AL41=""),"",AJ41+AL41) | AN41: =IFERROR(IF(AH41="Probabilidad",(O41-(+O41*AM41)),IF(AH41="Impacto",O41,"")),"") | AO41: =IFERROR(IF(AH41="Impacto",(U41-(+U41*AM41)),IF(AH41="Probabilidad",U41,"")),"") | AS41: =O41 | AT41: =IF(AN41="","",MIN(AN41:AN46)) | AU41: =IFERROR(IF(AT41="","",IF(AT41<=0.2,"Muy Baja",IF(AT41<=0.4,"Baja",IF(AT41<=0.6,"Media",IF(AT41<=0.8,"Alta","Muy Alta"))))),"") | AV41: =U41 | AW41: =IF(AO41="","",MIN(AO41:AO46)) | AX41: =IFERROR(IF(AW41="","",IF(AW41<=0.2,"Leve",IF(AW41<=0.4,"Menor",IF(AW41<=0.6,"Moderado",IF(AW41<=0.8,"Mayor","Catastrófico"))))),"") | AY41: =W41 | AZ41: =IFERROR(IF(OR(AND(AU41="Muy Baja",AX41="Leve"),AND(AU41="Muy Baja",AX41="Menor"),AND(AU41="Baja",AX41="Leve")),"Bajo",IF(OR(AND(AU41="Muy baja",AX41="Moderado"),AND(AU41="Baja",AX41="Menor"),AND(AU41="Baja",AX41="Moderado"),AND(AU41="Media",AX41="Leve"),AND(AU41="Media",AX41="Menor"),AND(AU41="Media",AX41="Moderado"),AND(AU41="Alta",AX41="Leve"),AND(AU41="Alta",AX41="Menor")),"Moderado",IF(OR(AND(AU41="Muy Baja",AX41="Mayor"),AND(AU41="Baja",AX41="Mayor"),AND(AU41="Media",AX41="Mayor"),AND(AU41="Alta",AX41="Moderado"),AND(AU41="Alta",AX41="Mayor"),AND(AU41="Muy Alta",AX41="Leve"),AND(AU41="Muy Alta",AX41="Menor"),AND(AU41="Muy Alta",AX41="Moderado"),AND(AU41="Muy Alta",AX41="Mayor")),"Alto",IF(OR(AND(AU41="Muy Baja",AX41="Catastrófico"),AND(AU41="Baja",AX41="Catastrófico"),AND(AU41="Media",AX41="Catastrófico"),AND(AU41="Alta",AX41="Catastrófico"),AND(AU41="Muy Alta",AX41="Catastrófico")),"Extremo","")))),"")
X42: 2 | AH42: =IF(OR(AI42="Preventivo",AI42="Detectivo"),"Probabilidad",IF(AI42="Correctivo","Impacto","")) | AJ42: =IF(AI42="","",IF(AI42="Preventivo",25%,IF(AI42="Detectivo",15%,IF(AI42="Correctivo",10%)))) | AL42: =IF(AK42="Automático",25%,IF(AK42="Manual",15%,"")) | AM42: =IF(OR(AJ42="",AL42=""),"",AJ42+AL42) | AN42: =IFERROR(IF(AND(AH41="Probabilidad",AH42="Probabilidad"),(AN41-(+AN41*AM42)),IF(AH42="Probabilidad",(O41-(+O41*AM42)),IF(AH42="Impacto",AN41,""))),"") | AO42: =IFERROR(IF(AND(AH41="Impacto",AH42="Impacto"),(AO41-(+AO41*AM42)),IF(AH42="Impacto",(U41-(+U41*AM42)),IF(AH42="Probabilidad",AO41,""))),"")
X43: 3 | AH43: =IF(OR(AI43="Preventivo",AI43="Detectivo"),"Probabilidad",IF(AI43="Correctivo","Impacto","")) | AJ43: =IF(AI43="","",IF(AI43="Preventivo",25%,IF(AI43="Detectivo",15%,IF(AI43="Correctivo",10%)))) | AL43: =IF(AK43="Automático",25%,IF(AK43="Manual",15%,"")) | AM43: =IF(OR(AJ43="",AL43=""),"",AJ43+AL43) | AN43: =IFERROR(IF(AND(AH42="Probabilidad",AH43="Probabilidad"),(AN42-(+AN42*AM43)),IF(AND(AH42="Impacto",AH43="Probabilidad"),(AN41-(+AN41*AM43)),IF(AH43="Impacto",AN42,""))),"") | AO43: =IFERROR(IF(AND(AH42="Impacto",AH43="Impacto"),(AO42-(+AO42*AM43)),IF(AND(AH42="Probabilidad",AH43="Impacto"),(AO41-(+AO41*AM43)),IF(AH43="Probabilidad",AO42,""))),"")
X44: 4 | AH44: =IF(OR(AI44="Preventivo",AI44="Detectivo"),"Probabilidad",IF(AI44="Correctivo","Impacto","")) | AJ44: =IF(AI44="","",IF(AI44="Preventivo",25%,IF(AI44="Detectivo",15%,IF(AI44="Correctivo",10%)))) | AL44: =IF(AK44="Automático",25%,IF(AK44="Manual",15%,"")) | AM44: =IF(OR(AJ44="",AL44=""),"",AJ44+AL44) | AN44: =IFERROR(IF(AND(AH43="Probabilidad",AH44="Probabilidad"),(AN43-(+AN43*AM44)),IF(AND(AH43="Impacto",AH44="Probabilidad"),(AN42-(+AN42*AM44)),IF(AH44="Impacto",AN43,""))),"") | AO44: =IFERROR(IF(AND(AH43="Impacto",AH44="Impacto"),(AO43-(+AO43*AM44)),IF(AND(AH43="Probabilidad",AH44="Impacto"),(AO42-(+AO42*AM44)),IF(AH44="Probabilidad",AO43,""))),"")
X45: 5 | AH45: =IF(OR(AI45="Preventivo",AI45="Detectivo"),"Probabilidad",IF(AI45="Correctivo","Impacto","")) | AJ45: =IF(AI45="","",IF(AI45="Preventivo",25%,IF(AI45="Detectivo",15%,IF(AI45="Correctivo",10%)))) | AL45: =IF(AK45="Automático",25%,IF(AK45="Manual",15%,"")) | AM45: =IF(OR(AJ45="",AL45=""),"",AJ45+AL45) | AN45: =IFERROR(IF(AND(AH44="Probabilidad",AH45="Probabilidad"),(AN44-(+AN44*AM45)),IF(AND(AH44="Impacto",AH45="Probabilidad"),(AN43-(+AN43*AM45)),IF(AH45="Impacto",AN44,""))),"") | AO45: =IFERROR(IF(AND(AH44="Impacto",AH45="Impacto"),(AO44-(+AO44*AM45)),IF(AND(AH44="Probabilidad",AH45="Impacto"),(AO43-(+AO43*AM45)),IF(AH45="Probabilidad",AO44,""))),"")
X46: 6 | AH46: =IF(OR(AI46="Preventivo",AI46="Detectivo"),"Probabilidad",IF(AI46="Correctivo","Impacto","")) | AJ46: =IF(AI46="","",IF(AI46="Preventivo",25%,IF(AI46="Detectivo",15%,IF(AI46="Correctivo",10%)))) | AL46: =IF(AK46="Automático",25%,IF(AK46="Manual",15%,"")) | AM46: =IF(OR(AJ46="",AL46=""),"",AJ46+AL46) | AN46: =IFERROR(IF(AND(AH45="Probabilidad",AH46="Probabilidad"),(AN45-(+AN45*AM46)),IF(AND(AH45="Impacto",AH46="Probabilidad"),(AN44-(+AN44*AM46)),IF(AH46="Impacto",AN45,""))),"") | AO46: =IFERROR(IF(AND(AH45="Impacto",AH46="Impacto"),(AO45-(+AO45*AM46)),IF(AND(AH45="Probabilidad",AH46="Impacto"),(AO44-(+AO44*AM46)),IF(AH46="Probabilidad",AO45,""))),"")
K47: =CONCATENATE(" *",'Identificación RG-RF-RLA-FT'!C120," *",'Identificación RG-RF-RLA-FT'!E120," *",'Identificación RG-RF-RLA-FT'!G120) -> * * * | O47: =IF(N47="Muy Alta",100%,IF(N47="Alta",80%,IF(N47="Media",60%,IF(N47="Baja",40%,IF(N47="Muy Baja",20%,""))))) | Q47: =IF(P47="Catastrófico",100%,IF(P47="Mayor",80%,IF(P47="Moderado",60%,IF(P47="Menor",40%,IF(P47="Leve",20%,""))))) | S47: =IF(R47="Catastrófico",100%,IF(R47="Mayor",80%,IF(R47="Moderado",60%,IF(R47="Menor",40%,IF(R47="Leve",20%,""))))) | T47: =IF(U47=100%,"Catastrófico",IF(U47=80%,"Mayor",IF(U47=60%,"Moderado",IF(U47=40%,"Menor",IF(U47=20%,"Leve",""))))) | U47: =IF(AND(Q47="",S47=""),"",MAX(Q47,S47)) | V47: =CONCATENATE(N47,T47) | W47: =IF(V47="Muy AltaLeve","Alto",IF(V47="Muy AltaMenor","Alto",IF(V47="Muy AltaModerado","Alto",IF(V47="Muy AltaMayor","Alto",IF(V47="Muy AltaCatastrófico","Extremo",IF(V47="AltaLeve","Moderado",IF(V47="AltaMenor","Moderado",IF(V47="AltaModerado","Alto",IF(V47="AltaMayor","Alto",IF(V47="AltaCatastrófico","Extremo",IF(V47="MediaLeve","Moderado",IF(V47="MediaMenor","Moderado",IF(V47="MediaModerado","Moderado",IF(V47="MediaMayor","Alto",IF(V47="MediaCatastrófico","Extremo",IF(V47="BajaLeve","Bajo",IF(V47="BajaMenor","Moderado",IF(V47="BajaModerado","Moderado",IF(V47="BajaMayor","Alto",IF(V47="BajaCatastrófico","Extremo",IF(V47="Muy BajaLeve","Bajo",IF(V47="Muy BajaMenor","Bajo",IF(V47="Muy BajaModerado","Moderado",IF(V47="Muy BajaMayor","Alto",IF(V47="Muy BajaCatastrófico","Extremo",""))))))))))))))))))))))))) | X47: 1 | AH47: =IF(OR(AI47="Preventivo",AI47="Detectivo"),"Probabilidad",IF(AI47="Correctivo","Impacto","")) | AJ47: =IF(AI47="","",IF(AI47="Preventivo",25%,IF(AI47="Detectivo",15%,IF(AI47="Correctivo",10%)))) | AL47: =IF(AK47="Automático",25%,IF(AK47="Manual",15%,"")) | AM47: =IF(OR(AJ47="",AL47=""),"",AJ47+AL47) | AN47: =IFERROR(IF(AH47="Probabilidad",(O47-(+O47*AM47)),IF(AH47="Impacto",O47,"")),"") | AO47: =IFERROR(IF(AH47="Impacto",(U47-(+U47*AM47)),IF(AH47="Probabilidad",U47,"")),"") | AS47: =O47 | AT47: =IF(AN47="","",MIN(AN47:AN52)) | AU47: =IFERROR(IF(AT47="","",IF(AT47<=0.2,"Muy Baja",IF(AT47<=0.4,"Baja",IF(AT47<=0.6,"Media",IF(AT47<=0.8,"Alta","Muy Alta"))))),"") | AV47: =U47 | AW47: =IF(AO47="","",MIN(AO47:AO52)) | AX47: =IFERROR(IF(AW47="","",IF(AW47<=0.2,"Leve",IF(AW47<=0.4,"Menor",IF(AW47<=0.6,"Moderado",IF(AW47<=0.8,"Mayor","Catastrófico"))))),"") | AY47: =W47 | AZ47: =IFERROR(IF(OR(AND(AU47="Muy Baja",AX47="Leve"),AND(AU47="Muy Baja",AX47="Menor"),AND(AU47="Baja",AX47="Leve")),"Bajo",IF(OR(AND(AU47="Muy baja",AX47="Moderado"),AND(AU47="Baja",AX47="Menor"),AND(AU47="Baja",AX47="Moderado"),AND(AU47="Media",AX47="Leve"),AND(AU47="Media",AX47="Menor"),AND(AU47="Media",AX47="Moderado"),AND(AU47="Alta",AX47="Leve"),AND(AU47="Alta",AX47="Menor")),"Moderado",IF(OR(AND(AU47="Muy Baja",AX47="Mayor"),AND(AU47="Baja",AX47="Mayor"),AND(AU47="Media",AX47="Mayor"),AND(AU47="Alta",AX47="Moderado"),AND(AU47="Alta",AX47="Mayor"),AND(AU47="Muy Alta",AX47="Leve"),AND(AU47="Muy Alta",AX47="Menor"),AND(AU47="Muy Alta",AX47="Moderado"),AND(AU47="Muy Alta",AX47="Mayor")),"Alto",IF(OR(AND(AU47="Muy Baja",AX47="Catastrófico"),AND(AU47="Baja",AX47="Catastrófico"),AND(AU47="Media",AX47="Catastrófico"),AND(AU47="Alta",AX47="Catastrófico"),AND(AU47="Muy Alta",AX47="Catastrófico")),"Extremo","")))),"")
X48: 2 | AH48: =IF(OR(AI48="Preventivo",AI48="Detectivo"),"Probabilidad",IF(AI48="Correctivo","Impacto","")) | AJ48: =IF(AI48="","",IF(AI48="Preventivo",25%,IF(AI48="Detectivo",15%,IF(AI48="Correctivo",10%)))) | AL48: =IF(AK48="Automático",25%,IF(AK48="Manual",15%,"")) | AM48: =IF(OR(AJ48="",AL48=""),"",AJ48+AL48) | AN48: =IFERROR(IF(AND(AH47="Probabilidad",AH48="Probabilidad"),(AN47-(+AN47*AM48)),IF(AH48="Probabilidad",(O47-(+O47*AM48)),IF(AH48="Impacto",AN47,""))),"") | AO48: =IFERROR(IF(AND(AH47="Impacto",AH48="Impacto"),(AO47-(+AO47*AM48)),IF(AH48="Impacto",(U47-(U47*AM48)),IF(AH48="Probabilidad",AO47,""))),"")
X49: 3 | AH49: =IF(OR(AI49="Preventivo",AI49="Detectivo"),"Probabilidad",IF(AI49="Correctivo","Impacto","")) | AJ49: =IF(AI49="","",IF(AI49="Preventivo",25%,IF(AI49="Detectivo",15%,IF(AI49="Correctivo",10%)))) | AL49: =IF(AK49="Automático",25%,IF(AK49="Manual",15%,"")) | AM49: =IF(OR(AJ49="",AL49=""),"",AJ49+AL49) | AN49: =IFERROR(IF(AND(AH48="Probabilidad",AH49="Probabilidad"),(AN48-(+AN48*AM49)),IF(AND(AH48="Impacto",AH49="Probabilidad"),(AN47-(+AN47*AM49)),IF(AH49="Impacto",AN48,""))),"") | AO49: =IFERROR(IF(AND(AH48="Impacto",AH49="Impacto"),(AO48-(+AO48*AM49)),IF(AND(AH48="Probabilidad",AH49="Impacto"),(AO47-(+AO47*AM49)),IF(AH49="Probabilidad",AO48,""))),"")
X50: 4 | AH50: =IF(OR(AI50="Preventivo",AI50="Detectivo"),"Probabilidad",IF(AI50="Correctivo","Impacto","")) | AJ50: =IF(AI50="","",IF(AI50="Preventivo",25%,IF(AI50="Detectivo",15%,IF(AI50="Correctivo",10%)))) | AL50: =IF(AK50="Automático",25%,IF(AK50="Manual",15%,"")) | AM50: =IF(OR(AJ50="",AL50=""),"",AJ50+AL50) | AN50: =IFERROR(IF(AND(AH49="Probabilidad",AH50="Probabilidad"),(AN49-(+AN49*AM50)),IF(AND(AH49="Impacto",AH50="Probabilidad"),(AN48-(+AN48*AM50)),IF(AH50="Impacto",AN49,""))),"") | AO50: =IFERROR(IF(AND(AH49="Impacto",AH50="Impacto"),(AO49-(+AO49*AM50)),IF(AND(AH49="Probabilidad",AH50="Impacto"),(AO48-(+AO48*AM50)),IF(AH50="Probabilidad",AO49,""))),"")
X51: 5 | AH51: =IF(OR(AI51="Preventivo",AI51="Detectivo"),"Probabilidad",IF(AI51="Correctivo","Impacto","")) | AJ51: =IF(AI51="","",IF(AI51="Preventivo",25%,IF(AI51="Detectivo",15%,IF(AI51="Correctivo",10%)))) | AL51: =IF(AK51="Automático",25%,IF(AK51="Manual",15%,"")) | AM51: =IF(OR(AJ51="",AL51=""),"",AJ51+AL51) | AN51: =IFERROR(IF(AND(AH50="Probabilidad",AH51="Probabilidad"),(AN50-(+AN50*AM51)),IF(AND(AH50="Impacto",AH51="Probabilidad"),(AN49-(+AN49*AM51)),IF(AH51="Impacto",AN50,""))),"") | AO51: =IFERROR(IF(AND(AH50="Impacto",AH51="Impacto"),(AO50-(+AO50*AM51)),IF(AND(AH50="Probabilidad",AH51="Impacto"),(AO49-(+AO49*AM51)),IF(AH51="Probabilidad",AO50,""))),"")
X52: 6 | AH52: =IF(OR(AI52="Preventivo",AI52="Detectivo"),"Probabilidad",IF(AI52="Correctivo","Impacto","")) | AJ52: =IF(AI52="","",IF(AI52="Preventivo",25%,IF(AI52="Detectivo",15%,IF(AI52="Correctivo",10%)))) | AL52: =IF(AK52="Automático",25%,IF(AK52="Manual",15%,"")) | AM52: =IF(OR(AJ52="",AL52=""),"",AJ52+AL52) | AN52: =IFERROR(IF(AND(AH51="Probabilidad",AH52="Probabilidad"),(AN51-(+AN51*AM52)),IF(AND(AH51="Impacto",AH52="Probabilidad"),(AN50-(+AN50*AM52)),IF(AH52="Impacto",AN51,""))),"") | AO52: =IFERROR(IF(AND(AH51="Impacto",AH52="Impacto"),(AO51-(+AO51*AM52)),IF(AND(AH51="Probabilidad",AH52="Impacto"),(AO50-(+AO50*AM52)),IF(AH52="Probabilidad",AO51,""))),"")
K53: =CONCATENATE(" *",'Identificación RG-RF-RLA-FT'!C137," *",'Identificación RG-RF-RLA-FT'!E137," *",'Identificación RG-RF-RLA-FT'!G137) -> * * * | O53: =IF(N53="Muy Alta",100%,IF(N53="Alta",80%,IF(N53="Media",60%,IF(N53="Baja",40%,IF(N53="Muy Baja",20%,""))))) | Q53: =IF(P53="Catastrófico",100%,IF(P53="Mayor",80%,IF(P53="Moderado",60%,IF(P53="Menor",40%,IF(P53="Leve",20%,""))))) | S53: =IF(R53="Catastrófico",100%,IF(R53="Mayor",80%,IF(R53="Moderado",60%,IF(R53="Menor",40%,IF(R53="Leve",20%,""))))) | T53: =IF(U53=100%,"Catastrófico",IF(U53=80%,"Mayor",IF(U53=60%,"Moderado",IF(U53=40%,"Menor",IF(U53=20%,"Leve",""))))) | U53: =IF(AND(Q53="",S53=""),"",MAX(Q53,S53)) | V53: =CONCATENATE(N53,T53) | W53: =IF(V53="Muy AltaLeve","Alto",IF(V53="Muy AltaMenor","Alto",IF(V53="Muy AltaModerado","Alto",IF(V53="Muy AltaMayor","Alto",IF(V53="Muy AltaCatastrófico","Extremo",IF(V53="AltaLeve","Moderado",IF(V53="AltaMenor","Moderado",IF(V53="AltaModerado","Alto",IF(V53="AltaMayor","Alto",IF(V53="AltaCatastrófico","Extremo",IF(V53="MediaLeve","Moderado",IF(V53="MediaMenor","Moderado",IF(V53="MediaModerado","Moderado",IF(V53="MediaMayor","Alto",IF(V53="MediaCatastrófico","Extremo",IF(V53="BajaLeve","Bajo",IF(V53="BajaMenor","Moderado",IF(V53="BajaModerado","Moderado",IF(V53="BajaMayor","Alto",IF(V53="BajaCatastrófico","Extremo",IF(V53="Muy BajaLeve","Bajo",IF(V53="Muy BajaMenor","Bajo",IF(V53="Muy BajaModerado","Moderado",IF(V53="Muy BajaMayor","Alto",IF(V53="Muy BajaCatastrófico","Extremo",""))))))))))))))))))))))))) | X53: 1 | AH53: =IF(OR(AI53="Preventivo",AI53="Detectivo"),"Probabilidad",IF(AI53="Correctivo","Impacto","")) | AJ53: =IF(AI53="","",IF(AI53="Preventivo",25%,IF(AI53="Detectivo",15%,IF(AI53="Correctivo",10%)))) | AL53: =IF(AK53="Automático",25%,IF(AK53="Manual",15%,"")) | AM53: =IF(OR(AJ53="",AL53=""),"",AJ53+AL53) | AN53: =IFERROR(IF(AH53="Probabilidad",(O53-(+O53*AM53)),IF(AH53="Impacto",O53,"")),"") | AO53: =IFERROR(IF(AH53="Impacto",(U53-(+U53*AM53)),IF(AH53="Probabilidad",U53,"")),"") | AS53: =O53 | AT53: =IF(AN53="","",MIN(AN53:AN58)) | AU53: =IFERROR(IF(AT53="","",IF(AT53<=0.2,"Muy Baja",IF(AT53<=0.4,"Baja",IF(AT53<=0.6,"Media",IF(AT53<=0.8,"Alta","Muy Alta"))))),"") | AV53: =U53 | AW53: =IF(AO53="","",MIN(AO53:AO58)) | AX53: =IFERROR(IF(AW53="","",IF(AW53<=0.2,"Leve",IF(AW53<=0.4,"Menor",IF(AW53<=0.6,"Moderado",IF(AW53<=0.8,"Mayor","Catastrófico"))))),"") | AY53: =W53 | AZ53: =IFERROR(IF(OR(AND(AU53="Muy Baja",AX53="Leve"),AND(AU53="Muy Baja",AX53="Menor"),AND(AU53="Baja",AX53="Leve")),"Bajo",IF(OR(AND(AU53="Muy baja",AX53="Moderado"),AND(AU53="Baja",AX53="Menor"),AND(AU53="Baja",AX53="Moderado"),AND(AU53="Media",AX53="Leve"),AND(AU53="Media",AX53="Menor"),AND(AU53="Media",AX53="Moderado"),AND(AU53="Alta",AX53="Leve"),AND(AU53="Alta",AX53="Menor")),"Moderado",IF(OR(AND(AU53="Muy Baja",AX53="Mayor"),AND(AU53="Baja",AX53="Mayor"),AND(AU53="Media",AX53="Mayor"),AND(AU53="Alta",AX53="Moderado"),AND(AU53="Alta",AX53="Mayor"),AND(AU53="Muy Alta",AX53="Leve"),AND(AU53="Muy Alta",AX53="Menor"),AND(AU53="Muy Alta",AX53="Moderado"),AND(AU53="Muy Alta",AX53="Mayor")),"Alto",IF(OR(AND(AU53="Muy Baja",AX53="Catastrófico"),AND(AU53="Baja",AX53="Catastrófico"),AND(AU53="Media",AX53="Catastrófico"),AND(AU53="Alta",AX53="Catastrófico"),AND(AU53="Muy Alta",AX53="Catastrófico")),"Extremo","")))),"")
X54: 2 | AH54: =IF(OR(AI54="Preventivo",AI54="Detectivo"),"Probabilidad",IF(AI54="Correctivo","Impacto","")) | AJ54: =IF(AI54="","",IF(AI54="Preventivo",25%,IF(AI54="Detectivo",15%,IF(AI54="Correctivo",10%)))) | AL54: =IF(AK54="Automático",25%,IF(AK54="Manual",15%,"")) | AM54: =IF(OR(AJ54="",AL54=""),"",AJ54+AL54) | AN54: =IFERROR(IF(AND(AH53="Probabilidad",AH54="Probabilidad"),(AN53-(+AN53*AM54)),IF(AH54="Probabilidad",(O53-(+O53*AM54)),IF(AH54="Impacto",AN53,""))),"") | AO54: =IFERROR(IF(AND(AH53="Impacto",AH54="Impacto"),(AO53-(+AO53*AM54)),IF(AH54="Impacto",(U53-(U53*AM54)),IF(AH54="Probabilidad",AO53,""))),"")
X55: 3 | AH55: =IF(OR(AI55="Preventivo",AI55="Detectivo"),"Probabilidad",IF(AI55="Correctivo","Impacto","")) | AJ55: =IF(AI55="","",IF(AI55="Preventivo",25%,IF(AI55="Detectivo",15%,IF(AI55="Correctivo",10%)))) | AL55: =IF(AK55="Automático",25%,IF(AK55="Manual",15%,"")) | AM55: =IF(OR(AJ55="",AL55=""),"",AJ55+AL55) | AN55: =IFERROR(IF(AND(AH54="Probabilidad",AH55="Probabilidad"),(AN54-(+AN54*AM55)),IF(AND(AH54="Impacto",AH55="Probabilidad"),(AN53-(+AN53*AM55)),IF(AH55="Impacto",AN54,""))),"") | AO55: =IFERROR(IF(AND(AH54="Impacto",AH55="Impacto"),(AO54-(+AO54*AM55)),IF(AND(AH54="Probabilidad",AH55="Impacto"),(AO53-(+AO53*AM55)),IF(AH55="Probabilidad",AO54,""))),"")
X56: 4 | AH56: =IF(OR(AI56="Preventivo",AI56="Detectivo"),"Probabilidad",IF(AI56="Correctivo","Impacto","")) | AJ56: =IF(AI56="","",IF(AI56="Preventivo",25%,IF(AI56="Detectivo",15%,IF(AI56="Correctivo",10%)))) | AL56: =IF(AK56="Automático",25%,IF(AK56="Manual",15%,"")) | AM56: =IF(OR(AJ56="",AL56=""),"",AJ56+AL56) | AN56: =IFERROR(IF(AND(AH55="Probabilidad",AH56="Probabilidad"),(AN55-(+AN55*AM56)),IF(AND(AH55="Impacto",AH56="Probabilidad"),(AN54-(+AN54*AM56)),IF(AH56="Impacto",AN55,""))),"") | AO56: =IFERROR(IF(AND(AH55="Impacto",AH56="Impacto"),(AO55-(+AO55*AM56)),IF(AND(AH55="Probabilidad",AH56="Impacto"),(AO54-(+AO54*AM56)),IF(AH56="Probabilidad",AO55,""))),"")
X57: 5 | AH57: =IF(OR(AI57="Preventivo",AI57="Detectivo"),"Probabilidad",IF(AI57="Correctivo","Impacto","")) | AJ57: =IF(AI57="","",IF(AI57="Preventivo",25%,IF(AI57="Detectivo",15%,IF(AI57="Correctivo",10%)))) | AL57: =IF(AK57="Automático",25%,IF(AK57="Manual",15%,"")) | AM57: =IF(OR(AJ57="",AL57=""),"",AJ57+AL57) | AN57: =IFERROR(IF(AND(AH56="Probabilidad",AH57="Probabilidad"),(AN56-(+AN56*AM57)),IF(AND(AH56="Impacto",AH57="Probabilidad"),(AN55-(+AN55*AM57)),IF(AH57="Impacto",AN56,""))),"") | AO57: =IFERROR(IF(AND(AH56="Impacto",AH57="Impacto"),(AO56-(+AO56*AM57)),IF(AND(AH56="Probabilidad",AH57="Impacto"),(AO55-(+AO55*AM57)),IF(AH57="Probabilidad",AO56,""))),"")
X58: 6 | AH58: =IF(OR(AI58="Preventivo",AI58="Detectivo"),"Probabilidad",IF(AI58="Correctivo","Impacto","")) | AJ58: =IF(AI58="","",IF(AI58="Preventivo",25%,IF(AI58="Detectivo",15%,IF(AI58="Correctivo",10%)))) | AL58: =IF(AK58="Automático",25%,IF(AK58="Manual",15%,"")) | AM58: =IF(OR(AJ58="",AL58=""),"",AJ58+AL58) | AN58: =IFERROR(IF(AND(AH57="Probabilidad",AH58="Probabilidad"),(AN57-(+AN57*AM58)),IF(AND(AH57="Impacto",AH58="Probabilidad"),(AN56-(+AN56*AM58)),IF(AH58="Impacto",AN57,""))),"") | AO58: =IFERROR(IF(AND(AH57="Impacto",AH58="Impacto"),(AO57-(+AO57*AM58)),IF(AND(AH57="Probabilidad",AH58="Impacto"),(AO56-(+AO56*AM58)),IF(AH58="Probabilidad",AO57,""))),"")
K59: =CONCATENATE(" *",'Identificación RG-RF-RLA-FT'!C154," *",'Identificación RG-RF-RLA-FT'!E154," *",'Identificación RG-RF-RLA-FT'!G154) -> * * * | O59: =IF(N59="Muy Alta",100%,IF(N59="Alta",80%,IF(N59="Media",60%,IF(N59="Baja",40%,IF(N59="Muy Baja",20%,""))))) | Q59: =IF(P59="Catastrófico",100%,IF(P59="Mayor",80%,IF(P59="Moderado",60%,IF(P59="Menor",40%,IF(P59="Leve",20%,""))))) | S59: =IF(R59="Catastrófico",100%,IF(R59="Mayor",80%,IF(R59="Moderado",60%,IF(R59="Menor",40%,IF(R59="Leve",20%,""))))) | T59: =IF(U59=100%,"Catastrófico",IF(U59=80%,"Mayor",IF(U59=60%,"Moderado",IF(U59=40%,"Menor",IF(U59=20%,"Leve",""))))) | U59: =IF(AND(Q59="",S59=""),"",MAX(Q59,S59)) | V59: =CONCATENATE(N59,T59) | W59: =IF(V59="Muy AltaLeve","Alto",IF(V59="Muy AltaMenor","Alto",IF(V59="Muy AltaModerado","Alto",IF(V59="Muy AltaMayor","Alto",IF(V59="Muy AltaCatastrófico","Extremo",IF(V59="AltaLeve","Moderado",IF(V59="AltaMenor","Moderado",IF(V59="AltaModerado","Alto",IF(V59="AltaMayor","Alto",IF(V59="AltaCatastrófico","Extremo",IF(V59="MediaLeve","Moderado",IF(V59="MediaMenor","Moderado",IF(V59="MediaModerado","Moderado",IF(V59="MediaMayor","Alto",IF(V59="MediaCatastrófico","Extremo",IF(V59="BajaLeve","Bajo",IF(V59="BajaMenor","Moderado",IF(V59="BajaModerado","Moderado",IF(V59="BajaMayor","Alto",IF(V59="BajaCatastrófico","Extremo",IF(V59="Muy BajaLeve","Bajo",IF(V59="Muy BajaMenor","Bajo",IF(V59="Muy BajaModerado","Moderado",IF(V59="Muy BajaMayor","Alto",IF(V59="Muy BajaCatastrófico","Extremo",""))))))))))))))))))))))))) | X59: 1 | AH59: =IF(OR(AI59="Preventivo",AI59="Detectivo"),"Probabilidad",IF(AI59="Correctivo","Impacto","")) | AJ59: =IF(AI59="","",IF(AI59="Preventivo",25%,IF(AI59="Detectivo",15%,IF(AI59="Correctivo",10%)))) | AL59: =IF(AK59="Automático",25%,IF(AK59="Manual",15%,"")) | AM59: =IF(OR(AJ59="",AL59=""),"",AJ59+AL59) | AN59: =IFERROR(IF(AH59="Probabilidad",(O59-(+O59*AM59)),IF(AH59="Impacto",O59,"")),"") | AO59: =IFERROR(IF(AH59="Impacto",(U59-(+U59*AM59)),IF(AH59="Probabilidad",U59,"")),"") | AS59: =O59 | AT59: =IF(AN59="","",MIN(AN59:AN64)) | AU59: =IFERROR(IF(AT59="","",IF(AT59<=0.2,"Muy Baja",IF(AT59<=0.4,"Baja",IF(AT59<=0.6,"Media",IF(AT59<=0.8,"Alta","Muy Alta"))))),"") | AV59: =U59 | AW59: =IF(AO59="","",MIN(AO59:AO64)) | AX59: =IFERROR(IF(AW59="","",IF(AW59<=0.2,"Leve",IF(AW59<=0.4,"Menor",IF(AW59<=0.6,"Moderado",IF(AW59<=0.8,"Mayor","Catastrófico"))))),"") | AY59: =W59 | AZ59: =IFERROR(IF(OR(AND(AU59="Muy Baja",AX59="Leve"),AND(AU59="Muy Baja",AX59="Menor"),AND(AU59="Baja",AX59="Leve")),"Bajo",IF(OR(AND(AU59="Muy baja",AX59="Moderado"),AND(AU59="Baja",AX59="Menor"),AND(AU59="Baja",AX59="Moderado"),AND(AU59="Media",AX59="Leve"),AND(AU59="Media",AX59="Menor"),AND(AU59="Media",AX59="Moderado"),AND(AU59="Alta",AX59="Leve"),AND(AU59="Alta",AX59="Menor")),"Moderado",IF(OR(AND(AU59="Muy Baja",AX59="Mayor"),AND(AU59="Baja",AX59="Mayor"),AND(AU59="Media",AX59="Mayor"),AND(AU59="Alta",AX59="Moderado"),AND(AU59="Alta",AX59="Mayor"),AND(AU59="Muy Alta",AX59="Leve"),AND(AU59="Muy Alta",AX59="Menor"),AND(AU59="Muy Alta",AX59="Moderado"),AND(AU59="Muy Alta",AX59="Mayor")),"Alto",IF(OR(AND(AU59="Muy Baja",AX59="Catastrófico"),AND(AU59="Baja",AX59="Catastrófico"),AND(AU59="Media",AX59="Catastrófico"),AND(AU59="Alta",AX59="Catastrófico"),AND(AU59="Muy Alta",AX59="Catastrófico")),"Extremo","")))),"")
X60: 2 | AH60: =IF(OR(AI60="Preventivo",AI60="Detectivo"),"Probabilidad",IF(AI60="Correctivo","Impacto","")) | AJ60: =IF(AI60="","",IF(AI60="Preventivo",25%,IF(AI60="Detectivo",15%,IF(AI60="Correctivo",10%)))) | AL60: =IF(AK60="Automático",25%,IF(AK60="Manual",15%,"")) | AM60: =IF(OR(AJ60="",AL60=""),"",AJ60+AL60) | AN60: =IFERROR(IF(AND(AH59="Probabilidad",AH60="Probabilidad"),(AN59-(+AN59*AM60)),IF(AH60="Probabilidad",(O59-(+O59*AM60)),IF(AH60="Impacto",AN59,""))),"") | AO60: =IFERROR(IF(AND(AH59="Impacto",AH60="Impacto"),(AO59-(+AO59*AM60)),IF(AH60="Impacto",(U59-(U59*AM60)),IF(AH60="Probabilidad",AO59,""))),"")
X61: 3 | AH61: =IF(OR(AI61="Preventivo",AI61="Detectivo"),"Probabilidad",IF(AI61="Correctivo","Impacto","")) | AJ61: =IF(AI61="","",IF(AI61="Preventivo",25%,IF(AI61="Detectivo",15%,IF(AI61="Correctivo",10%)))) | AL61: =IF(AK61="Automático",25%,IF(AK61="Manual",15%,"")) | AM61: =IF(OR(AJ61="",AL61=""),"",AJ61+AL61) | AN61: =IFERROR(IF(AND(AH60="Probabilidad",AH61="Probabilidad"),(AN60-(+AN60*AM61)),IF(AND(AH60="Impacto",AH61="Probabilidad"),(AN59-(+AN59*AM61)),IF(AH61="Impacto",AN60,""))),"") | AO61: =IFERROR(IF(AND(AH60="Impacto",AH61="Impacto"),(AO60-(+AO60*AM61)),IF(AND(AH60="Probabilidad",AH61="Impacto"),(AO59-(+AO59*AM61)),IF(AH61="Probabilidad",AO60,""))),"")
X62: 4 | AH62: =IF(OR(AI62="Preventivo",AI62="Detectivo"),"Probabilidad",IF(AI62="Correctivo","Impacto","")) | AJ62: =IF(AI62="","",IF(AI62="Preventivo",25%,IF(AI62="Detectivo",15%,IF(AI62="Correctivo",10%)))) | AL62: =IF(AK62="Automático",25%,IF(AK62="Manual",15%,"")) | AM62: =IF(OR(AJ62="",AL62=""),"",AJ62+AL62) | AN62: =IFERROR(IF(AND(AH61="Probabilidad",AH62="Probabilidad"),(AN61-(+AN61*AM62)),IF(AND(AH61="Impacto",AH62="Probabilidad"),(AN60-(+AN60*AM62)),IF(AH62="Impacto",AN61,""))),"") | AO62: =IFERROR(IF(AND(AH61="Impacto",AH62="Impacto"),(AO61-(+AO61*AM62)),IF(AND(AH61="Probabilidad",AH62="Impacto"),(AO60-(+AO60*AM62)),IF(AH62="Probabilidad",AO61,""))),"")
X63: 5 | AH63: =IF(OR(AI63="Preventivo",AI63="Detectivo"),"Probabilidad",IF(AI63="Correctivo","Impacto","")) | AJ63: =IF(AI63="","",IF(AI63="Preventivo",25%,IF(AI63="Detectivo",15%,IF(AI63="Correctivo",10%)))) | AL63: =IF(AK63="Automático",25%,IF(AK63="Manual",15%,"")) | AM63: =IF(OR(AJ63="",AL63=""),"",AJ63+AL63) | AN63: =IFERROR(IF(AND(AH62="Probabilidad",AH63="Probabilidad"),(AN62-(+AN62*AM63)),IF(AND(AH62="Impacto",AH63="Probabilidad"),(AN61-(+AN61*AM63)),IF(AH63="Impacto",AN62,""))),"") | AO63: =IFERROR(IF(AND(AH62="Impacto",AH63="Impacto"),(AO62-(+AO62*AM63)),IF(AND(AH62="Probabilidad",AH63="Impacto"),(AO61-(+AO61*AM63)),IF(AH63="Probabilidad",AO62,""))),"")
X64: 6 | AH64: =IF(OR(AI64="Preventivo",AI64="Detectivo"),"Probabilidad",IF(AI64="Correctivo","Impacto","")) | AJ64: =IF(AI64="","",IF(AI64="Preventivo",25%,IF(AI64="Detectivo",15%,IF(AI64="Correctivo",10%)))) | AL64: =IF(AK64="Automático",25%,IF(AK64="Manual",15%,"")) | AM64: =IF(OR(AJ64="",AL64=""),"",AJ64+AL64) | AN64: =IFERROR(IF(AND(AH63="Probabilidad",AH64="Probabilidad"),(AN63-(+AN63*AM64)),IF(AND(AH63="Impacto",AH64="Probabilidad"),(AN62-(+AN62*AM64)),IF(AH64="Impacto",AN63,""))),"") | AO64: =IFERROR(IF(AND(AH63="Impacto",AH64="Impacto"),(AO63-(+AO63*AM64)),IF(AND(AH63="Probabilidad",AH64="Impacto"),(AO62-(+AO62*AM64)),IF(AH64="Probabilidad",AO63,""))),"")
K65: =CONCATENATE(" *",'Identificación RG-RF-RLA-FT'!C171," *",'Identificación RG-RF-RLA-FT'!E171," *",'Identificación RG-RF-RLA-FT'!G171) -> * * * | O65: =IF(N65="Muy Alta",100%,IF(N65="Alta",80%,IF(N65="Media",60%,IF(N65="Baja",40%,IF(N65="Muy Baja",20%,""))))) | Q65: =IF(P65="Catastrófico",100%,IF(P65="Mayor",80%,IF(P65="Moderado",60%,IF(P65="Menor",40%,IF(P65="Leve",20%,""))))) | S65: =IF(R65="Catastrófico",100%,IF(R65="Mayor",80%,IF(R65="Moderado",60%,IF(R65="Menor",40%,IF(R65="Leve",20%,""))))) | T65: =IF(U65=100%,"Catastrófico",IF(U65=80%,"Mayor",IF(U65=60%,"Moderado",IF(U65=40%,"Menor",IF(U65=20%,"Leve",""))))) | U65: =IF(AND(Q65="",S65=""),"",MAX(Q65,S65)) | V65: =CONCATENATE(N65,T65) | W65: =IF(V65="Muy AltaLeve","Alto",IF(V65="Muy AltaMenor","Alto",IF(V65="Muy AltaModerado","Alto",IF(V65="Muy AltaMayor","Alto",IF(V65="Muy AltaCatastrófico","Extremo",IF(V65="AltaLeve","Moderado",IF(V65="AltaMenor","Moderado",IF(V65="AltaModerado","Alto",IF(V65="AltaMayor","Alto",IF(V65="AltaCatastrófico","Extremo",IF(V65="MediaLeve","Moderado",IF(V65="MediaMenor","Moderado",IF(V65="MediaModerado","Moderado",IF(V65="MediaMayor","Alto",IF(V65="MediaCatastrófico","Extremo",IF(V65="BajaLeve","Bajo",IF(V65="BajaMenor","Moderado",IF(V65="BajaModerado","Moderado",IF(V65="BajaMayor","Alto",IF(V65="BajaCatastrófico","Extremo",IF(V65="Muy BajaLeve","Bajo",IF(V65="Muy BajaMenor","Bajo",IF(V65="Muy BajaModerado","Moderado",IF(V65="Muy BajaMayor","Alto",IF(V65="Muy BajaCatastrófico","Extremo",""))))))))))))))))))))))))) | X65: 1 | AH65: =IF(OR(AI65="Preventivo",AI65="Detectivo"),"Probabilidad",IF(AI65="Correctivo","Impacto","")) | AJ65: =IF(AI65="","",IF(AI65="Preventivo",25%,IF(AI65="Detectivo",15%,IF(AI65="Correctivo",10%)))) | AL65: =IF(AK65="Automático",25%,IF(AK65="Manual",15%,"")) | AM65: =IF(OR(AJ65="",AL65=""),"",AJ65+AL65) | AN65: =IFERROR(IF(AH65="Probabilidad",(O65-(+O65*AM65)),IF(AH65="Impacto",O65,"")),"") | AO65: =IFERROR(IF(AH65="Impacto",(U65-(+U65*AM65)),IF(AH65="Probabilidad",U65,"")),"") | AS65: =O65 | AT65: =IF(AN65="","",MIN(AN65:AN70)) | AU65: =IFERROR(IF(AT65="","",IF(AT65<=0.2,"Muy Baja",IF(AT65<=0.4,"Baja",IF(AT65<=0.6,"Media",IF(AT65<=0.8,"Alta","Muy Alta"))))),"") | AV65: =U65 | AW65: =IF(AO65="","",MIN(AO65:AO70)) | AX65: =IFERROR(IF(AW65="","",IF(AW65<=0.2,"Leve",IF(AW65<=0.4,"Menor",IF(AW65<=0.6,"Moderado",IF(AW65<=0.8,"Mayor","Catastrófico"))))),"") | AY65: =W65 | AZ65: =IFERROR(IF(OR(AND(AU65="Muy Baja",AX65="Leve"),AND(AU65="Muy Baja",AX65="Menor"),AND(AU65="Baja",AX65="Leve")),"Bajo",IF(OR(AND(AU65="Muy baja",AX65="Moderado"),AND(AU65="Baja",AX65="Menor"),AND(AU65="Baja",AX65="Moderado"),AND(AU65="Media",AX65="Leve"),AND(AU65="Media",AX65="Menor"),AND(AU65="Media",AX65="Moderado"),AND(AU65="Alta",AX65="Leve"),AND(AU65="Alta",AX65="Menor")),"Moderado",IF(OR(AND(AU65="Muy Baja",AX65="Mayor"),AND(AU65="Baja",AX65="Mayor"),AND(AU65="Media",AX65="Mayor"),AND(AU65="Alta",AX65="Moderado"),AND(AU65="Alta",AX65="Mayor"),AND(AU65="Muy Alta",AX65="Leve"),AND(AU65="Muy Alta",AX65="Menor"),AND(AU65="Muy Alta",AX65="Moderado"),AND(AU65="Muy Alta",AX65="Mayor")),"Alto",IF(OR(AND(AU65="Muy Baja",AX65="Catastrófico"),AND(AU65="Baja",AX65="Catastrófico"),AND(AU65="Media",AX65="Catastrófico"),AND(AU65="Alta",AX65="Catastrófico"),AND(AU65="Muy Alta",AX65="Catastrófico")),"Extremo","")))),"")
X66: 2 | AH66: =IF(OR(AI66="Preventivo",AI66="Detectivo"),"Probabilidad",IF(AI66="Correctivo","Impacto","")) | AJ66: =IF(AI66="","",IF(AI66="Preventivo",25%,IF(AI66="Detectivo",15%,IF(AI66="Correctivo",10%)))) | AL66: =IF(AK66="Automático",25%,IF(AK66="Manual",15%,"")) | AM66: =IF(OR(AJ66="",AL66=""),"",AJ66+AL66) | AN66: =IFERROR(IF(AND(AH65="Probabilidad",AH66="Probabilidad"),(AN65-(+AN65*AM66)),IF(AH66="Probabilidad",(O65-(+O65*AM66)),IF(AH66="Impacto",AN65,""))),"") | AO66: =IFERROR(IF(AND(AH65="Impacto",AH66="Impacto"),(AO65-(+AO65*AM66)),IF(AH66="Impacto",(U65-(U65*AM66)),IF(AH66="Probabilidad",AO65,""))),"")
X67: 3 | AH67: =IF(OR(AI67="Preventivo",AI67="Detectivo"),"Probabilidad",IF(AI67="Correctivo","Impacto","")) | AJ67: =IF(AI67="","",IF(AI67="Preventivo",25%,IF(AI67="Detectivo",15%,IF(AI67="Correctivo",10%)))) | AL67: =IF(AK67="Automático",25%,IF(AK67="Manual",15%,"")) | AM67: =IF(OR(AJ67="",AL67=""),"",AJ67+AL67) | AN67: =IFERROR(IF(AND(AH66="Probabilidad",AH67="Probabilidad"),(AN66-(+AN66*AM67)),IF(AND(AH66="Impacto",AH67="Probabilidad"),(AN65-(+AN65*AM67)),IF(AH67="Impacto",AN66,""))),"") | AO67: =IFERROR(IF(AND(AH66="Impacto",AH67="Impacto"),(AO66-(+AO66*AM67)),IF(AND(AH66="Probabilidad",AH67="Impacto"),(AO65-(+AO65*AM67)),IF(AH67="Probabilidad",AO66,""))),"")
X68: 4 | AH68: =IF(OR(AI68="Preventivo",AI68="Detectivo"),"Probabilidad",IF(AI68="Correctivo","Impacto","")) | AJ68: =IF(AI68="","",IF(AI68="Preventivo",25%,IF(AI68="Detectivo",15%,IF(AI68="Correctivo",10%)))) | AL68: =IF(AK68="Automático",25%,IF(AK68="Manual",15%,"")) | AM68: =IF(OR(AJ68="",AL68=""),"",AJ68+AL68) | AN68: =IFERROR(IF(AND(AH67="Probabilidad",AH68="Probabilidad"),(AN67-(+AN67*AM68)),IF(AND(AH67="Impacto",AH68="Probabilidad"),(AN66-(+AN66*AM68)),IF(AH68="Impacto",AN67,""))),"") | AO68: =IFERROR(IF(AND(AH67="Impacto",AH68="Impacto"),(AO67-(+AO67*AM68)),IF(AND(AH67="Probabilidad",AH68="Impacto"),(AO66-(+AO66*AM68)),IF(AH68="Probabilidad",AO67,""))),"")
X69: 5 | AH69: =IF(OR(AI69="Preventivo",AI69="Detectivo"),"Probabilidad",IF(AI69="Correctivo","Impacto","")) | AJ69: =IF(AI69="","",IF(AI69="Preventivo",25%,IF(AI69="Detectivo",15%,IF(AI69="Correctivo",10%)))) | AL69: =IF(AK69="Automático",25%,IF(AK69="Manual",15%,"")) | AM69: =IF(OR(AJ69="",AL69=""),"",AJ69+AL69) | AN69: =IFERROR(IF(AND(AH68="Probabilidad",AH69="Probabilidad"),(AN68-(+AN68*AM69)),IF(AND(AH68="Impacto",AH69="Probabilidad"),(AN67-(+AN67*AM69)),IF(AH69="Impacto",AN68,""))),"") | AO69: =IFERROR(IF(AND(AH68="Impacto",AH69="Impacto"),(AO68-(+AO68*AM69)),IF(AND(AH68="Probabilidad",AH69="Impacto"),(AO67-(+AO67*AM69)),IF(AH69="Probabilidad",AO68,""))),"")
X70: 6 | AH70: =IF(OR(AI70="Preventivo",AI70="Detectivo"),"Probabilidad",IF(AI70="Correctivo","Impacto","")) | AJ70: =IF(AI70="","",IF(AI70="Preventivo",25%,IF(AI70="Detectivo",15%,IF(AI70="Correctivo",10%)))) | AL70: =IF(AK70="Automático",25%,IF(AK70="Manual",15%,"")) | AM70: =IF(OR(AJ70="",AL70=""),"",AJ70+AL70) | AN70: =IFERROR(IF(AND(AH69="Probabilidad",AH70="Probabilidad"),(AN69-(+AN69*AM70)),IF(AND(AH69="Impacto",AH70="Probabilidad"),(AN68-(+AN68*AM70)),IF(AH70="Impacto",AN69,""))),"") | AO70: =IFERROR(IF(AND(AH69="Impacto",AH70="Impacto"),(AO69-(+AO69*AM70)),IF(AND(AH69="Probabilidad",AH70="Impacto"),(AO68-(+AO68*AM70)),IF(AH70="Probabilidad",AO69,""))),"")
I71: =IF(D71="","",IF(D71="RG",'Identificación RG-RF-RLA-FT'!B193,IF(H71="","",(CONCATENATE(H71," ",#REF!," ",G71," ",#REF!," ",#REF!," ",#REF!," ",#REF!))))) | K71: =CONCATENATE(" *",'Identificación RG-RF-RLA-FT'!C188," *",'Identificación RG-RF-RLA-FT'!E188," *",'Identificación RG-RF-RLA-FT'!G188) -> * * * | O71: =IF(N71="Muy Alta",100%,IF(N71="Alta",80%,IF(N71="Media",60%,IF(N71="Baja",40%,IF(N71="Muy Baja",20%,""))))) | Q71: =IF(P71="Catastrófico",100%,IF(P71="Mayor",80%,IF(P71="Moderado",60%,IF(P71="Menor",40%,IF(P71="Leve",20%,""))))) | S71: =IF(R71="Catastrófico",100%,IF(R71="Mayor",80%,IF(R71="Moderado",60%,IF(R71="Menor",40%,IF(R71="Leve",20%,""))))) | T71: =IF(U71=100%,"Catastrófico",IF(U71=80%,"Mayor",IF(U71=60%,"Moderado",IF(U71=40%,"Menor",IF(U71=20%,"Leve",""))))) | U71: =IF(AND(Q71="",S71=""),"",MAX(Q71,S71)) | V71: =CONCATENATE(N71,T71) | W71: =IF(V71="Muy AltaLeve","Alto",IF(V71="Muy AltaMenor","Alto",IF(V71="Muy AltaModerado","Alto",IF(V71="Muy AltaMayor","Alto",IF(V71="Muy AltaCatastrófico","Extremo",IF(V71="AltaLeve","Moderado",IF(V71="AltaMenor","Moderado",IF(V71="AltaModerado","Alto",IF(V71="AltaMayor","Alto",IF(V71="AltaCatastrófico","Extremo",IF(V71="MediaLeve","Moderado",IF(V71="MediaMenor","Moderado",IF(V71="MediaModerado","Moderado",IF(V71="MediaMayor","Alto",IF(V71="MediaCatastrófico","Extremo",IF(V71="BajaLeve","Bajo",IF(V71="BajaMenor","Moderado",IF(V71="BajaModerado","Moderado",IF(V71="BajaMayor","Alto",IF(V71="BajaCatastrófico","Extremo",IF(V71="Muy BajaLeve","Bajo",IF(V71="Muy BajaMenor","Bajo",IF(V71="Muy BajaModerado","Moderado",IF(V71="Muy BajaMayor","Alto",IF(V71="Muy BajaCatastrófico","Extremo",""))))))))))))))))))))))))) | X71: 1 | AE71: =CONCATENATE(Y71,Z71,AA71,AB71,AC71,AD71) | AH71: =IF(OR(AI71="Preventivo",AI71="Detectivo"),"Probabilidad",IF(AI71="Correctivo","Impacto","")) | AJ71: =IF(AI71="","",IF(AI71="Preventivo",25%,IF(AI71="Detectivo",15%,IF(AI71="Correctivo",10%)))) | AL71: =IF(AK71="Automático",25%,IF(AK71="Manual",15%,"")) | AM71: =IF(OR(AJ71="",AL71=""),"",AJ71+AL71) | AN71: =IFERROR(IF(AH71="Probabilidad",(O71-(+O71*AM71)),IF(AH71="Impacto",O71,"")),"") | AO71: =IFERROR(IF(AH71="Impacto",(U71-(+U71*AM71)),IF(AH71="Probabilidad",U71,"")),"") | AS71: =O71 | AT71: =IF(AN71="","",MIN(AN71:AN76)) | AU71: =IFERROR(IF(AT71="","",IF(AT71<=0.2,"Muy Baja",IF(AT71<=0.4,"Baja",IF(AT71<=0.6,"Media",IF(AT71<=0.8,"Alta","Muy Alta"))))),"") | AV71: =U71 | AW71: =IF(AO71="","",MIN(AO71:AO76)) | AX71: =IFERROR(IF(AW71="","",IF(AW71<=0.2,"Leve",IF(AW71<=0.4,"Menor",IF(AW71<=0.6,"Moderado",IF(AW71<=0.8,"Mayor","Catastrófico"))))),"") | AY71: =W71 | AZ71: =IFERROR(IF(OR(AND(AU71="Muy Baja",AX71="Leve"),AND(AU71="Muy Baja",AX71="Menor"),AND(AU71="Baja",AX71="Leve")),"Bajo",IF(OR(AND(AU71="Muy baja",AX71="Moderado"),AND(AU71="Baja",AX71="Menor"),AND(AU71="Baja",AX71="Moderado"),AND(AU71="Media",AX71="Leve"),AND(AU71="Media",AX71="Menor"),AND(AU71="Media",AX71="Moderado"),AND(AU71="Alta",AX71="Leve"),AND(AU71="Alta",AX71="Menor")),"Moderado",IF(OR(AND(AU71="Muy Baja",AX71="Mayor"),AND(AU71="Baja",AX71="Mayor"),AND(AU71="Media",AX71="Mayor"),AND(AU71="Alta",AX71="Moderado"),AND(AU71="Alta",AX71="Mayor"),AND(AU71="Muy Alta",AX71="Leve"),AND(AU71="Muy Alta",AX71="Menor"),AND(AU71="Muy Alta",AX71="Moderado"),AND(AU71="Muy Alta",AX71="Mayor")),"Alto",IF(OR(AND(AU71="Muy Baja",AX71="Catastrófico"),AND(AU71="Baja",AX71="Catastrófico"),AND(AU71="Media",AX71="Catastrófico"),AND(AU71="Alta",AX71="Catastrófico"),AND(AU71="Muy Alta",AX71="Catastrófico")),"Extremo","")))),"")
X72: 2 | AE72: =CONCATENATE(Y72,Z72,AA72,AB72,AC72,AD72) | AH72: =IF(OR(AI72="Preventivo",AI72="Detectivo"),"Probabilidad",IF(AI72="Correctivo","Impacto","")) | AJ72: =IF(AI72="","",IF(AI72="Preventivo",25%,IF(AI72="Detectivo",15%,IF(AI72="Correctivo",10%)))) | AL72: =IF(AK72="Automático",25%,IF(AK72="Manual",15%,"")) | AM72: =IF(OR(AJ72="",AL72=""),"",AJ72+AL72) | AN72: =IFERROR(IF(AND(AH71="Probabilidad",AH72="Probabilidad"),(AN71-(+AN71*AM72)),IF(AH72="Probabilidad",(O71-(+O71*AM72)),IF(AH72="Impacto",AN71,""))),"") | AO72: =IFERROR(IF(AND(AH71="Impacto",AH72="Impacto"),(AO71-(+AO71*AM72)),IF(AH72="Impacto",(U71-(U71*AM72)),IF(AH72="Probabilidad",AO71,""))),"")
X73: 3 | AE73: =CONCATENATE(Y73,Z73,AA73,AB73,AC73,AD73) | AH73: =IF(OR(AI73="Preventivo",AI73="Detectivo"),"Probabilidad",IF(AI73="Correctivo","Impacto","")) | AJ73: =IF(AI73="","",IF(AI73="Preventivo",25%,IF(AI73="Detectivo",15%,IF(AI73="Correctivo",10%)))) | AL73: =IF(AK73="Automático",25%,IF(AK73="Manual",15%,"")) | AM73: =IF(OR(AJ73="",AL73=""),"",AJ73+AL73) | AN73: =IFERROR(IF(AND(AH72="Probabilidad",AH73="Probabilidad"),(AN72-(+AN72*AM73)),IF(AND(AH72="Impacto",AH73="Probabilidad"),(AN71-(+AN71*AM73)),IF(AH73="Impacto",AN72,""))),"") | AO73: =IFERROR(IF(AND(AH72="Impacto",AH73="Impacto"),(AO72-(+AO72*AM73)),IF(AND(AH72="Probabilidad",AH73="Impacto"),(AO71-(+AO71*AM73)),IF(AH73="Probabilidad",AO72,""))),"")
X74: 4 | AE74: =CONCATENATE(Y74,Z74,AA74,AB74,AC74,AD74) | AH74: =IF(OR(AI74="Preventivo",AI74="Detectivo"),"Probabilidad",IF(AI74="Correctivo","Impacto","")) | AJ74: =IF(AI74="","",IF(AI74="Preventivo",25%,IF(AI74="Detectivo",15%,IF(AI74="Correctivo",10%)))) | AL74: =IF(AK74="Automático",25%,IF(AK74="Manual",15%,"")) | AM74: =IF(OR(AJ74="",AL74=""),"",AJ74+AL74) | AN74: =IFERROR(IF(AND(AH73="Probabilidad",AH74="Probabilidad"),(AN73-(+AN73*AM74)),IF(AND(AH73="Impacto",AH74="Probabilidad"),(AN72-(+AN72*AM74)),IF(AH74="Impacto",AN73,""))),"") | AO74: =IFERROR(IF(AND(AH73="Impacto",AH74="Impacto"),(AO73-(+AO73*AM74)),IF(AND(AH73="Probabilidad",AH74="Impacto"),(AO72-(+AO72*AM74)),IF(AH74="Probabilidad",AO73,""))),"")
X75: 5 | AE75: =CONCATENATE(Y75,Z75,AA75,AB75,AC75,AD75) | AH75: =IF(OR(AI75="Preventivo",AI75="Detectivo"),"Probabilidad",IF(AI75="Correctivo","Impacto","")) | AJ75: =IF(AI75="","",IF(AI75="Preventivo",25%,IF(AI75="Detectivo",15%,IF(AI75="Correctivo",10%)))) | AL75: =IF(AK75="Automático",25%,IF(AK75="Manual",15%,"")) | AM75: =IF(OR(AJ75="",AL75=""),"",AJ75+AL75) | AN75: =IFERROR(IF(AND(AH74="Probabilidad",AH75="Probabilidad"),(AN74-(+AN74*AM75)),IF(AND(AH74="Impacto",AH75="Probabilidad"),(AN73-(+AN73*AM75)),IF(AH75="Impacto",AN74,""))),"") | AO75: =IFERROR(IF(AND(AH74="Impacto",AH75="Impacto"),(AO74-(+AO74*AM75)),IF(AND(AH74="Probabilidad",AH75="Impacto"),(AO73-(+AO73*AM75)),IF(AH75="Probabilidad",AO74,""))),"")
X76: 6 | AE76: =CONCATENATE(Y76,Z76,AA76,AB76,AC76,AD76) | AH76: =IF(OR(AI76="Preventivo",AI76="Detectivo"),"Probabilidad",IF(AI76="Correctivo","Impacto","")) | AJ76: =IF(AI76="","",IF(AI76="Preventivo",25%,IF(AI76="Detectivo",15%,IF(AI76="Correctivo",10%)))) | AL76: =IF(AK76="Automático",25%,IF(AK76="Manual",15%,"")) | AM76: =IF(OR(AJ76="",AL76=""),"",AJ76+AL76) | AN76: =IFERROR(IF(AND(AH75="Probabilidad",AH76="Probabilidad"),(AN75-(+AN75*AM76)),IF(AND(AH75="Impacto",AH76="Probabilidad"),(AN74-(+AN74*AM76)),IF(AH76="Impacto",AN75,""))),"") | AO76: =IFERROR(IF(AND(AH75="Impacto",AH76="Impacto"),(AO75-(+AO75*AM76)),IF(AND(AH75="Probabilidad",AH76="Impacto"),(AO74-(+AO74*AM76)),IF(AH76="Probabilidad",AO75,""))),"")
I77: =IF(D77="","",IF(D77="RG",'Identificación RG-RF-RLA-FT'!B210,IF(H77="","",(CONCATENATE(H77," ",#REF!," ",G77," ",#REF!," ",#REF!," ",#REF!," ",#REF!))))) | K77: =CONCATENATE(" *",'Identificación RG-RF-RLA-FT'!C205," *",'Identificación RG-RF-RLA-FT'!E205," *",'Identificación RG-RF-RLA-FT'!G205) -> * * * | O77: =IF(N77="Muy Alta",100%,IF(N77="Alta",80%,IF(N77="Media",60%,IF(N77="Baja",40%,IF(N77="Muy Baja",20%,""))))) | Q77: =IF(P77="Catastrófico",100%,IF(P77="Mayor",80%,IF(P77="Moderado",60%,IF(P77="Menor",40%,IF(P77="Leve",20%,""))))) | S77: =IF(R77="Catastrófico",100%,IF(R77="Mayor",80%,IF(R77="Moderado",60%,IF(R77="Menor",40%,IF(R77="Leve",20%,""))))) | T77: =IF(U77=100%,"Catastrófico",IF(U77=80%,"Mayor",IF(U77=60%,"Moderado",IF(U77=40%,"Menor",IF(U77=20%,"Leve",""))))) | U77: =IF(AND(Q77="",S77=""),"",MAX(Q77,S77)) | V77: =CONCATENATE(N77,T77) | W77: =IF(V77="Muy AltaLeve","Alto",IF(V77="Muy AltaMenor","Alto",IF(V77="Muy AltaModerado","Alto",IF(V77="Muy AltaMayor","Alto",IF(V77="Muy AltaCatastrófico","Extremo",IF(V77="AltaLeve","Moderado",IF(V77="AltaMenor","Moderado",IF(V77="AltaModerado","Alto",IF(V77="AltaMayor","Alto",IF(V77="AltaCatastrófico","Extremo",IF(V77="MediaLeve","Moderado",IF(V77="MediaMenor","Moderado",IF(V77="MediaModerado","Moderado",IF(V77="MediaMayor","Alto",IF(V77="MediaCatastrófico","Extremo",IF(V77="BajaLeve","Bajo",IF(V77="BajaMenor","Moderado",IF(V77="BajaModerado","Moderado",IF(V77="BajaMayor","Alto",IF(V77="BajaCatastrófico","Extremo",IF(V77="Muy BajaLeve","Bajo",IF(V77="Muy BajaMenor","Bajo",IF(V77="Muy BajaModerado","Moderado",IF(V77="Muy BajaMayor","Alto",IF(V77="Muy BajaCatastrófico","Extremo",""))))))))))))))))))))))))) | X77: 1 | AE77: =CONCATENATE(Y77,Z77,AA77,AB77,AC77,AD77) | AH77: =IF(OR(AI77="Preventivo",AI77="Detectivo"),"Probabilidad",IF(AI77="Correctivo","Impacto","")) | AJ77: =IF(AI77="","",IF(AI77="Preventivo",25%,IF(AI77="Detectivo",15%,IF(AI77="Correctivo",10%)))) | AL77: =IF(AK77="Automático",25%,IF(AK77="Manual",15%,"")) | AM77: =IF(OR(AJ77="",AL77=""),"",AJ77+AL77) | AN77: =IFERROR(IF(AH77="Probabilidad",(O77-(+O77*AM77)),IF(AH77="Impacto",O77,"")),"") | AO77: =IFERROR(IF(AH77="Impacto",(U77-(+U77*AM77)),IF(AH77="Probabilidad",U77,"")),"") | AS77: =O77 | AT77: =IF(AN77="","",MIN(AN77:AN82)) | AU77: =IFERROR(IF(AT77="","",IF(AT77<=0.2,"Muy Baja",IF(AT77<=0.4,"Baja",IF(AT77<=0.6,"Media",IF(AT77<=0.8,"Alta","Muy Alta"))))),"") | AV77: =U77 | AW77: =IF(AO77="","",MIN(AO77:AO82)) | AX77: =IFERROR(IF(AW77="","",IF(AW77<=0.2,"Leve",IF(AW77<=0.4,"Menor",IF(AW77<=0.6,"Moderado",IF(AW77<=0.8,"Mayor","Catastrófico"))))),"") | AY77: =W77 | AZ77: =IFERROR(IF(OR(AND(AU77="Muy Baja",AX77="Leve"),AND(AU77="Muy Baja",AX77="Menor"),AND(AU77="Baja",AX77="Leve")),"Bajo",IF(OR(AND(AU77="Muy baja",AX77="Moderado"),AND(AU77="Baja",AX77="Menor"),AND(AU77="Baja",AX77="Moderado"),AND(AU77="Media",AX77="Leve"),AND(AU77="Media",AX77="Menor"),AND(AU77="Media",AX77="Moderado"),AND(AU77="Alta",AX77="Leve"),AND(AU77="Alta",AX77="Menor")),"Moderado",IF(OR(AND(AU77="Muy Baja",AX77="Mayor"),AND(AU77="Baja",AX77="Mayor"),AND(AU77="Media",AX77="Mayor"),AND(AU77="Alta",AX77="Moderado"),AND(AU77="Alta",AX77="Mayor"),AND(AU77="Muy Alta",AX77="Leve"),AND(AU77="Muy Alta",AX77="Menor"),AND(AU77="Muy Alta",AX77="Moderado"),AND(AU77="Muy Alta",AX77="Mayor")),"Alto",IF(OR(AND(AU77="Muy Baja",AX77="Catastrófico"),AND(AU77="Baja",AX77="Catastrófico"),AND(AU77="Media",AX77="Catastrófico"),AND(AU77="Alta",AX77="Catastrófico"),AND(AU77="Muy Alta",AX77="Catastrófico")),"Extremo","")))),"")
X78: 2 | AE78: =CONCATENATE(Y78,Z78,AA78,AB78,AC78,AD78) | AH78: =IF(OR(AI78="Preventivo",AI78="Detectivo"),"Probabilidad",IF(AI78="Correctivo","Impacto","")) | AJ78: =IF(AI78="","",IF(AI78="Preventivo",25%,IF(AI78="Detectivo",15%,IF(AI78="Correctivo",10%)))) | AL78: =IF(AK78="Automático",25%,IF(AK78="Manual",15%,"")) | AM78: =IF(OR(AJ78="",AL78=""),"",AJ78+AL78) | AN78: =IFERROR(IF(AND(AH77="Probabilidad",AH78="Probabilidad"),(AN77-(+AN77*AM78)),IF(AH78="Probabilidad",(O77-(+O77*AM78)),IF(AH78="Impacto",AN77,""))),"") | AO78: =IFERROR(IF(AND(AH77="Impacto",AH78="Impacto"),(AO77-(+AO77*AM78)),IF(AH78="Impacto",(U77-(U77*AM78)),IF(AH78="Probabilidad",AO77,""))),"")
X79: 3 | AE79: =CONCATENATE(Y79,Z79,AA79,AB79,AC79,AD79) | AH79: =IF(OR(AI79="Preventivo",AI79="Detectivo"),"Probabilidad",IF(AI79="Correctivo","Impacto","")) | AJ79: =IF(AI79="","",IF(AI79="Preventivo",25%,IF(AI79="Detectivo",15%,IF(AI79="Correctivo",10%)))) | AL79: =IF(AK79="Automático",25%,IF(AK79="Manual",15%,"")) | AM79: =IF(OR(AJ79="",AL79=""),"",AJ79+AL79) | AN79: =IFERROR(IF(AND(AH78="Probabilidad",AH79="Probabilidad"),(AN78-(+AN78*AM79)),IF(AND(AH78="Impacto",AH79="Probabilidad"),(AN77-(+AN77*AM79)),IF(AH79="Impacto",AN78,""))),"") | AO79: =IFERROR(IF(AND(AH78="Impacto",AH79="Impacto"),(AO78-(+AO78*AM79)),IF(AND(AH78="Probabilidad",AH79="Impacto"),(AO77-(+AO77*AM79)),IF(AH79="Probabilidad",AO78,""))),"")
X80: 4 | AE80: =CONCATENATE(Y80,Z80,AA80,AB80,AC80,AD80) | AH80: =IF(OR(AI80="Preventivo",AI80="Detectivo"),"Probabilidad",IF(AI80="Correctivo","Impacto","")) | AJ80: =IF(AI80="","",IF(AI80="Preventivo",25%,IF(AI80="Detectivo",15%,IF(AI80="Correctivo",10%)))) | AL80: =IF(AK80="Automático",25%,IF(AK80="Manual",15%,"")) | AM80: =IF(OR(AJ80="",AL80=""),"",AJ80+AL80) | AN80: =IFERROR(IF(AND(AH79="Probabilidad",AH80="Probabilidad"),(AN79-(+AN79*AM80)),IF(AND(AH79="Impacto",AH80="Probabilidad"),(AN78-(+AN78*AM80)),IF(AH80="Impacto",AN79,""))),"") | AO80: =IFERROR(IF(AND(AH79="Impacto",AH80="Impacto"),(AO79-(+AO79*AM80)),IF(AND(AH79="Probabilidad",AH80="Impacto"),(AO78-(+AO78*AM80)),IF(AH80="Probabilidad",AO79,""))),"")
X81: 5 | AE81: =CONCATENATE(Y81,Z81,AA81,AB81,AC81,AD81) | AH81: =IF(OR(AI81="Preventivo",AI81="Detectivo"),"Probabilidad",IF(AI81="Correctivo","Impacto","")) | AJ81: =IF(AI81="","",IF(AI81="Preventivo",25%,IF(AI81="Detectivo",15%,IF(AI81="Correctivo",10%)))) | AL81: =IF(AK81="Automático",25%,IF(AK81="Manual",15%,"")) | AM81: =IF(OR(AJ81="",AL81=""),"",AJ81+AL81) | AN81: =IFERROR(IF(AND(AH80="Probabilidad",AH81="Probabilidad"),(AN80-(+AN80*AM81)),IF(AND(AH80="Impacto",AH81="Probabilidad"),(AN79-(+AN79*AM81)),IF(AH81="Impacto",AN80,""))),"") | AO81: =IFERROR(IF(AND(AH80="Impacto",AH81="Impacto"),(AO80-(+AO80*AM81)),IF(AND(AH80="Probabilidad",AH81="Impacto"),(AO79-(+AO79*AM81)),IF(AH81="Probabilidad",AO80,""))),"")
X82: 6 | AE82: =CONCATENATE(Y82,Z82,AA82,AB82,AC82,AD82) | AH82: =IF(OR(AI82="Preventivo",AI82="Detectivo"),"Probabilidad",IF(AI82="Correctivo","Impacto","")) | AJ82: =IF(AI82="","",IF(AI82="Preventivo",25%,IF(AI82="Detectivo",15%,IF(AI82="Correctivo",10%)))) | AL82: =IF(AK82="Automático",25%,IF(AK82="Manual",15%,"")) | AM82: =IF(OR(AJ82="",AL82=""),"",AJ82+AL82) | AN82: =IFERROR(IF(AND(AH81="Probabilidad",AH82="Probabilidad"),(AN81-(+AN81*AM82)),IF(AND(AH81="Impacto",AH82="Probabilidad"),(AN80-(+AN80*AM82)),IF(AH82="Impacto",AN81,""))),"") | AO82: =IFERROR(IF(AND(AH81="Impacto",AH82="Impacto"),(AO81-(+AO81*AM82)),IF(AND(AH81="Probabilidad",AH82="Impacto"),(AO80-(+AO80*AM82)),IF(AH82="Probabilidad",AO81,""))),"")
I83: =IF(D83="","",IF(D83="RG",'Identificación RG-RF-RLA-FT'!#REF!,IF(H83="","",(CONCATENATE(H83," ",#REF!," ",G83," ",#REF!," ",#REF!," ",#REF!," ",#REF!))))) | K83: =CONCATENATE(" *",'Identificación RG-RF-RLA-FT'!#REF!," *",'Identificación RG-RF-RLA-FT'!#REF!," *",'Identificación RG-RF-RLA-FT'!#REF!) -> #REF! | O83: =IF(N83="Muy Alta",100%,IF(N83="Alta",80%,IF(N83="Media",60%,IF(N83="Baja",40%,IF(N83="Muy Baja",20%,""))))) | Q83: =IF(P83="Catastrófico",100%,IF(P83="Mayor",80%,IF(P83="Moderado",60%,IF(P83="Menor",40%,IF(P83="Leve",20%,""))))) | S83: =IF(R83="Catastrófico",100%,IF(R83="Mayor",80%,IF(R83="Moderado",60%,IF(R83="Menor",40%,IF(R83="Leve",20%,""))))) | T83: =IF(U83=100%,"Catastrófico",IF(U83=80%,"Mayor",IF(U83=60%,"Moderado",IF(U83=40%,"Menor",IF(U83=20%,"Leve",""))))) | U83: =IF(AND(Q83="",S83=""),"",MAX(Q83,S83)) | V83: =CONCATENATE(N83,T83) | W83: =IF(V83="Muy AltaLeve","Alto",IF(V83="Muy AltaMenor","Alto",IF(V83="Muy AltaModerado","Alto",IF(V83="Muy AltaMayor","Alto",IF(V83="Muy AltaCatastrófico","Extremo",IF(V83="AltaLeve","Moderado",IF(V83="AltaMenor","Moderado",IF(V83="AltaModerado","Alto",IF(V83="AltaMayor","Alto",IF(V83="AltaCatastrófico","Extremo",IF(V83="MediaLeve","Moderado",IF(V83="MediaMenor","Moderado",IF(V83="MediaModerado","Moderado",IF(V83="MediaMayor","Alto",IF(V83="MediaCatastrófico","Extremo",IF(V83="BajaLeve","Bajo",IF(V83="BajaMenor","Moderado",IF(V83="BajaModerado","Moderado",IF(V83="BajaMayor","Alto",IF(V83="BajaCatastrófico","Extremo",IF(V83="Muy BajaLeve","Bajo",IF(V83="Muy BajaMenor","Bajo",IF(V83="Muy BajaModerado","Moderado",IF(V83="Muy BajaMayor","Alto",IF(V83="Muy BajaCatastrófico","Extremo",""))))))))))))))))))))))))) | X83: 1 | AE83: =CONCATENATE(Y83,Z83,AA83,AB83,AC83,AD83) | AH83: =IF(OR(AI83="Preventivo",AI83="Detectivo"),"Probabilidad",IF(AI83="Correctivo","Impacto","")) | AJ83: =IF(AI83="","",IF(AI83="Preventivo",25%,IF(AI83="Detectivo",15%,IF(AI83="Correctivo",10%)))) | AL83: =IF(AK83="Automático",25%,IF(AK83="Manual",15%,"")) | AM83: =IF(OR(AJ83="",AL83=""),"",AJ83+AL83) | AN83: =IFERROR(IF(AH83="Probabilidad",(O83-(+O83*AM83)),IF(AH83="Impacto",O83,"")),"") | AO83: =IFERROR(IF(AH83="Impacto",(U83-(+U83*AM83)),IF(AH83="Probabilidad",U83,"")),"") | AS83: =O83 | AT83: =IF(AN83="","",MIN(AN83:AN88)) | AU83: =IFERROR(IF(AT83="","",IF(AT83<=0.2,"Muy Baja",IF(AT83<=0.4,"Baja",IF(AT83<=0.6,"Media",IF(AT83<=0.8,"Alta","Muy Alta"))))),"") | AV83: =U83 | AW83: =IF(AO83="","",MIN(AO83:AO88)) | AX83: =IFERROR(IF(AW83="","",IF(AW83<=0.2,"Leve",IF(AW83<=0.4,"Menor",IF(AW83<=0.6,"Moderado",IF(AW83<=0.8,"Mayor","Catastrófico"))))),"") | AY83: =W83 | AZ83: =IFERROR(IF(OR(AND(AU83="Muy Baja",AX83="Leve"),AND(AU83="Muy Baja",AX83="Menor"),AND(AU83="Baja",AX83="Leve")),"Bajo",IF(OR(AND(AU83="Muy baja",AX83="Moderado"),AND(AU83="Baja",AX83="Menor"),AND(AU83="Baja",AX83="Moderado"),AND(AU83="Media",AX83="Leve"),AND(AU83="Media",AX83="Menor"),AND(AU83="Media",AX83="Moderado"),AND(AU83="Alta",AX83="Leve"),AND(AU83="Alta",AX83="Menor")),"Moderado",IF(OR(AND(AU83="Muy Baja",AX83="Mayor"),AND(AU83="Baja",AX83="Mayor"),AND(AU83="Media",AX83="Mayor"),AND(AU83="Alta",AX83="Moderado"),AND(AU83="Alta",AX83="Mayor"),AND(AU83="Muy Alta",AX83="Leve"),AND(AU83="Muy Alta",AX83="Menor"),AND(AU83="Muy Alta",AX83="Moderado"),AND(AU83="Muy Alta",AX83="Mayor")),"Alto",IF(OR(AND(AU83="Muy Baja",AX83="Catastrófico"),AND(AU83="Baja",AX83="Catastrófico"),AND(AU83="Media",AX83="Catastrófico"),AND(AU83="Alta",AX83="Catastrófico"),AND(AU83="Muy Alta",AX83="Catastrófico")),"Extremo","")))),"")
X84: 2 | AE84: =CONCATENATE(Y84,Z84,AA84,AB84,AC84,AD84) | AH84: =IF(OR(AI84="Preventivo",AI84="Detectivo"),"Probabilidad",IF(AI84="Correctivo","Impacto","")) | AJ84: =IF(AI84="","",IF(AI84="Preventivo",25%,IF(AI84="Detectivo",15%,IF(AI84="Correctivo",10%)))) | AL84: =IF(AK84="Automático",25%,IF(AK84="Manual",15%,"")) | AM84: =IF(OR(AJ84="",AL84=""),"",AJ84+AL84) | AN84: =IFERROR(IF(AND(AH83="Probabilidad",AH84="Probabilidad"),(AN83-(+AN83*AM84)),IF(AH84="Probabilidad",(O83-(+O83*AM84)),IF(AH84="Impacto",AN83,""))),"") | AO84: =IFERROR(IF(AND(AH83="Impacto",AH84="Impacto"),(AO83-(+AO83*AM84)),IF(AH84="Impacto",(U83-(U83*AM84)),IF(AH84="Probabilidad",AO83,""))),"")
X85: 3 | AE85: =CONCATENATE(Y85,Z85,AA85,AB85,AC85,AD85) | AH85: =IF(OR(AI85="Preventivo",AI85="Detectivo"),"Probabilidad",IF(AI85="Correctivo","Impacto","")) | AJ85: =IF(AI85="","",IF(AI85="Preventivo",25%,IF(AI85="Detectivo",15%,IF(AI85="Correctivo",10%)))) | AL85: =IF(AK85="Automático",25%,IF(AK85="Manual",15%,"")) | AM85: =IF(OR(AJ85="",AL85=""),"",AJ85+AL85) | AN85: =IFERROR(IF(AND(AH84="Probabilidad",AH85="Probabilidad"),(AN84-(+AN84*AM85)),IF(AND(AH84="Impacto",AH85="Probabilidad"),(AN83-(+AN83*AM85)),IF(AH85="Impacto",AN84,""))),"") | AO85: =IFERROR(IF(AND(AH84="Impacto",AH85="Impacto"),(AO84-(+AO84*AM85)),IF(AND(AH84="Probabilidad",AH85="Impacto"),(AO83-(+AO83*AM85)),IF(AH85="Probabilidad",AO84,""))),"")
X86: 4 | AE86: =CONCATENATE(Y86,Z86,AA86,AB86,AC86,AD86) | AH86: =IF(OR(AI86="Preventivo",AI86="Detectivo"),"Probabilidad",IF(AI86="Correctivo","Impacto","")) | AJ86: =IF(AI86="","",IF(AI86="Preventivo",25%,IF(AI86="Detectivo",15%,IF(AI86="Correctivo",10%)))) | AL86: =IF(AK86="Automático",25%,IF(AK86="Manual",15%,"")) | AM86: =IF(OR(AJ86="",AL86=""),"",AJ86+AL86) | AN86: =IFERROR(IF(AND(AH85="Probabilidad",AH86="Probabilidad"),(AN85-(+AN85*AM86)),IF(AND(AH85="Impacto",AH86="Probabilidad"),(AN84-(+AN84*AM86)),IF(AH86="Impacto",AN85,""))),"") | AO86: =IFERROR(IF(AND(AH85="Impacto",AH86="Impacto"),(AO85-(+AO85*AM86)),IF(AND(AH85="Probabilidad",AH86="Impacto"),(AO84-(+AO84*AM86)),IF(AH86="Probabilidad",AO85,""))),"")
X87: 5 | AE87: =CONCATENATE(Y87,Z87,AA87,AB87,AC87,AD87) | AH87: =IF(OR(AI87="Preventivo",AI87="Detectivo"),"Probabilidad",IF(AI87="Correctivo","Impacto","")) | AJ87: =IF(AI87="","",IF(AI87="Preventivo",25%,IF(AI87="Detectivo",15%,IF(AI87="Correctivo",10%)))) | AL87: =IF(AK87="Automático",25%,IF(AK87="Manual",15%,"")) | AM87: =IF(OR(AJ87="",AL87=""),"",AJ87+AL87) | AN87: =IFERROR(IF(AND(AH86="Probabilidad",AH87="Probabilidad"),(AN86-(+AN86*AM87)),IF(AND(AH86="Impacto",AH87="Probabilidad"),(AN85-(+AN85*AM87)),IF(AH87="Impacto",AN86,""))),"") | AO87: =IFERROR(IF(AND(AH86="Impacto",AH87="Impacto"),(AO86-(+AO86*AM87)),IF(AND(AH86="Probabilidad",AH87="Impacto"),(AO85-(+AO85*AM87)),IF(AH87="Probabilidad",AO86,""))),"")
X88: 6 | AE88: =CONCATENATE(Y88,Z88,AA88,AB88,AC88,AD88) | AH88: =IF(OR(AI88="Preventivo",AI88="Detectivo"),"Probabilidad",IF(AI88="Correctivo","Impacto","")) | AJ88: =IF(AI88="","",IF(AI88="Preventivo",25%,IF(AI88="Detectivo",15%,IF(AI88="Correctivo",10%)))) | AL88: =IF(AK88="Automático",25%,IF(AK88="Manual",15%,"")) | AM88: =IF(OR(AJ88="",AL88=""),"",AJ88+AL88) | AN88: =IFERROR(IF(AND(AH87="Probabilidad",AH88="Probabilidad"),(AN87-(+AN87*AM88)),IF(AND(AH87="Impacto",AH88="Probabilidad"),(AN86-(+AN86*AM88)),IF(AH88="Impacto",AN87,""))),"") | AO88: =IFERROR(IF(AND(AH87="Impacto",AH88="Impacto"),(AO87-(+AO87*AM88)),IF(AND(AH87="Probabilidad",AH88="Impacto"),(AO86-(+AO86*AM88)),IF(AH88="Probabilidad",AO87,""))),"")
I89: =IF(D89="","",IF(D89="RG",'Identificación RG-RF-RLA-FT'!#REF!,IF(H89="","",(CONCATENATE(H89," ",#REF!," ",G89," ",#REF!," ",#REF!," ",#REF!," ",#REF!))))) | K89: =CONCATENATE(" *",'Identificación RG-RF-RLA-FT'!#REF!," *",'Identificación RG-RF-RLA-FT'!#REF!," *",'Identificación RG-RF-RLA-FT'!#REF!) -> #REF! | O89: =IF(N89="Muy Alta",100%,IF(N89="Alta",80%,IF(N89="Media",60%,IF(N89="Baja",40%,IF(N89="Muy Baja",20%,""))))) | Q89: =IF(P89="Catastrófico",100%,IF(P89="Mayor",80%,IF(P89="Moderado",60%,IF(P89="Menor",40%,IF(P89="Leve",20%,""))))) | S89: =IF(R89="Catastrófico",100%,IF(R89="Mayor",80%,IF(R89="Moderado",60%,IF(R89="Menor",40%,IF(R89="Leve",20%,""))))) | T89: =IF(U89=100%,"Catastrófico",IF(U89=80%,"Mayor",IF(U89=60%,"Moderado",IF(U89=40%,"Menor",IF(U89=20%,"Leve",""))))) | U89: =IF(AND(Q89="",S89=""),"",MAX(Q89,S89)) | V89: =CONCATENATE(N89,T89) | W89: =IF(V89="Muy AltaLeve","Alto",IF(V89="Muy AltaMenor","Alto",IF(V89="Muy AltaModerado","Alto",IF(V89="Muy AltaMayor","Alto",IF(V89="Muy AltaCatastrófico","Extremo",IF(V89="AltaLeve","Moderado",IF(V89="AltaMenor","Moderado",IF(V89="AltaModerado","Alto",IF(V89="AltaMayor","Alto",IF(V89="AltaCatastrófico","Extremo",IF(V89="MediaLeve","Moderado",IF(V89="MediaMenor","Moderado",IF(V89="MediaModerado","Moderado",IF(V89="MediaMayor","Alto",IF(V89="MediaCatastrófico","Extremo",IF(V89="BajaLeve","Bajo",IF(V89="BajaMenor","Moderado",IF(V89="BajaModerado","Moderado",IF(V89="BajaMayor","Alto",IF(V89="BajaCatastrófico","Extremo",IF(V89="Muy BajaLeve","Bajo",IF(V89="Muy BajaMenor","Bajo",IF(V89="Muy BajaModerado","Moderado",IF(V89="Muy BajaMayor","Alto",IF(V89="Muy BajaCatastrófico","Extremo",""))))))))))))))))))))))))) | X89: 1 | AE89: =CONCATENATE(Y89,Z89,AA89,AB89,AC89,AD89) | AH89: =IF(OR(AI89="Preventivo",AI89="Detectivo"),"Probabilidad",IF(AI89="Correctivo","Impacto","")) | AJ89: =IF(AI89="","",IF(AI89="Preventivo",25%,IF(AI89="Detectivo",15%,IF(AI89="Correctivo",10%)))) | AL89: =IF(AK89="Automático",25%,IF(AK89="Manual",15%,"")) | AM89: =IF(OR(AJ89="",AL89=""),"",AJ89+AL89) | AN89: =IFERROR(IF(AH89="Probabilidad",(O89-(+O89*AM89)),IF(AH89="Impacto",O89,"")),"") | AO89: =IFERROR(IF(AH89="Impacto",(U89-(+U89*AM89)),IF(AH89="Probabilidad",U89,"")),"") | AS89: =O89 | AT89: =IF(AN89="","",MIN(AN89:AN94)) | AU89: =IFERROR(IF(AT89="","",IF(AT89<=0.2,"Muy Baja",IF(AT89<=0.4,"Baja",IF(AT89<=0.6,"Media",IF(AT89<=0.8,"Alta","Muy Alta"))))),"") | AV89: =U89 | AW89: =IF(AO89="","",MIN(AO89:AO94)) | AX89: =IFERROR(IF(AW89="","",IF(AW89<=0.2,"Leve",IF(AW89<=0.4,"Menor",IF(AW89<=0.6,"Moderado",IF(AW89<=0.8,"Mayor","Catastrófico"))))),"") | AY89: =W89 | AZ89: =IFERROR(IF(OR(AND(AU89="Muy Baja",AX89="Leve"),AND(AU89="Muy Baja",AX89="Menor"),AND(AU89="Baja",AX89="Leve")),"Bajo",IF(OR(AND(AU89="Muy baja",AX89="Moderado"),AND(AU89="Baja",AX89="Menor"),AND(AU89="Baja",AX89="Moderado"),AND(AU89="Media",AX89="Leve"),AND(AU89="Media",AX89="Menor"),AND(AU89="Media",AX89="Moderado"),AND(AU89="Alta",AX89="Leve"),AND(AU89="Alta",AX89="Menor")),"Moderado",IF(OR(AND(AU89="Muy Baja",AX89="Mayor"),AND(AU89="Baja",AX89="Mayor"),AND(AU89="Media",AX89="Mayor"),AND(AU89="Alta",AX89="Moderado"),AND(AU89="Alta",AX89="Mayor"),AND(AU89="Muy Alta",AX89="Leve"),AND(AU89="Muy Alta",AX89="Menor"),AND(AU89="Muy Alta",AX89="Moderado"),AND(AU89="Muy Alta",AX89="Mayor")),"Alto",IF(OR(AND(AU89="Muy Baja",AX89="Catastrófico"),AND(AU89="Baja",AX89="Catastrófico"),AND(AU89="Media",AX89="Catastrófico"),AND(AU89="Alta",AX89="Catastrófico"),AND(AU89="Muy Alta",AX89="Catastrófico")),"Extremo","")))),"")
X90: 2 | AE90: =CONCATENATE(Y90,Z90,AA90,AB90,AC90,AD90) | AH90: =IF(OR(AI90="Preventivo",AI90="Detectivo"),"Probabilidad",IF(AI90="Correctivo","Impacto","")) | AJ90: =IF(AI90="","",IF(AI90="Preventivo",25%,IF(AI90="Detectivo",15%,IF(AI90="Correctivo",10%)))) | AL90: =IF(AK90="Automático",25%,IF(AK90="Manual",15%,"")) | AM90: =IF(OR(AJ90="",AL90=""),"",AJ90+AL90) | AN90: =IFERROR(IF(AND(AH89="Probabilidad",AH90="Probabilidad"),(AN89-(+AN89*AM90)),IF(AH90="Probabilidad",(O89-(+O89*AM90)),IF(AH90="Impacto",AN89,""))),"") | AO90: =IFERROR(IF(AND(AH89="Impacto",AH90="Impacto"),(AO89-(+AO89*AM90)),IF(AH90="Impacto",(U89-(U89*AM90)),IF(AH90="Probabilidad",AO89,""))),"")
X91: 3 | AE91: =CONCATENATE(Y91,Z91,AA91,AB91,AC91,AD91) | AH91: =IF(OR(AI91="Preventivo",AI91="Detectivo"),"Probabilidad",IF(AI91="Correctivo","Impacto","")) | AJ91: =IF(AI91="","",IF(AI91="Preventivo",25%,IF(AI91="Detectivo",15%,IF(AI91="Correctivo",10%)))) | AL91: =IF(AK91="Automático",25%,IF(AK91="Manual",15%,"")) | AM91: =IF(OR(AJ91="",AL91=""),"",AJ91+AL91) | AN91: =IFERROR(IF(AND(AH90="Probabilidad",AH91="Probabilidad"),(AN90-(+AN90*AM91)),IF(AND(AH90="Impacto",AH91="Probabilidad"),(AN89-(+AN89*AM91)),IF(AH91="Impacto",AN90,""))),"") | AO91: =IFERROR(IF(AND(AH90="Impacto",AH91="Impacto"),(AO90-(+AO90*AM91)),IF(AND(AH90="Probabilidad",AH91="Impacto"),(AO89-(+AO89*AM91)),IF(AH91="Probabilidad",AO90,""))),"")
X92: 4 | AE92: =CONCATENATE(Y92,Z92,AA92,AB92,AC92,AD92) | AH92: =IF(OR(AI92="Preventivo",AI92="Detectivo"),"Probabilidad",IF(AI92="Correctivo","Impacto","")) | AJ92: =IF(AI92="","",IF(AI92="Preventivo",25%,IF(AI92="Detectivo",15%,IF(AI92="Correctivo",10%)))) | AL92: =IF(AK92="Automático",25%,IF(AK92="Manual",15%,"")) | AM92: =IF(OR(AJ92="",AL92=""),"",AJ92+AL92) | AN92: =IFERROR(IF(AND(AH91="Probabilidad",AH92="Probabilidad"),(AN91-(+AN91*AM92)),IF(AND(AH91="Impacto",AH92="Probabilidad"),(AN90-(+AN90*AM92)),IF(AH92="Impacto",AN91,""))),"") | AO92: =IFERROR(IF(AND(AH91="Impacto",AH92="Impacto"),(AO91-(+AO91*AM92)),IF(AND(AH91="Probabilidad",AH92="Impacto"),(AO90-(+AO90*AM92)),IF(AH92="Probabilidad",AO91,""))),"")
X93: 5 | AE93: =CONCATENATE(Y93,Z93,AA93,AB93,AC93,AD93) | AH93: =IF(OR(AI93="Preventivo",AI93="Detectivo"),"Probabilidad",IF(AI93="Correctivo","Impacto","")) | AJ93: =IF(AI93="","",IF(AI93="Preventivo",25%,IF(AI93="Detectivo",15%,IF(AI93="Correctivo",10%)))) | AL93: =IF(AK93="Automático",25%,IF(AK93="Manual",15%,"")) | AM93: =IF(OR(AJ93="",AL93=""),"",AJ93+AL93) | AN93: =IFERROR(IF(AND(AH92="Probabilidad",AH93="Probabilidad"),(AN92-(+AN92*AM93)),IF(AND(AH92="Impacto",AH93="Probabilidad"),(AN91-(+AN91*AM93)),IF(AH93="Impacto",AN92,""))),"") | AO93: =IFERROR(IF(AND(AH92="Impacto",AH93="Impacto"),(AO92-(+AO92*AM93)),IF(AND(AH92="Probabilidad",AH93="Impacto"),(AO91-(+AO91*AM93)),IF(AH93="Probabilidad",AO92,""))),"")
X94: 6 | AE94: =CONCATENATE(Y94,Z94,AA94,AB94,AC94,AD94) | AH94: =IF(OR(AI94="Preventivo",AI94="Detectivo"),"Probabilidad",IF(AI94="Correctivo","Impacto","")) | AJ94: =IF(AI94="","",IF(AI94="Preventivo",25%,IF(AI94="Detectivo",15%,IF(AI94="Correctivo",10%)))) | AL94: =IF(AK94="Automático",25%,IF(AK94="Manual",15%,"")) | AM94: =IF(OR(AJ94="",AL94=""),"",AJ94+AL94) | AN94: =IFERROR(IF(AND(AH93="Probabilidad",AH94="Probabilidad"),(AN93-(+AN93*AM94)),IF(AND(AH93="Impacto",AH94="Probabilidad"),(AN92-(+AN92*AM94)),IF(AH94="Impacto",AN93,""))),"") | AO94: =IFERROR(IF(AND(AH93="Impacto",AH94="Impacto"),(AO93-(+AO93*AM94)),IF(AND(AH93="Probabilidad",AH94="Impacto"),(AO92-(+AO92*AM94)),IF(AH94="Probabilidad",AO93,""))),"")
I95: =IF(D95="","",IF(D95="RG",'Identificación RG-RF-RLA-FT'!#REF!,IF(H95="","",(CONCATENATE(H95," ",#REF!," ",G95," ",#REF!," ",#REF!," ",#REF!," ",#REF!))))) | K95: =CONCATENATE(" *",'Identificación RG-RF-RLA-FT'!#REF!," *",'Identificación RG-RF-RLA-FT'!#REF!," *",'Identificación RG-RF-RLA-FT'!#REF!) -> #REF! | O95: =IF(N95="Muy Alta",100%,IF(N95="Alta",80%,IF(N95="Media",60%,IF(N95="Baja",40%,IF(N95="Muy Baja",20%,""))))) | Q95: =IF(P95="Catastrófico",100%,IF(P95="Mayor",80%,IF(P95="Moderado",60%,IF(P95="Menor",40%,IF(P95="Leve",20%,""))))) | S95: =IF(R95="Catastrófico",100%,IF(R95="Mayor",80%,IF(R95="Moderado",60%,IF(R95="Menor",40%,IF(R95="Leve",20%,""))))) | T95: =IF(U95=100%,"Catastrófico",IF(U95=80%,"Mayor",IF(U95=60%,"Moderado",IF(U95=40%,"Menor",IF(U95=20%,"Leve",""))))) | U95: =IF(AND(Q95="",S95=""),"",MAX(Q95,S95)) | V95: =CONCATENATE(N95,T95) | W95: =IF(V95="Muy AltaLeve","Alto",IF(V95="Muy AltaMenor","Alto",IF(V95="Muy AltaModerado","Alto",IF(V95="Muy AltaMayor","Alto",IF(V95="Muy AltaCatastrófico","Extremo",IF(V95="AltaLeve","Moderado",IF(V95="AltaMenor","Moderado",IF(V95="AltaModerado","Alto",IF(V95="AltaMayor","Alto",IF(V95="AltaCatastrófico","Extremo",IF(V95="MediaLeve","Moderado",IF(V95="MediaMenor","Moderado",IF(V95="MediaModerado","Moderado",IF(V95="MediaMayor","Alto",IF(V95="MediaCatastrófico","Extremo",IF(V95="BajaLeve","Bajo",IF(V95="BajaMenor","Moderado",IF(V95="BajaModerado","Moderado",IF(V95="BajaMayor","Alto",IF(V95="BajaCatastrófico","Extremo",IF(V95="Muy BajaLeve","Bajo",IF(V95="Muy BajaMenor","Bajo",IF(V95="Muy BajaModerado","Moderado",IF(V95="Muy BajaMayor","Alto",IF(V95="Muy BajaCatastrófico","Extremo",""))))))))))))))))))))))))) | X95: 1 | AE95: =CONCATENATE(Y95,Z95,AA95,AB95,AC95,AD95) | AH95: =IF(OR(AI95="Preventivo",AI95="Detectivo"),"Probabilidad",IF(AI95="Correctivo","Impacto","")) | AJ95: =IF(AI95="","",IF(AI95="Preventivo",25%,IF(AI95="Detectivo",15%,IF(AI95="Correctivo",10%)))) | AL95: =IF(AK95="Automático",25%,IF(AK95="Manual",15%,"")) | AM95: =IF(OR(AJ95="",AL95=""),"",AJ95+AL95) | AN95: =IFERROR(IF(AH95="Probabilidad",(O95-(+O95*AM95)),IF(AH95="Impacto",O95,"")),"") | AO95: =IFERROR(IF(AH95="Impacto",(U95-(+U95*AM95)),IF(AH95="Probabilidad",U95,"")),"") | AS95: =O95 | AT95: =IF(AN95="","",MIN(AN95:AN100)) | AU95: =IFERROR(IF(AT95="","",IF(AT95<=0.2,"Muy Baja",IF(AT95<=0.4,"Baja",IF(AT95<=0.6,"Media",IF(AT95<=0.8,"Alta","Muy Alta"))))),"") | AV95: =U95 | AW95: =IF(AO95="","",MIN(AO95:AO100)) | AX95: =IFERROR(IF(AW95="","",IF(AW95<=0.2,"Leve",IF(AW95<=0.4,"Menor",IF(AW95<=0.6,"Moderado",IF(AW95<=0.8,"Mayor","Catastrófico"))))),"") | AY95: =W95 | AZ95: =IFERROR(IF(OR(AND(AU95="Muy Baja",AX95="Leve"),AND(AU95="Muy Baja",AX95="Menor"),AND(AU95="Baja",AX95="Leve")),"Bajo",IF(OR(AND(AU95="Muy baja",AX95="Moderado"),AND(AU95="Baja",AX95="Menor"),AND(AU95="Baja",AX95="Moderado"),AND(AU95="Media",AX95="Leve"),AND(AU95="Media",AX95="Menor"),AND(AU95="Media",AX95="Moderado"),AND(AU95="Alta",AX95="Leve"),AND(AU95="Alta",AX95="Menor")),"Moderado",IF(OR(AND(AU95="Muy Baja",AX95="Mayor"),AND(AU95="Baja",AX95="Mayor"),AND(AU95="Media",AX95="Mayor"),AND(AU95="Alta",AX95="Moderado"),AND(AU95="Alta",AX95="Mayor"),AND(AU95="Muy Alta",AX95="Leve"),AND(AU95="Muy Alta",AX95="Menor"),AND(AU95="Muy Alta",AX95="Moderado"),AND(AU95="Muy Alta",AX95="Mayor")),"Alto",IF(OR(AND(AU95="Muy Baja",AX95="Catastrófico"),AND(AU95="Baja",AX95="Catastrófico"),AND(AU95="Media",AX95="Catastrófico"),AND(AU95="Alta",AX95="Catastrófico"),AND(AU95="Muy Alta",AX95="Catastrófico")),"Extremo","")))),"")
X96: 2 | AE96: =CONCATENATE(Y96,Z96,AA96,AB96,AC96,AD96) | AH96: =IF(OR(AI96="Preventivo",AI96="Detectivo"),"Probabilidad",IF(AI96="Correctivo","Impacto","")) | AJ96: =IF(AI96="","",IF(AI96="Preventivo",25%,IF(AI96="Detectivo",15%,IF(AI96="Correctivo",10%)))) | AL96: =IF(AK96="Automático",25%,IF(AK96="Manual",15%,"")) | AM96: =IF(OR(AJ96="",AL96=""),"",AJ96+AL96) | AN96: =IFERROR(IF(AND(AH95="Probabilidad",AH96="Probabilidad"),(AN95-(+AN95*AM96)),IF(AH96="Probabilidad",(O95-(+O95*AM96)),IF(AH96="Impacto",AN95,""))),"") | AO96: =IFERROR(IF(AND(AH95="Impacto",AH96="Impacto"),(AO95-(+AO95*AM96)),IF(AH96="Impacto",(U95-(U95*AM96)),IF(AH96="Probabilidad",AO95,""))),"")
X97: 3 | AE97: =CONCATENATE(Y97,Z97,AA97,AB97,AC97,AD97) | AH97: =IF(OR(AI97="Preventivo",AI97="Detectivo"),"Probabilidad",IF(AI97="Correctivo","Impacto","")) | AJ97: =IF(AI97="","",IF(AI97="Preventivo",25%,IF(AI97="Detectivo",15%,IF(AI97="Correctivo",10%)))) | AL97: =IF(AK97="Automático",25%,IF(AK97="Manual",15%,"")) | AM97: =IF(OR(AJ97="",AL97=""),"",AJ97+AL97) | AN97: =IFERROR(IF(AND(AH96="Probabilidad",AH97="Probabilidad"),(AN96-(+AN96*AM97)),IF(AND(AH96="Impacto",AH97="Probabilidad"),(AN95-(+AN95*AM97)),IF(AH97="Impacto",AN96,""))),"") | AO97: =IFERROR(IF(AND(AH96="Impacto",AH97="Impacto"),(AO96-(+AO96*AM97)),IF(AND(AH96="Probabilidad",AH97="Impacto"),(AO95-(+AO95*AM97)),IF(AH97="Probabilidad",AO96,""))),"")
X98: 4 | AE98: =CONCATENATE(Y98,Z98,AA98,AB98,AC98,AD98) | AH98: =IF(OR(AI98="Preventivo",AI98="Detectivo"),"Probabilidad",IF(AI98="Correctivo","Impacto","")) | AJ98: =IF(AI98="","",IF(AI98="Preventivo",25%,IF(AI98="Detectivo",15%,IF(AI98="Correctivo",10%)))) | AL98: =IF(AK98="Automático",25%,IF(AK98="Manual",15%,"")) | AM98: =IF(OR(AJ98="",AL98=""),"",AJ98+AL98) | AN98: =IFERROR(IF(AND(AH97="Probabilidad",AH98="Probabilidad"),(AN97-(+AN97*AM98)),IF(AND(AH97="Impacto",AH98="Probabilidad"),(AN96-(+AN96*AM98)),IF(AH98="Impacto",AN97,""))),"") | AO98: =IFERROR(IF(AND(AH97="Impacto",AH98="Impacto"),(AO97-(+AO97*AM98)),IF(AND(AH97="Probabilidad",AH98="Impacto"),(AO96-(+AO96*AM98)),IF(AH98="Probabilidad",AO97,""))),"")
X99: 5 | AE99: =CONCATENATE(Y99,Z99,AA99,AB99,AC99,AD99) | AH99: =IF(OR(AI99="Preventivo",AI99="Detectivo"),"Probabilidad",IF(AI99="Correctivo","Impacto","")) | AJ99: =IF(AI99="","",IF(AI99="Preventivo",25%,IF(AI99="Detectivo",15%,IF(AI99="Correctivo",10%)))) | AL99: =IF(AK99="Automático",25%,IF(AK99="Manual",15%,"")) | AM99: =IF(OR(AJ99="",AL99=""),"",AJ99+AL99) | AN99: =IFERROR(IF(AND(AH98="Probabilidad",AH99="Probabilidad"),(AN98-(+AN98*AM99)),IF(AND(AH98="Impacto",AH99="Probabilidad"),(AN97-(+AN97*AM99)),IF(AH99="Impacto",AN98,""))),"") | AO99: =IFERROR(IF(AND(AH98="Impacto",AH99="Impacto"),(AO98-(+AO98*AM99)),IF(AND(AH98="Probabilidad",AH99="Impacto"),(AO97-(+AO97*AM99)),IF(AH99="Probabilidad",AO98,""))),"")
X100: 6 | AE100: =CONCATENATE(Y100,Z100,AA100,AB100,AC100,AD100) | AH100: =IF(OR(AI100="Preventivo",AI100="Detectivo"),"Probabilidad",IF(AI100="Correctivo","Impacto","")) | AJ100: =IF(AI100="","",IF(AI100="Preventivo",25%,IF(AI100="Detectivo",15%,IF(AI100="Correctivo",10%)))) | AL100: =IF(AK100="Automático",25%,IF(AK100="Manual",15%,"")) | AM100: =IF(OR(AJ100="",AL100=""),"",AJ100+AL100) | AN100: =IFERROR(IF(AND(AH99="Probabilidad",AH100="Probabilidad"),(AN99-(+AN99*AM100)),IF(AND(AH99="Impacto",AH100="Probabilidad"),(AN98-(+AN98*AM100)),IF(AH100="Impacto",AN99,""))),"") | AO100: =IFERROR(IF(AND(AH99="Impacto",AH100="Impacto"),(AO99-(+AO99*AM100)),IF(AND(AH99="Probabilidad",AH100="Impacto"),(AO98-(+AO98*AM100)),IF(AH100="Probabilidad",AO99,""))),"")
I101: =IF(D101="","",IF(D101="RG",'Identificación RG-RF-RLA-FT'!#REF!,IF(H101="","",(CONCATENATE(H101," ",#REF!," ",G101," ",#REF!," ",#REF!," ",#REF!," ",#REF!))))) | K101: =CONCATENATE(" *",'Identificación RG-RF-RLA-FT'!#REF!," *",'Identificación RG-RF-RLA-FT'!#REF!," *",'Identificación RG-RF-RLA-FT'!#REF!) -> #REF! | O101: =IF(N101="Muy Alta",100%,IF(N101="Alta",80%,IF(N101="Media",60%,IF(N101="Baja",40%,IF(N101="Muy Baja",20%,""))))) | Q101: =IF(P101="Catastrófico",100%,IF(P101="Mayor",80%,IF(P101="Moderado",60%,IF(P101="Menor",40%,IF(P101="Leve",20%,""))))) | S101: =IF(R101="Catastrófico",100%,IF(R101="Mayor",80%,IF(R101="Moderado",60%,IF(R101="Menor",40%,IF(R101="Leve",20%,""))))) | T101: =IF(U101=100%,"Catastrófico",IF(U101=80%,"Mayor",IF(U101=60%,"Moderado",IF(U101=40%,"Menor",IF(U101=20%,"Leve",""))))) | U101: =IF(AND(Q101="",S101=""),"",MAX(Q101,S101)) | V101: =CONCATENATE(N101,T101) | W101: =IF(V101="Muy AltaLeve","Alto",IF(V101="Muy AltaMenor","Alto",IF(V101="Muy AltaModerado","Alto",IF(V101="Muy AltaMayor","Alto",IF(V101="Muy AltaCatastrófico","Extremo",IF(V101="AltaLeve","Moderado",IF(V101="AltaMenor","Moderado",IF(V101="AltaModerado","Alto",IF(V101="AltaMayor","Alto",IF(V101="AltaCatastrófico","Extremo",IF(V101="MediaLeve","Moderado",IF(V101="MediaMenor","Moderado",IF(V101="MediaModerado","Moderado",IF(V101="MediaMayor","Alto",IF(V101="MediaCatastrófico","Extremo",IF(V101="BajaLeve","Bajo",IF(V101="BajaMenor","Moderado",IF(V101="BajaModerado","Moderado",IF(V101="BajaMayor","Alto",IF(V101="BajaCatastrófico","Extremo",IF(V101="Muy BajaLeve","Bajo",IF(V101="Muy BajaMenor","Bajo",IF(V101="Muy BajaModerado","Moderado",IF(V101="Muy BajaMayor","Alto",IF(V101="Muy BajaCatastrófico","Extremo",""))))))))))))))))))))))))) | X101: 1 | AE101: =CONCATENATE(Y101,Z101,AA101,AB101,AC101,AD101) | AH101: =IF(OR(AI101="Preventivo",AI101="Detectivo"),"Probabilidad",IF(AI101="Correctivo","Impacto","")) | AJ101: =IF(AI101="","",IF(AI101="Preventivo",25%,IF(AI101="Detectivo",15%,IF(AI101="Correctivo",10%)))) | AL101: =IF(AK101="Automático",25%,IF(AK101="Manual",15%,"")) | AM101: =IF(OR(AJ101="",AL101=""),"",AJ101+AL101) | AN101: =IFERROR(IF(AH101="Probabilidad",(O101-(+O101*AM101)),IF(AH101="Impacto",O101,"")),"") | AO101: =IFERROR(IF(AH101="Impacto",(U101-(+U101*AM101)),IF(AH101="Probabilidad",U101,"")),"") | AS101: =O101 | AT101: =IF(AN101="","",MIN(AN101:AN106)) | AU101: =IFERROR(IF(AT101="","",IF(AT101<=0.2,"Muy Baja",IF(AT101<=0.4,"Baja",IF(AT101<=0.6,"Media",IF(AT101<=0.8,"Alta","Muy Alta"))))),"") | AV101: =U101 | AW101: =IF(AO101="","",MIN(AO101:AO106)) | AX101: =IFERROR(IF(AW101="","",IF(AW101<=0.2,"Leve",IF(AW101<=0.4,"Menor",IF(AW101<=0.6,"Moderado",IF(AW101<=0.8,"Mayor","Catastrófico"))))),"") | AY101: =W101 | AZ101: =IFERROR(IF(OR(AND(AU101="Muy Baja",AX101="Leve"),AND(AU101="Muy Baja",AX101="Menor"),AND(AU101="Baja",AX101="Leve")),"Bajo",IF(OR(AND(AU101="Muy baja",AX101="Moderado"),AND(AU101="Baja",AX101="Menor"),AND(AU101="Baja",AX101="Moderado"),AND(AU101="Media",AX101="Leve"),AND(AU101="Media",AX101="Menor"),AND(AU101="Media",AX101="Moderado"),AND(AU101="Alta",AX101="Leve"),AND(AU101="Alta",AX101="Menor")),"Moderado",IF(OR(AND(AU101="Muy Baja",AX101="Mayor"),AND(AU101="Baja",AX101="Mayor"),AND(AU101="Media",AX101="Mayor"),AND(AU101="Alta",AX101="Moderado"),AND(AU101="Alta",AX101="Mayor"),AND(AU101="Muy Alta",AX101="Leve"),AND(AU101="Muy Alta",AX101="Menor"),AND(AU101="Muy Alta",AX101="Moderado"),AND(AU101="Muy Alta",AX101="Mayor")),"Alto",IF(OR(AND(AU101="Muy Baja",AX101="Catastrófico"),AND(AU101="Baja",AX101="Catastrófico"),AND(AU101="Media",AX101="Catastrófico"),AND(AU101="Alta",AX101="Catastrófico"),AND(AU101="Muy Alta",AX101="Catastrófico")),"Extremo","")))),"")
X102: 2 | AE102: =CONCATENATE(Y102,Z102,AA102,AB102,AC102,AD102) | AH102: =IF(OR(AI102="Preventivo",AI102="Detectivo"),"Probabilidad",IF(AI102="Correctivo","Impacto","")) | AJ102: =IF(AI102="","",IF(AI102="Preventivo",25%,IF(AI102="Detectivo",15%,IF(AI102="Correctivo",10%)))) | AL102: =IF(AK102="Automático",25%,IF(AK102="Manual",15%,"")) | AM102: =IF(OR(AJ102="",AL102=""),"",AJ102+AL102) | AN102: =IFERROR(IF(AND(AH101="Probabilidad",AH102="Probabilidad"),(AN101-(+AN101*AM102)),IF(AH102="Probabilidad",(O101-(+O101*AM102)),IF(AH102="Impacto",AN101,""))),"") | AO102: =IFERROR(IF(AND(AH101="Impacto",AH102="Impacto"),(AO101-(+AO101*AM102)),IF(AH102="Impacto",(U101-(U101*AM102)),IF(AH102="Probabilidad",AO101,""))),"")
...

Sheet MR_Corrup1
D1: GESTIÓN DE LA MEJORA CONTINUA | L1: Código: GMC-PR-02-FR-01
L2: =Contexto!G2 -> Versión: 04
D3: MAPA DE RIESGOS DE GESTIÓN,FISCAL,LA/FT Y CORRUPCIÓN | L3: =Contexto!G3 -> Fecha: 15/08/2025
L4: Hoja 4 de 6
A6: MATRIZ DE RIESGOS DE CORRUPCIÓN
A8: PROCESO | B8: OBJETIVO DEL PROCESO | D8: IDENTIFICACIÓN DEL RIESGO | J8: VALORACIÓN DEL RIESGO - ANÁLISIS DE RIESGO INHERENTE
D9: CÓDIGO RC: Riesgos corrupción + Código del proceso + Consecutivo del riesgo | G9: RIESGO Posibilidad de… Elementos para la redacción: 1. Acción u omisión + 2. Uso de poder + 3. Desviación de la gestión pública + 4. Beneficio privado | H9: CAUSAS | I9: CONSECUENCIAS | J9: PROBABILIDAD | K9: IMPACTO | L9: RIESGO INHERENTE
A10: Gestión de la Mejora Continua | B10: Liderar la mejora continua de los procesos, mediante la formulación, implementación y monitoreo de lineamientos, planes, políticas institucionales. Esto incluye el seguimiento de los instrumentos de gestión, la identificación de oportunidades de mejora, asegurando su eficacia y contribuyendo directamente al cumplimiento de los objetivos de la Secretaría Distrital de Cultura, Recreación y Deporte. | C10: =CONCATENATE(D10,"-",E10,"-",F10) -> RC-GMC -1 | D10: RC | E10: GMC | F10: 1 | G10: Posibilidad de afectación reputacional por fraude interno, al recibir dádivas o beneficios para manipular la información de los instrumentos de gestión en beneficio de un proceso. | H10: Falta de integridad de los profesionales del equipo de gestión. Falta de control por parte del jefe de la dependencia en cuanto a las actividades desarrolladas por los integrantes del equipo a cargo | I10: Pérdida de credibilidad en el Sistema Integrado de Gestión de la entidad: Sanciones disciplinarias. Reprocesos. | J10: PROBABLE | K10: =H48 -> MAYOR | L10: =CONCATENATE(J10,K10) -> PROBABLEMAYOR | M10: =IF(L10="RAROINSIGNIFICANTE","BAJO",IF(L10="RAROMENOR","BAJO",IF(L10="RAROMODERADO","MODERADO",IF(L10="RAROMAYOR","ALTO",IF(L10="RAROCATASTROFICO","EXTREMO",IF(L10="IMPROBABLEINSIGNIFICANTE","BAJO",IF(L10="IMPROBABLEMENOR","BAJO",IF(L10="IMPROBABLEMODERADO","MODERADO",IF(L10="IMPROBABLEMAYOR","ALTO",IF(L10="IMPROBABLECATASTROFICO","EXTREMO",IF(L10="POSIBLEINSIGNIFICANTE","BAJO",IF(L10="POSIBLEMENOR","MODERADO",IF(L10="POSIBLEMODERADO","ALTO",IF(L10="POSIBLEMAYOR","EXTREMO",IF(L10="POSIBLECATASTROFICO","EXTREMO",IF(L10="PROBABLEINSIGNIFICANTE","MODERADO",IF(L10="PROBABLEMENOR","ALTO",IF(L10="PROBABLEMODERADO","ALTO",IF(L10="PROBABLEMAYOR","EXTREMO",IF(L10="PROBABLECATASTROFICO","EXTREMO",IF(L10="CASI SEGUROINSIGNIFICANTE","ALTO",IF(L10="CASI SEGUROMENOR","ALTO",IF(L10="CASI SEGUROMODERADO","EXTREMO",IF(L10="CASI SEGUROMAYOR","EXTREMO",IF(L10="CASI SEGUROCATASTROFICO","EXTREMO"))))))))))))))))))))))))) -> EXTREMO
C11: =CONCATENATE(D11,"-",E11,"-",F11) -> -- | K11: =I48 -> SIN IMPACTO | L11: =CONCATENATE(J11,K11) -> SIN IMPACTO | M11: =IF(L11="RAROINSIGNIFICANTE","BAJO",IF(L11="RAROMENOR","BAJO",IF(L11="RAROMODERADO","MODERADO",IF(L11="RAROMAYOR","ALTO",IF(L11="RAROCATASTROFICO","EXTREMO",IF(L11="IMPROBABLEINSIGNIFICANTE","BAJO",IF(L11="IMPROBABLEMENOR","BAJO",IF(L11="IMPROBABLEMODERADO","MODERADO",IF(L11="IMPROBABLEMAYOR","ALTO",IF(L11="IMPROBABLECATASTROFICO","EXTREMO",IF(L11="POSIBLEINSIGNIFICANTE","BAJO",IF(L11="POSIBLEMENOR","MODERADO",IF(L11="POSIBLEMODERADO","ALTO",IF(L11="POSIBLEMAYOR","EXTREMO",IF(L11="POSIBLECATASTROFICO","EXTREMO",IF(L11="PROBABLEINSIGNIFICANTE","MODERADO",IF(L11="PROBABLEMENOR","ALTO",IF(L11="PROBABLEMODERADO","ALTO",IF(L11="PROBABLEMAYOR","EXTREMO",IF(L11="PROBABLECATASTROFICO","EXTREMO",IF(L11="CASI SEGUROINSIGNIFICANTE","ALTO",IF(L11="CASI SEGUROMENOR","ALTO",IF(L11="CASI SEGUROMODERADO","EXTREMO",IF(L11="CASI SEGUROMAYOR","EXTREMO",IF(L11="CASI SEGUROCATASTROFICO","EXTREMO"))))))))))))))))))))))))) -> FALSE
C12: =CONCATENATE(D12,"-",E12,"-",F12) -> -- | K12: =J48 -> SIN IMPACTO | L12: =CONCATENATE(J12,K12) -> SIN IMPACTO | M12: =IF(L12="RAROINSIGNIFICANTE","BAJO",IF(L12="RAROMENOR","BAJO",IF(L12="RAROMODERADO","MODERADO",IF(L12="RAROMAYOR","ALTO",IF(L12="RAROCATASTROFICO","EXTREMO",IF(L12="IMPROBABLEINSIGNIFICANTE","BAJO",IF(L12="IMPROBABLEMENOR","BAJO",IF(L12="IMPROBABLEMODERADO","MODERADO",IF(L12="IMPROBABLEMAYOR","ALTO",IF(L12="IMPROBABLECATASTROFICO","EXTREMO",IF(L12="POSIBLEINSIGNIFICANTE","BAJO",IF(L12="POSIBLEMENOR","MODERADO",IF(L12="POSIBLEMODERADO","ALTO",IF(L12="POSIBLEMAYOR","EXTREMO",IF(L12="POSIBLECATASTROFICO","EXTREMO",IF(L12="PROBABLEINSIGNIFICANTE","MODERADO",IF(L12="PROBABLEMENOR","ALTO",IF(L12="PROBABLEMODERADO","ALTO",IF(L12="PROBABLEMAYOR","EXTREMO",IF(L12="PROBABLECATASTROFICO","EXTREMO",IF(L12="CASI SEGUROINSIGNIFICANTE","ALTO",IF(L12="CASI SEGUROMENOR","ALTO",IF(L12="CASI SEGUROMODERADO","EXTREMO",IF(L12="CASI SEGUROMAYOR","EXTREMO",IF(L12="CASI SEGUROCATASTROFICO","EXTREMO"))))))))))))))))))))))))) -> FALSE
C13: =CONCATENATE(D13,"-",E13,"-",F13) -> -- | K13: =K48 -> SIN IMPACTO | L13: =CONCATENATE(J13,K13) -> SIN IMPACTO | M13: =IF(L13="RAROINSIGNIFICANTE","BAJO",IF(L13="RAROMENOR","BAJO",IF(L13="RAROMODERADO","MODERADO",IF(L13="RAROMAYOR","ALTO",IF(L13="RAROCATASTROFICO","EXTREMO",IF(L13="IMPROBABLEINSIGNIFICANTE","BAJO",IF(L13="IMPROBABLEMENOR","BAJO",IF(L13="IMPROBABLEMODERADO","MODERADO",IF(L13="IMPROBABLEMAYOR","ALTO",IF(L13="IMPROBABLECATASTROFICO","EXTREMO",IF(L13="POSIBLEINSIGNIFICANTE","BAJO",IF(L13="POSIBLEMENOR","MODERADO",IF(L13="POSIBLEMODERADO","ALTO",IF(L13="POSIBLEMAYOR","EXTREMO",IF(L13="POSIBLECATASTROFICO","EXTREMO",IF(L13="PROBABLEINSIGNIFICANTE","MODERADO",IF(L13="PROBABLEMENOR","ALTO",IF(L13="PROBABLEMODERADO","ALTO",IF(L13="PROBABLEMAYOR","EXTREMO",IF(L13="PROBABLECATASTROFICO","EXTREMO",IF(L13="CASI SEGUROINSIGNIFICANTE","ALTO",IF(L13="CASI SEGUROMENOR","ALTO",IF(L13="CASI SEGUROMODERADO","EXTREMO",IF(L13="CASI SEGUROMAYOR","EXTREMO",IF(L13="CASI SEGUROCATASTROFICO","EXTREMO"))))))))))))))))))))))))) -> FALSE
C14: =CONCATENATE(D14,"-",E14,"-",F14) -> -- | K14: =L48 -> SIN IMPACTO | L14: =CONCATENATE(J14,K14) -> SIN IMPACTO | M14: =IF(L14="RAROINSIGNIFICANTE","BAJO",IF(L14="RAROMENOR","BAJO",IF(L14="RAROMODERADO","MODERADO",IF(L14="RAROMAYOR","ALTO",IF(L14="RAROCATASTROFICO","EXTREMO",IF(L14="IMPROBABLEINSIGNIFICANTE","BAJO",IF(L14="IMPROBABLEMENOR","BAJO",IF(L14="IMPROBABLEMODERADO","MODERADO",IF(L14="IMPROBABLEMAYOR","ALTO",IF(L14="IMPROBABLECATASTROFICO","EXTREMO",IF(L14="POSIBLEINSIGNIFICANTE","BAJO",IF(L14="POSIBLEMENOR","MODERADO",IF(L14="POSIBLEMODERADO","ALTO",IF(L14="POSIBLEMAYOR","EXTREMO",IF(L14="POSIBLECATASTROFICO","EXTREMO",IF(L14="PROBABLEINSIGNIFICANTE","MODERADO",IF(L14="PROBABLEMENOR","ALTO",IF(L14="PROBABLEMODERADO","ALTO",IF(L14="PROBABLEMAYOR","EXTREMO",IF(L14="PROBABLECATASTROFICO","EXTREMO",IF(L14="CASI SEGUROINSIGNIFICANTE","ALTO",IF(L14="CASI SEGUROMENOR","ALTO",IF(L14="CASI SEGUROMODERADO","EXTREMO",IF(L14="CASI SEGUROMAYOR","EXTREMO",IF(L14="CASI SEGUROCATASTROFICO","EXTREMO"))))))))))))))))))))))))) -> FALSE
G17: CRITERIOS PARA CALIFICAR LA PROBABILIDAD
G18: Descriptor | H18: Descripción | I18: Frecuencia
G19: CASI SEGURO | H19: Se espera que el evento ocurra en la mayoría de las circunstancias | I19: Mas de 1 vez al año.
G20: PROBABLE | H20: Es viable que el evento ocurra en la mayoría de las circunstancias | I20: Al menos 1 vez en el último año.
G21: POSIBLE | H21: El evento podría ocurrir en algún momento | I21: Al menos 1 vez en los últimos 2 años.
G22: IMPROBABLE | H22: El evento puede ocurrir solo en algún momento | I22: Al menos 1 vez en los últimos 5 años.
G23: RARO | H23: El evento puede ocurrir solo en circunstancias excepcionales (poco comunes o anormales) | I23: No se ha presentado en los últimos 5 años.
F25: CRITERIOS PARA CALIFICAR EL IMPACTO
F26: No | G26: PREGUNTA Si el riesgo de corrupción se materializa podría: | H26: 1 | I26: 2 | J26: 3 | K26: 4 | L26: 5 | N26: MAPA DE CALOR (RIESGO INHERENTE) - Sin controles
H27: Seleccione"SI" en el caso que aplique, de lo contrario deje el espacio en blanco | I27: Seleccione"SI" en el caso que aplique, de lo contrario deje el espacio en blanco | J27: Seleccione"SI" en el caso que aplique, de lo contrario deje el espacio en blanco | K27: Seleccione"SI" en el caso que aplique, de lo contrario deje el espacio en blanco | L27: Seleccione"SI" en el caso que aplique, de lo contrario deje el espacio en blanco | N27: IMPACTO
F28: 16 | G28: ¿Ocasionar lesiones físicas o pérdida de vidas humanas? | N28: PROBABILIDAD | Q28: Insignificante | R28: Menor | S28: Moderado | T28: Mayor | U28: Catastrofico
F29: 1 | G29: ¿Afectar al grupo de funcionarios del proceso? | H29: SI | Q29: 1 | R29: 2 | S29: 3 | T29: 4 | U29: 5
F30: 2 | G30: ¿Afectar el cumplimiento de metas y objetivos de la dependencia? | H30: SI | O30: Casi Seguro | P30: 5 | Q30: A | R30: A | S30: E | T30: E | U30: E
F31: 3 | G31: ¿Afectar el cumplimiento de misión de la Entidad? | H31: SI | O31: Probable | P31: 4 | Q31: M | R31: A | S31: A | T31: E | U31: E
F32: 4 | G32: ¿Afectar el cumplimiento de la misión del sector al que pertenece la Entidad? | O32: Posible | P32: 3 | Q32: B | R32: M | S32: A | T32: E | U32: E
F33: 5 | G33: ¿Generar pérdida de confianza de la Entidad, afectando su reputación? | H33: SI | O33: Improbable | P33: 2 | Q33: B | R33: B | S33: M | T33: A | U33: E
F34: 6 | G34: ¿Generar pérdida de recursos económicos? | O34: Raro | P34: 1 | Q34: B | R34: B | S34: M | T34: A | U34: E
F35: 7 | G35: ¿Afectar la generación de los productos o la prestación de servicios?
F36: 8 | G36: ¿Dar lugar al detrimento de calidad de vida de la comunidad por la pérdida del bien o servicios o los recursos públicos?
F37: 9 | G37: ¿Generar pérdida de información de la Entidad? | H37: SI | N37: Nivel de Riesgo
F38: 10 | G38: ¿Generar intervención de los órganos de control, de la Fiscalía, u otro ente? | H38: SI | N38: Extremo
F39: 11 | G39: ¿Dar lugar a procesos sancionatorios? | H39: SI | N39: Alto
F40: 12 | G40: ¿Dar lugar a procesos disciplinarios? | H40: SI | N40: Moderado
F41: 13 | G41: ¿Dar lugar a procesos fiscales? | N41: Bajo
F42: 14 | G42: ¿Dar lugar a procesos penales?
F43: 15 | G43: ¿Generar pérdida de credibilidad del sector?
F44: 17 | G44: ¿Afectar la imagen regional?
F45: 18 | G45: ¿Afectar la imagen nacional?
F46: 19 | G46: ¿Genera daño ambiental?
G47: TOTAL SI | H47: =COUNTIF(H28:H46,"SI") -> 8 | I47: =COUNTIF(I28:I46,"SI") -> 0 | J47: =COUNTIF(J28:J46,"SI") -> 0 | K47: =COUNTIF(K28:K46,"SI") -> 0 | L47: =COUNTIF(L28:L46,"SI") -> 0
H48: =IF(AND(H28="SI"),"CATASTROFICO",IF(AND(H47>=1,H47<=5),"MODERADO",IF(AND(H47>=6,H47<=11),"MAYOR",IF(AND(H47>=12,H47<=19),"CATASTROFICO","SIN IMPACTO")))) -> MAYOR | I48: =IF(AND(I28="SI"),"CATASTROFICO",IF(AND(I47>=1,I47<=5),"MODERADO",IF(AND(I47>=6,I47<=11),"MAYOR",IF(AND(I47>=12,I47<=19),"CATASTROFICO","SIN IMPACTO")))) -> SIN IMPACTO | J48: =IF(AND(J28="SI"),"CATASTROFICO",IF(AND(J47>=1,J47<=5),"MODERADO",IF(AND(J47>=6,J47<=11),"MAYOR",IF(AND(J47>=12,J47<=19),"CATASTROFICO","SIN IMPACTO")))) -> SIN IMPACTO | K48: =IF(AND(K28="SI"),"CATASTROFICO",IF(AND(K47>=1,K47<=5),"MODERADO",IF(AND(K47>=6,K47<=11),"MAYOR",IF(AND(K47>=12,K47<=19),"CATASTROFICO","SIN IMPACTO")))) -> SIN IMPACTO | L48: =IF(AND(L28="SI"),"CATASTROFICO",IF(AND(L47>=1,L47<=5),"MODERADO",IF(AND(L47>=6,L47<=11),"MAYOR",IF(AND(L47>=12,L47<=19),"CATASTROFICO","SIN IMPACTO")))) -> SIN IMPACTO
G50: MODERADO | H50: Afirmativamente de 1 a 5 preguntas genera medianas consecuencias sobre la entidad
G51: MAYOR | H51: Afirmativamente de 6 a 11 preguntas genera altas consecuencias sobre la entidad
G52: CATASTRÓFICO | H52: Afirmativamente de 12 a 19 preguntas genera desastrozas consecuencias sobre la entidad
H53: SI SE RESPONDE AFIRMATIVAMENTE LA PREGUNTA Nª 16 ES IMPACTO ES "CATASTROFICO"
F288: RARO | G288: INSIGNIFICANTE | H288: BAJO | J288: =CONCATENATE(F288,G288) -> RAROINSIGNIFICANTE
F289: RARO | G289: MENOR | H289: BAJO | J289: =CONCATENATE(F289,G289) -> RARO MENOR
F290: RARO | G290: MODERADO | H290: MODERADO | J290: =CONCATENATE(F290,G290) -> RARO MODERADO
F291: RARO | G291: MAYOR | H291: ALTO | J291: =CONCATENATE(F291,G291) -> RARO MAYOR
F292: RARO | G292: CATASTROFICO | H292: ALTO | J292: =CONCATENATE(F292,G292) -> RAROCATASTROFICO
F293: IMPROBABLE | G293: INSIGNIFICANTE | H293: BAJO | J293: =CONCATENATE(F293,G293) -> IMPROBABLEINSIGNIFICANTE
F294: IMPROBABLE | G294: MENOR | H294: BAJO | J294: =CONCATENATE(F294,G294) -> IMPROBABLEMENOR
F295: IMPROBABLE | G295: MODERADO | H295: MODERADO | J295: =CONCATENATE(F295,G295) -> IMPROBABLEMODERADO
F296: IMPROBABLE | G296: MAYOR | H296: ALTO | J296: =CONCATENATE(F296,G296) -> IMPROBABLEMAYOR
F297: IMPROBABLE | G297: CATASTROFICO | H297: EXTREMO | J297: =CONCATENATE(F297,G297) -> IMPROBABLECATASTROFICO
F298: POSIBLE | G298: INSIGNIFICANTE | H298: BAJO | J298: =CONCATENATE(F298,G298) -> POSIBLEINSIGNIFICANTE
F299: POSIBLE | G299: MENOR | H299: MODERADO | J299: =CONCATENATE(F299,G299) -> POSIBLEMENOR
... F312: CASI SEGURO | G312: CATASTROFICO | H312: EXTREMO | J312: =CONCATENATE(F312,G312) -> CASI SEGUROCATASTROFICO

Sheet MR_Corrup2
D1: GESTIÓN DE LA MEJORA CONTINUA | T1: Código: GMC-PR-02-FR-01
T2: =Contexto!G2 -> Versión: 04
D3: MAPA DE RIESGOS DE GESTIÓN,FISCAL,LA/FT Y CORRUPCIÓN | T3: =Contexto!G3 -> Fecha: 15/08/2025
T4: Hoja 5 de 6
A6: MATRIZ DE RIESGOS DE CORRUPCIÓN
A7: CONTROLES
B9: RIESGO: | C9: =+MR_Corrup1!G10 -> Posibilidad de afectación reputacional por fraude interno, al recibir dádivas o beneficios para manipular la información de los instrumentos de gestión en beneficio de un proceso.
G10: EVALUACIÓN DEL DISEÑO | P10: VALORACIÓN DE LA EJECUCIÓN FUERTE: El control se ejecuta de manera consistente por parte del responsable. MODERADO: El control se ejecuta algunas veces por parte del responsable. DÉBIL: El control no se ejecuta por parte del responsable. | Q10: SOLIDEZ INDIVIDUAL DEL CONTROL | T10: SOLIDEZ DEL CONJUNTO DE CONTROLES
A11: IDENTIFICACIÓN DE CONTROLES | G11: 1. Responsable | I11: 2. Periodicidad | J11: 3. Propósito | K11: 4. Como se realiza la actividad de control | L11: 5. Que pasa con las observaciones o desviaciones | M11: 6. Evidencia de la Ejecución del Control | N11: VALORACIÓN DEL DISEÑO
A12: No | B12: NOMBRE DEL CONTROL | C12: RESPONSABLE DEL CONTROL | D12: TIPO DE CONTROL | E12: DOCUMENTO O PROCEDIMIENTO QUE CONTIENE EL CONTROL | F12: DESCRIPCIÓN DEL CONTROL La descripción debe incorporar los criterios de evaluación del control: 1. Responsable. 2. Periodicidad. 3. Propósito 4. Cómo se realiza la actividad de control 5. Qué pasa con las observaciones o desviaciones 6. Evidencia de la ejecución del control | G12: ¿Existe un responsable asignado a la ejecución del control? | H12: ¿El responsable tiene la autoridad y adecuada segregación de funciones en la ejecución del control? | I12: ¿ La oportunidad en que se ejecuta el control ayuda a prevenir la mitigación del riesgo o a detectar la materialización del riesgo de manera oportuna? | J12: ¿Las actividades que se desarrollan en el control realmente buscan por si sola prevenir o detectar las causas que pueden dar origen al riesgo, ejemplo Verificar, Validar Cotejar, Comparar, Revisar, etc.? | K12: ¿La fuente de información que se utiliza en el desarrollo del control es información confiable que permita mitigar el riesgo? | L12: ¿Las observaciones, desviaciones o diferencias identificadas como resultados de la ejecución del control son investigadas y resueltas de manera oportuna? | M12: ¿Se deja evidencia o rastro de la ejecución del control, que permita a cualquier tercero con la evidencia, llegar a la misma conclusión?
A13: 1 | B13: Planes de mejoramiento Cultured | C13: Primera, segunda y tercera línea de defensa | D13: PREVENTIVO | E13: GMC-PR-04 Formulación, seguimiento y evaluación a planes de mejoramiento | F13: El Profesional OAP, actuando como Segunda Línea de Defensa, verifica la calidad y coherencia de la información cargada por la primera línea de defensa en el módulo de control interno, realizando una revisión de la correcta aplicación metodológica en el análisis de causas y la coherencia con las actividades propuestas. En caso de identificar inconsistencias o desviaciones, el Profesional OAP registra las observaciones y recomendaciones de mejora en el módulo de control interno, siguiendo el instructivo GMC-IT-01 y procedimiento de planes de mejoramiento , y dejando dicha evidencia como soporte de la ejecución del control. | G13: SI | H13: SI | I13: SI | J13: SI | K13: SI | L13: SI | M13: SI | N13: =SUM((IF(G13="SI",15,0)),(IF(H13="SI",15,0)),(IF(I13="SI",15,0)),(IF(J13="SI",15,0)),(IF(K13="SI",15,0)),(IF(L13="SI",15,0)),(IF(M13="SI",10,IF(M13="INCOMPLETA","5",0)))) -> 100 | O13: =IF(N13>=96,"FUERTE",IF(AND(N13<=95,N13>=86),"MODERADO",IF(AND(N13<86,N13>0),"DEBIL",IF(N13=0,"")))) -> FUERTE | P13: FUERTE | Q13: =CONCATENATE(O13,P13) -> FUERTEFUERTE | R13: =IF(Q13="FUERTEFUERTE","FUERTE",IF(Q13="FUERTEMODERADO","MODERADO",IF(Q13="FUERTEDEBIL","DEBIL",IF(Q13="MODERADOFUERTE","MODERADO",IF(Q13="MODERADOMODERADO","MODERADO",IF(Q13="MODERADODEBIL","DEBIL",IF(Q13="DEBILFUERTE","DEBIL",IF(Q13="DEBILMODERADO","DEBIL",IF(Q13="DEBILDEBIL","DEBIL"))))))))) -> FUERTE | S13: =IF(Q13="FUERTEFUERTE",100,IF(Q13="FUERTEMODERADO",50,IF(Q13="FUERTEDEBIL",0,IF(Q13="MODERADOFUERTE",50,IF(Q13="MODERADOMODERADO",50,IF(Q13="MODERADODEBIL",0,IF(Q13="DEBILFUERTE",0,IF(Q13="DEBILMODERADO",0,IF(Q13="DEBILDEBIL",0))))))))) -> 100 | T13: =AVERAGE(S13:S18) -> 100 | U13: =IF(T13=100,"FUERTE",IF(AND(T13<=99,T13>=50),"MODERADO",IF(T13<50,"DEBIL"))) -> FUERTE
A14: 2 | B14: Control de documentos por GLPI | C14: Primera y segunda línea de defensa | D14: PREVENTIVO | E14: GMC-PR-01 Creación y Control de Documentos | F14: El profesional de la OAP, cada vez que el proceso solicite una eliminación, verificará la justificación para determinar si es procedente la eliminación. Si la justificación no es clara y no argumenta las razones necesarias para eliminar el documento se devolverá la solicitud para su ajuste a través de GLPI. La evidencia de la solicitud y trámite de la eliminación quedará regirstrada en Orfeo donde también se anexará el correo informanda de dicha eliminación. | G14: SI | H14: SI | I14: SI | J14: SI | K14: SI | L14: SI | M14: SI | N14: =SUM((IF(G14="SI",15,0)),(IF(H14="SI",15,0)),(IF(I14="SI",15,0)),(IF(J14="SI",15,0)),(IF(K14="SI",15,0)),(IF(L14="SI",15,0)),(IF(M14="SI",10,IF(M14="INCOMPLETA","5",0)))) -> 100 | O14: =IF(N14>=96,"FUERTE",IF(AND(N14<=95,N14>=86),"MODERADO",IF(AND(N14<86,N14>0),"DEBIL",IF(N14=0,"")))) -> FUERTE | P14: FUERTE | Q14: =CONCATENATE(O14,P14) -> FUERTEFUERTE | R14: =IF(Q14="FUERTEFUERTE","FUERTE",IF(Q14="FUERTEMODERADO","MODERADO",IF(Q14="FUERTEDEBIL","DEBIL",IF(Q14="MODERADOFUERTE","MODERADO",IF(Q14="MODERADOMODERADO","MODERADO",IF(Q14="MODERADODEBIL","DEBIL",IF(Q14="DEBILFUERTE","DEBIL",IF(Q14="DEBILMODERADO","DEBIL",IF(Q14="DEBILDEBIL","DEBIL"))))))))) -> FUERTE | S14: =IF(Q14="FUERTEFUERTE",100,IF(Q14="FUERTEMODERADO",50,IF(Q14="FUERTEDEBIL",0,IF(Q14="MODERADOFUERTE",50,IF(Q14="MODERADOMODERADO",50,IF(Q14="MODERADODEBIL",0,IF(Q14="DEBILFUERTE",0,IF(Q14="DEBILMODERADO",0,IF(Q14="DEBILDEBIL",0))))))))) -> 100
A15: 3 | N15: =SUM((IF(G15="SI",15,0)),(IF(H15="SI",15,0)),(IF(I15="SI",15,0)),(IF(J15="SI",15,0)),(IF(K15="SI",15,0)),(IF(L15="SI",15,0)),(IF(M15="SI",10,IF(M15="INCOMPLETA","5",0)))) -> 0 | O15: =IF(N15>=96,"FUERTE",IF(AND(N15<=95,N15>=86),"MODERADO",IF(AND(N15<86,N15>0),"DEBIL",IF(N15=0,"")))) | P15: FUERTE | Q15: =CONCATENATE(O15,P15) -> FUERTE | R15: =IF(Q15="FUERTEFUERTE","FUERTE",IF(Q15="FUERTEMODERADO","MODERADO",IF(Q15="FUERTEDEBIL","DEBIL",IF(Q15="MODERADOFUERTE","MODERADO",IF(Q15="MODERADOMODERADO","MODERADO",IF(Q15="MODERADODEBIL","DEBIL",IF(Q15="DEBILFUERTE","DEBIL",IF(Q15="DEBILMODERADO","DEBIL",IF(Q15="DEBILDEBIL","DEBIL"))))))))) -> FALSE | S15: =IF(Q15="FUERTEFUERTE",100,IF(Q15="FUERTEMODERADO",50,IF(Q15="FUERTEDEBIL",0,IF(Q15="MODERADOFUERTE",50,IF(Q15="MODERADOMODERADO",50,IF(Q15="MODERADODEBIL",0,IF(Q15="DEBILFUERTE",0,IF(Q15="DEBILMODERADO",0,IF(Q15="DEBILDEBIL",0))))))))) -> FALSE
A16: 4 | N16: =SUM((IF(G16="SI",15,0)),(IF(H16="SI",15,0)),(IF(I16="SI",15,0)),(IF(J16="SI",15,0)),(IF(K16="SI",15,0)),(IF(L16="SI",15,0)),(IF(M16="SI",10,IF(M16="INCOMPLETA","5",0)))) -> 0 | O16: =IF(N16>=96,"FUERTE",IF(AND(N16<=95,N16>=86),"MODERADO",IF(AND(N16<86,N16>0),"DEBIL",IF(N16=0,"")))) | P16: FUERTE | Q16: =CONCATENATE(O16,P16) -> FUERTE | R16: =IF(Q16="FUERTEFUERTE","FUERTE",IF(Q16="FUERTEMODERADO","MODERADO",IF(Q16="FUERTEDEBIL","DEBIL",IF(Q16="MODERADOFUERTE","MODERADO",IF(Q16="MODERADOMODERADO","MODERADO",IF(Q16="MODERADODEBIL","DEBIL",IF(Q16="DEBILFUERTE","DEBIL",IF(Q16="DEBILMODERADO","DEBIL",IF(Q16="DEBILDEBIL","DEBIL"))))))))) -> FALSE | S16: =IF(Q16="FUERTEFUERTE",100,IF(Q16="FUERTEMODERADO",50,IF(Q16="FUERTEDEBIL",0,IF(Q16="MODERADOFUERTE",50,IF(Q16="MODERADOMODERADO",50,IF(Q16="MODERADODEBIL",0,IF(Q16="DEBILFUERTE",0,IF(Q16="DEBILMODERADO",0,IF(Q16="DEBILDEBIL",0))))))))) -> FALSE
A17: 5 | N17: =SUM((IF(G17="SI",15,0)),(IF(H17="SI",15,0)),(IF(I17="SI",15,0)),(IF(J17="SI",15,0)),(IF(K17="SI",15,0)),(IF(L17="SI",15,0)),(IF(M17="SI",10,IF(M17="INCOMPLETA","5",0)))) -> 0 | O17: =IF(N17>=96,"FUERTE",IF(AND(N17<=95,N17>=86),"MODERADO",IF(AND(N17<86,N17>0),"DEBIL",IF(N17=0,"")))) | Q17: =CONCATENATE(O17,P17) | R17: =IF(Q17="FUERTEFUERTE","FUERTE",IF(Q17="FUERTEMODERADO","MODERADO",IF(Q17="FUERTEDEBIL","DEBIL",IF(Q17="MODERADOFUERTE","MODERADO",IF(Q17="MODERADOMODERADO","MODERADO",IF(Q17="MODERADODEBIL","DEBIL",IF(Q17="DEBILFUERTE","DEBIL",IF(Q17="DEBILMODERADO","DEBIL",IF(Q17="DEBILDEBIL","DEBIL"))))))))) -> FALSE | S17: =IF(Q17="FUERTEFUERTE",100,IF(Q17="FUERTEMODERADO",50,IF(Q17="FUERTEDEBIL",0,IF(Q17="MODERADOFUERTE",50,IF(Q17="MODERADOMODERADO",50,IF(Q17="MODERADODEBIL",0,IF(Q17="DEBILFUERTE",0,IF(Q17="DEBILMODERADO",0,IF(Q17="DEBILDEBIL",0))))))))) -> FALSE
A18: 6 | N18: =SUM((IF(G18="SI",15,0)),(IF(H18="SI",15,0)),(IF(I18="SI",15,0)),(IF(J18="SI",15,0)),(IF(K18="SI",15,0)),(IF(L18="SI",15,0)),(IF(M18="SI",10,IF(M18="INCOMPLETA","5",0)))) -> 0 | O18: =IF(N18>=96,"FUERTE",IF(AND(N18<=95,N18>=86),"MODERADO",IF(AND(N18<86,N18>0),"DEBIL",IF(N18=0,"")))) | Q18: =CONCATENATE(O18,P18) | R18: =IF(Q18="FUERTEFUERTE","FUERTE",IF(Q18="FUERTEMODERADO","MODERADO",IF(Q18="FUERTEDEBIL","DEBIL",IF(Q18="MODERADOFUERTE","MODERADO",IF(Q18="MODERADOMODERADO","MODERADO",IF(Q18="MODERADODEBIL","DEBIL",IF(Q18="DEBILFUERTE","DEBIL",IF(Q18="DEBILMODERADO","DEBIL",IF(Q18="DEBILDEBIL","DEBIL"))))))))) -> FALSE | S18: =IF(Q18="FUERTEFUERTE",100,IF(Q18="FUERTEMODERADO",50,IF(Q18="FUERTEDEBIL",0,IF(Q18="MODERADOFUERTE",50,IF(Q18="MODERADOMODERADO",50,IF(Q18="MODERADODEBIL",0,IF(Q18="DEBILFUERTE",0,IF(Q18="DEBILMODERADO",0,IF(Q18="DEBILDEBIL",0))))))))) -> FALSE
B20: RIESGO: | C20: =+MR_Corrup1!G11 -> 0
G21: EVALUACIÓN DEL DISEÑO | P21: VALORACIÓN DE LA EJECUCIÓN FUERTE: El control se ejecuta de manera consistente por parte del responsable. MODERADO: El control se ejecuta algunas veces por parte del responsable. DÉBIL: El control no se ejecuta por parte del responsable. | Q21: SOLIDEZ INDIVIDUAL DEL CONTROL | T21: SOLIDEZ DEL CONJUNTO DE CONTROLES
A22: CONTROLES | G22: 1. Responsable | I22: 2. Periodicidad | J22: 3. Propósito | K22: 4. Como se realiza la actividad de control | L22: 5. Que pasa con las observaciones o desviaciones | M22: 6. Evidencia de la Ejecución del Control | N22: VALORACIÓN DEL DISEÑO
A23: No | B23: NOMBRE DEL CONTROL | C23: RESPONSABLE DEL CONTROL | D23: TIPO DE CONTROL | E23: DOCUMENTO O PROCEDIMIENTO QUE CONTIENE EL CONTROL | F23: DESCRIPCIÓN DEL CONTROL La descripción debe incorporar los criterios de evaluación del control: 1. Responsable. 2. Periodicidad. 3. Propósito 4. Cómo se realiza la actividad de control 5. Qué pasa con ls observaciones o desviaciones 6. Evidencia de la ejecución del control | G23: ¿Existe un responsable asignado a la ejecución del control? | H23: ¿El responsable tiene la autoridad y adecuada segregación de funciones en la ejecución del control? | I23: ¿ La oportunidad en que se ejecuta el control ayuda a prevenir la mitigación del riesgo o a detectar la materialización del riesgo de manera oportuna? | J23: ¿Las actividades que se desarrollan en el control realmente buscan por si sola prevenir o detectar las causas que pueden dar origen al riesgo, ejemplo Verificar, Validar Cotejar, Comparar, Revisar, etc.? | K23: ¿La fuente de información que se utiliza en el desarrollo del control es información confiable que permita mitigar el riesgo? | L23: ¿Las observaciones, desviaciones o diferencias identificadas como resultados de la ejecución del control son investigadas y resueltas de manera oportuna? | M23: ¿Se deja evidencia o rastro de la ejecución del control, que permita a cualquier tercero con la evidencia, llegar a la misma conclusión?
A24: 1 | N24: =SUM((IF(G24="SI",15,0)),(IF(H24="SI",15,0)),(IF(I24="SI",15,0)),(IF(J24="SI",15,0)),(IF(K24="SI",15,0)),(IF(L24="SI",15,0)),(IF(M24="SI",10,IF(M24="INCOMPLETA","5",0)))) -> 0 | O24: =IF(N24>=96,"FUERTE",IF(AND(N24<=95,N24>=86),"MODERADO",IF(AND(N24<86,N24>0),"DEBIL",IF(N24=0,"")))) | P24: FUERTE | Q24: =CONCATENATE(O24,P24) -> FUERTE | R24: =IF(Q24="FUERTEFUERTE","FUERTE",IF(Q24="FUERTEMODERADO","MODERADO",IF(Q24="FUERTEDEBIL","DEBIL",IF(Q24="MODERADOFUERTE","MODERADO",IF(Q24="MODERADOMODERADO","MODERADO",IF(Q24="MODERADODEBIL","DEBIL",IF(Q24="DEBILFUERTE","DEBIL",IF(Q24="DEBILMODERADO","DEBIL",IF(Q24="DEBILDEBIL","DEBIL"))))))))) -> FALSE | S24: =IF(Q24="FUERTEFUERTE",100,IF(Q24="FUERTEMODERADO",50,IF(Q24="FUERTEDEBIL",0,IF(Q24="MODERADOFUERTE",50,IF(Q24="MODERADOMODERADO",50,IF(Q24="MODERADODEBIL",0,IF(Q24="DEBILFUERTE",0,IF(Q24="DEBILMODERADO",0,IF(Q24="DEBILDEBIL",0))))))))) -> FALSE | T24: =AVERAGE(S24:S29) -> #DIV/0! | U24: =IF(T24=100,"FUERTE",IF(AND(T24<=99,T24>=50),"MODERADO",IF(T24<50,"DEBIL"))) -> #DIV/0!
A25: 2 | N25: =SUM((IF(G25="SI",15,0)),(IF(H25="SI",15,0)),(IF(I25="SI",15,0)),(IF(J25="SI",15,0)),(IF(K25="SI",15,0)),(IF(L25="SI",15,0)),(IF(M25="SI",10,IF(M25="INCOMPLETA","5",0)))) -> 0 | O25: =IF(N25>=96,"FUERTE",IF(AND(N25<=95,N25>=86),"MODERADO",IF(AND(N25<86,N25>0),"DEBIL",IF(N25=0,"")))) | P25: FUERTE | Q25: =CONCATENATE(O25,P25) -> FUERTE | R25: =IF(Q25="FUERTEFUERTE","FUERTE",IF(Q25="FUERTEMODERADO","MODERADO",IF(Q25="FUERTEDEBIL","DEBIL",IF(Q25="MODERADOFUERTE","MODERADO",IF(Q25="MODERADOMODERADO","MODERADO",IF(Q25="MODERADODEBIL","DEBIL",IF(Q25="DEBILFUERTE","DEBIL",IF(Q25="DEBILMODERADO","DEBIL",IF(Q25="DEBILDEBIL","DEBIL"))))))))) -> FALSE | S25: =IF(Q25="FUERTEFUERTE",100,IF(Q25="FUERTEMODERADO",50,IF(Q25="FUERTEDEBIL",0,IF(Q25="MODERADOFUERTE",50,IF(Q25="MODERADOMODERADO",50,IF(Q25="MODERADODEBIL",0,IF(Q25="DEBILFUERTE",0,IF(Q25="DEBILMODERADO",0,IF(Q25="DEBILDEBIL",0))))))))) -> FALSE
A26: 3 | N26: =SUM((IF(G26="SI",15,0)),(IF(H26="SI",15,0)),(IF(I26="SI",15,0)),(IF(J26="SI",15,0)),(IF(K26="SI",15,0)),(IF(L26="SI",15,0)),(IF(M26="SI",10,IF(M26="INCOMPLETA","5",0)))) -> 0 | O26: =IF(N26>=96,"FUERTE",IF(AND(N26<=95,N26>=86),"MODERADO",IF(AND(N26<86,N26>0),"DEBIL",IF(N26=0,"")))) | Q26: =CONCATENATE(O26,P26) | R26: =IF(Q26="FUERTEFUERTE","FUERTE",IF(Q26="FUERTEMODERADO","MODERADO",IF(Q26="FUERTEDEBIL","DEBIL",IF(Q26="MODERADOFUERTE","MODERADO",IF(Q26="MODERADOMODERADO","MODERADO",IF(Q26="MODERADODEBIL","DEBIL",IF(Q26="DEBILFUERTE","DEBIL",IF(Q26="DEBILMODERADO","DEBIL",IF(Q26="DEBILDEBIL","DEBIL"))))))))) -> FALSE | S26: =IF(Q26="FUERTEFUERTE",100,IF(Q26="FUERTEMODERADO",50,IF(Q26="FUERTEDEBIL",0,IF(Q26="MODERADOFUERTE",50,IF(Q26="MODERADOMODERADO",50,IF(Q26="MODERADODEBIL",0,IF(Q26="DEBILFUERTE",0,IF(Q26="DEBILMODERADO",0,IF(Q26="DEBILDEBIL",0))))))))) -> FALSE
A27: 4 | N27: =SUM((IF(G27="SI",15,0)),(IF(H27="SI",15,0)),(IF(I27="SI",15,0)),(IF(J27="SI",15,0)),(IF(K27="SI",15,0)),(IF(L27="SI",15,0)),(IF(M27="SI",10,IF(M27="INCOMPLETA","5",0)))) -> 0 | O27: =IF(N27>=96,"FUERTE",IF(AND(N27<=95,N27>=86),"MODERADO",IF(AND(N27<86,N27>0),"DEBIL",IF(N27=0,"")))) | Q27: =CONCATENATE(O27,P27) | R27: =IF(Q27="FUERTEFUERTE","FUERTE",IF(Q27="FUERTEMODERADO","MODERADO",IF(Q27="FUERTEDEBIL","DEBIL",IF(Q27="MODERADOFUERTE","MODERADO",IF(Q27="MODERADOMODERADO","MODERADO",IF(Q27="MODERADODEBIL","DEBIL",IF(Q27="DEBILFUERTE","DEBIL",IF(Q27="DEBILMODERADO","DEBIL",IF(Q27="DEBILDEBIL","DEBIL"))))))))) -> FALSE | S27: =IF(Q27="FUERTEFUERTE",100,IF(Q27="FUERTEMODERADO",50,IF(Q27="FUERTEDEBIL",0,IF(Q27="MODERADOFUERTE",50,IF(Q27="MODERADOMODERADO",50,IF(Q27="MODERADODEBIL",0,IF(Q27="DEBILFUERTE",0,IF(Q27="DEBILMODERADO",0,IF(Q27="DEBILDEBIL",0))))))))) -> FALSE
A28: 5 | N28: =SUM((IF(G28="SI",15,0)),(IF(H28="SI",15,0)),(IF(I28="SI",15,0)),(IF(J28="SI",15,0)),(IF(K28="SI",15,0)),(IF(L28="SI",15,0)),(IF(M28="SI",10,IF(M28="INCOMPLETA","5",0)))) -> 0 | O28: =IF(N28>=96,"FUERTE",IF(AND(N28<=95,N28>=86),"MODERADO",IF(AND(N28<86,N28>0),"DEBIL",IF(N28=0,"")))) | Q28: =CONCATENATE(O28,P28) | R28: =IF(Q28="FUERTEFUERTE","FUERTE",IF(Q28="FUERTEMODERADO","MODERADO",IF(Q28="FUERTEDEBIL","DEBIL",IF(Q28="MODERADOFUERTE","MODERADO",IF(Q28="MODERADOMODERADO","MODERADO",IF(Q28="MODERADODEBIL","DEBIL",IF(Q28="DEBILFUERTE","DEBIL",IF(Q28="DEBILMODERADO","DEBIL",IF(Q28="DEBILDEBIL","DEBIL"))))))))) -> FALSE | S28: =IF(Q28="FUERTEFUERTE",100,IF(Q28="FUERTEMODERADO",50,IF(Q28="FUERTEDEBIL",0,IF(Q28="MODERADOFUERTE",50,IF(Q28="MODERADOMODERADO",50,IF(Q28="MODERADODEBIL",0,IF(Q28="DEBILFUERTE",0,IF(Q28="DEBILMODERADO",0,IF(Q28="DEBILDEBIL",0))))))))) -> FALSE
A29: 6 | N29: =SUM((IF(G29="SI",15,0)),(IF(H29="SI",15,0)),(IF(I29="SI",15,0)),(IF(J29="SI",15,0)),(IF(K29="SI",15,0)),(IF(L29="SI",15,0)),(IF(M29="SI",10,IF(M29="INCOMPLETA","5",0)))) -> 0 | O29: =IF(N29>=96,"FUERTE",IF(AND(N29<=95,N29>=86),"MODERADO",IF(AND(N29<86,N29>0),"DEBIL",IF(N29=0,"")))) | Q29: =CONCATENATE(O29,P29) | R29: =IF(Q29="FUERTEFUERTE","FUERTE",IF(Q29="FUERTEMODERADO","MODERADO",IF(Q29="FUERTEDEBIL","DEBIL",IF(Q29="MODERADOFUERTE","MODERADO",IF(Q29="MODERADOMODERADO","MODERADO",IF(Q29="MODERADODEBIL","DEBIL",IF(Q29="DEBILFUERTE","DEBIL",IF(Q29="DEBILMODERADO","DEBIL",IF(Q29="DEBILDEBIL","DEBIL"))))))))) -> FALSE | S29: =IF(Q29="FUERTEFUERTE",100,IF(Q29="FUERTEMODERADO",50,IF(Q29="FUERTEDEBIL",0,IF(Q29="MODERADOFUERTE",50,IF(Q29="MODERADOMODERADO",50,IF(Q29="MODERADODEBIL",0,IF(Q29="DEBILFUERTE",0,IF(Q29="DEBILMODERADO",0,IF(Q29="DEBILDEBIL",0))))))))) -> FALSE
B31: RIESGO: | C31: =+MR_Corrup1!G12 -> 0
G32: EVALUACIÓN DEL DISEÑO | P32: VALORACIÓN DE LA EJECUCIÓN FUERTE: El control se ejecuta de manera consistente por parte del responsable. MODERADO: El control se ejecuta algunas veces por parte del responsable. DÉBIL: El control no se ejecuta por parte del responsable. | Q32: SOLIDEZ INDIVIDUAL DEL CONTROL | T32: SOLIDEZ DEL CONJUNTO DE CONTROLES
A33: CONTROLES | G33: 1. Responsable | I33: 2. Periodicidad | J33: 3. Propósito | K33: 4. Como se realiza la actividad de control | L33: 5. Que pasa con las observaciones o desviaciones | M33: 6. Evidencia de la Ejecución del Control | N33: VALORACIÓN DEL DISEÑO
A34: No | B34: NOMBRE DEL CONTROL | C34: RESPONSABLE DEL CONTROL | D34: TIPO DE CONTROL | E34: DOCUMENTO O PROCEDIMIENTO QUE CONTIENE EL CONTROL | F34: DESCRIPCIÓN DEL CONTROL La descripción debe incorporar los criterios de evaluación del control: 1. Responsable. 2. Periodicidad. 3. Propósito 4. Cómo se realiza la actividad de control 5. Qué pasa con ls observaciones o desviaciones 6. Evidencia de la ejecución del control | G34: ¿Existe un responsable asignado a la ejecución del control? | H34: ¿El responsable tiene la autoridad y adecuada segregación de funciones en la ejecución del control? | I34: ¿ La oportunidad en que se ejecuta el control ayuda a prevenir la mitigación del riesgo o a detectar la materialización del riesgo de manera oportuna? | J34: ¿Las actividades que se desarrollan en el control realmente buscan por si sola prevenir o detectar las causas que pueden dar origen al riesgo, ejemplo Verificar, Validar Cotejar, Comparar, Revisar, etc.? | K34: ¿La fuente de información que se utiliza en el desarrollo del control es información confiable que permita mitigar el riesgo? | L34: ¿Las observaciones, desviaciones o diferencias identificadas como resultados de la ejecución del control son investigadas y resueltas de manera oportuna? | M34: ¿Se deja evidencia o rastro de la ejecución del control, que permita a cualquier tercero con la evidencia, llegar a la misma conclusión?
A35: 1 | N35: =SUM((IF(G35="SI",15,0)),(IF(H35="SI",15,0)),(IF(I35="SI",15,0)),(IF(J35="SI",15,0)),(IF(K35="SI",15,0)),(IF(L35="SI",15,0)),(IF(M35="SI",10,IF(M35="INCOMPLETA","5",0)))) -> 0 | O35: =IF(N35>=96,"FUERTE",IF(AND(N35<=95,N35>=86),"MODERADO",IF(AND(N35<86,N35>0),"DEBIL",IF(N35=0,"")))) | P35: FUERTE | Q35: =CONCATENATE(O35,P35) -> FUERTE | R35: =IF(Q35="FUERTEFUERTE","FUERTE",IF(Q35="FUERTEMODERADO","MODERADO",IF(Q35="FUERTEDEBIL","DEBIL",IF(Q35="MODERADOFUERTE","MODERADO",IF(Q35="MODERADOMODERADO","MODERADO",IF(Q35="MODERADODEBIL","DEBIL",IF(Q35="DEBILFUERTE","DEBIL",IF(Q35="DEBILMODERADO","DEBIL",IF(Q35="DEBILDEBIL","DEBIL"))))))))) -> FALSE | S35: =IF(Q35="FUERTEFUERTE",100,IF(Q35="FUERTEMODERADO",50,IF(Q35="FUERTEDEBIL",0,IF(Q35="MODERADOFUERTE",50,IF(Q35="MODERADOMODERADO",50,IF(Q35="MODERADODEBIL",0,IF(Q35="DEBILFUERTE",0,IF(Q35="DEBILMODERADO",0,IF(Q35="DEBILDEBIL",0))))))))) -> FALSE | T35: =AVERAGE(S35:S40) -> #DIV/0! | U35: =IF(T35=100,"FUERTE",IF(AND(T35<=99,T35>=50),"MODERADO",IF(T35<50,"DEBIL"))) -> #DIV/0!
A36: 2 | N36: =SUM((IF(G36="SI",15,0)),(IF(H36="SI",15,0)),(IF(I36="SI",15,0)),(IF(J36="SI",15,0)),(IF(K36="SI",15,0)),(IF(L36="SI",15,0)),(IF(M36="SI",10,IF(M36="INCOMPLETA","5",0)))) -> 0 | O36: =IF(N36>=96,"FUERTE",IF(AND(N36<=95,N36>=86),"MODERADO",IF(AND(N36<86,N36>0),"DEBIL",IF(N36=0,"")))) | P36: FUERTE | Q36: =CONCATENATE(O36,P36) -> FUERTE | R36: =IF(Q36="FUERTEFUERTE","FUERTE",IF(Q36="FUERTEMODERADO","MODERADO",IF(Q36="FUERTEDEBIL","DEBIL",IF(Q36="MODERADOFUERTE","MODERADO",IF(Q36="MODERADOMODERADO","MODERADO",IF(Q36="MODERADODEBIL","DEBIL",IF(Q36="DEBILFUERTE","DEBIL",IF(Q36="DEBILMODERADO","DEBIL",IF(Q36="DEBILDEBIL","DEBIL"))))))))) -> FALSE | S36: =IF(Q36="FUERTEFUERTE",100,IF(Q36="FUERTEMODERADO",50,IF(Q36="FUERTEDEBIL",0,IF(Q36="MODERADOFUERTE",50,IF(Q36="MODERADOMODERADO",50,IF(Q36="MODERADODEBIL",0,IF(Q36="DEBILFUERTE",0,IF(Q36="DEBILMODERADO",0,IF(Q36="DEBILDEBIL",0))))))))) -> FALSE
A37: 3 | N37: =SUM((IF(G37="SI",15,0)),(IF(H37="SI",15,0)),(IF(I37="SI",15,0)),(IF(J37="SI",15,0)),(IF(K37="SI",15,0)),(IF(L37="SI",15,0)),(IF(M37="SI",10,IF(M37="INCOMPLETA","5",0)))) -> 0 | O37: =IF(N37>=96,"FUERTE",IF(AND(N37<=95,N37>=86),"MODERADO",IF(AND(N37<86,N37>0),"DEBIL",IF(N37=0,"")))) | P37: FUERTE | Q37: =CONCATENATE(O37,P37) -> FUERTE | R37: =IF(Q37="FUERTEFUERTE","FUERTE",IF(Q37="FUERTEMODERADO","MODERADO",IF(Q37="FUERTEDEBIL","DEBIL",IF(Q37="MODERADOFUERTE","MODERADO",IF(Q37="MODERADOMODERADO","MODERADO",IF(Q37="MODERADODEBIL","DEBIL",IF(Q37="DEBILFUERTE","DEBIL",IF(Q37="DEBILMODERADO","DEBIL",IF(Q37="DEBILDEBIL","DEBIL"))))))))) -> FALSE | S37: =IF(Q37="FUERTEFUERTE",100,IF(Q37="FUERTEMODERADO",50,IF(Q37="FUERTEDEBIL",0,IF(Q37="MODERADOFUERTE",50,IF(Q37="MODERADOMODERADO",50,IF(Q37="MODERADODEBIL",0,IF(Q37="DEBILFUERTE",0,IF(Q37="DEBILMODERADO",0,IF(Q37="DEBILDEBIL",0))))))))) -> FALSE
A38: 4 | N38: =SUM((IF(G38="SI",15,0)),(IF(H38="SI",15,0)),(IF(I38="SI",15,0)),(IF(J38="SI",15,0)),(IF(K38="SI",15,0)),(IF(L38="SI",15,0)),(IF(M38="SI",10,IF(M38="INCOMPLETA","5",0)))) -> 0 | O38: =IF(N38>=96,"FUERTE",IF(AND(N38<=95,N38>=86),"MODERADO",IF(AND(N38<86,N38>0),"DEBIL",IF(N38=0,"")))) | P38: FUERTE | Q38: =CONCATENATE(O38,P38) -> FUERTE | R38: =IF(Q38="FUERTEFUERTE","FUERTE",IF(Q38="FUERTEMODERADO","MODERADO",IF(Q38="FUERTEDEBIL","DEBIL",IF(Q38="MODERADOFUERTE","MODERADO",IF(Q38="MODERADOMODERADO","MODERADO",IF(Q38="MODERADODEBIL","DEBIL",IF(Q38="DEBILFUERTE","DEBIL",IF(Q38="DEBILMODERADO","DEBIL",IF(Q38="DEBILDEBIL","DEBIL"))))))))) -> FALSE | S38: =IF(Q38="FUERTEFUERTE",100,IF(Q38="FUERTEMODERADO",50,IF(Q38="FUERTEDEBIL",0,IF(Q38="MODERADOFUERTE",50,IF(Q38="MODERADOMODERADO",50,IF(Q38="MODERADODEBIL",0,IF(Q38="DEBILFUERTE",0,IF(Q38="DEBILMODERADO",0,IF(Q38="DEBILDEBIL",0))))))))) -> FALSE
A39: 5 | N39: =SUM((IF(G39="SI",15,0)),(IF(H39="SI",15,0)),(IF(I39="SI",15,0)),(IF(J39="SI",15,0)),(IF(K39="SI",15,0)),(IF(L39="SI",15,0)),(IF(M39="SI",10,IF(M39="INCOMPLETA","5",0)))) -> 0 | O39: =IF(N39>=96,"FUERTE",IF(AND(N39<=95,N39>=86),"MODERADO",IF(AND(N39<86,N39>0),"DEBIL",IF(N39=0,"")))) | P39: FUERTE | Q39: =CONCATENATE(O39,P39) -> FUERTE | R39: =IF(Q39="FUERTEFUERTE","FUERTE",IF(Q39="FUERTEMODERADO","MODERADO",IF(Q39="FUERTEDEBIL","DEBIL",IF(Q39="MODERADOFUERTE","MODERADO",IF(Q39="MODERADOMODERADO","MODERADO",IF(Q39="MODERADODEBIL","DEBIL",IF(Q39="DEBILFUERTE","DEBIL",IF(Q39="DEBILMODERADO","DEBIL",IF(Q39="DEBILDEBIL","DEBIL"))))))))) -> FALSE | S39: =IF(Q39="FUERTEFUERTE",100,IF(Q39="FUERTEMODERADO",50,IF(Q39="FUERTEDEBIL",0,IF(Q39="MODERADOFUERTE",50,IF(Q39="MODERADOMODERADO",50,IF(Q39="MODERADODEBIL",0,IF(Q39="DEBILFUERTE",0,IF(Q39="DEBILMODERADO",0,IF(Q39="DEBILDEBIL",0))))))))) -> FALSE
A40: 6 | N40: =SUM((IF(G40="SI",15,0)),(IF(H40="SI",15,0)),(IF(I40="SI",15,0)),(IF(J40="SI",15,0)),(IF(K40="SI",15,0)),(IF(L40="SI",15,0)),(IF(M40="SI",10,IF(M40="INCOMPLETA","5",0)))) -> 0 | O40: =IF(N40>=96,"FUERTE",IF(AND(N40<=95,N40>=86),"MODERADO",IF(AND(N40<86,N40>0),"DEBIL",IF(N40=0,"")))) | P40: FUERTE | Q40: =CONCATENATE(O40,P40) -> FUERTE | R40: =IF(Q40="FUERTEFUERTE","FUERTE",IF(Q40="FUERTEMODERADO","MODERADO",IF(Q40="FUERTEDEBIL","DEBIL",IF(Q40="MODERADOFUERTE","MODERADO",IF(Q40="MODERADOMODERADO","MODERADO",IF(Q40="MODERADODEBIL","DEBIL",IF(Q40="DEBILFUERTE","DEBIL",IF(Q40="DEBILMODERADO","DEBIL",IF(Q40="DEBILDEBIL","DEBIL"))))))))) -> FALSE | S40: =IF(Q40="FUERTEFUERTE",100,IF(Q40="FUERTEMODERADO",50,IF(Q40="FUERTEDEBIL",0,IF(Q40="MODERADOFUERTE",50,IF(Q40="MODERADOMODERADO",50,IF(Q40="MODERADODEBIL",0,IF(Q40="DEBILFUERTE",0,IF(Q40="DEBILMODERADO",0,IF(Q40="DEBILDEBIL",0))))))))) -> FALSE
B42: RIESGO: | C42: =+MR_Corrup1!G13 -> 0
G43: EVALUACIÓN DEL DISEÑO | P43: VALORACIÓN DE LA EJECUCIÓN FUERTE: El control se ejecuta de manera consistente por parte del responsable. MODERADO: El control se ejecuta algunas veces por parte del responsable. DÉBIL: El control no se ejecuta por parte del responsable. | Q43: SOLIDEZ INDIVIDUAL DEL CONTROL | T43: SOLIDEZ DEL CONJUNTO DE CONTROLES
A44: CONTROLES | G44: 1. Responsable | I44: 2. Periodicidad | J44: 3. Propósito | K44: 4. Como se realiza la actividad de control | L44: 5. Que pasa con las observaciones o desviaciones | M44: 6. Evidencia de la Ejecución del Control | N44: VALORACIÓN DEL DISEÑO
A45: No | B45: NOMBRE DEL CONTROL | C45: RESPONSABLE DEL CONTROL | D45: TIPO DE CONTROL | E45: DOCUMENTO O PROCEDIMIENTO QUE CONTIENE EL CONTROL | F45: DESCRIPCIÓN DEL CONTROL La descripción debe incorporar los criterios de evaluación del control: 1. Responsable. 2. Periodicidad. 3. Propósito 4. Cómo se realiza la actividad de control 5. Qué pasa con ls observaciones o desviaciones 6. Evidencia de la ejecución del control | G45: ¿Existe un responsable asignado a la ejecución del control? | H45: ¿El responsable tiene la autoridad y adecuada segregación de funciones en la ejecución del control? | I45: ¿ La oportunidad en que se ejecuta el control ayuda a prevenir la mitigación del riesgo o a detectar la materialización del riesgo de manera oportuna? | J45: ¿Las actividades que se desarrollan en el control realmente buscan por si sola prevenir o detectar las causas que pueden dar origen al riesgo, ejemplo Verificar, Validar Cotejar, Comparar, Revisar, etc.? | K45: ¿La fuente de información que se utiliza en el desarrollo del control es información confiable que permita mitigar el riesgo? | L45: ¿Las observaciones, desviaciones o diferencias identificadas como resultados de la ejecución del control son investigadas y resueltas de manera oportuna? | M45: ¿Se deja evidencia o rastro de la ejecución del control, que permita a cualquier tercero con la evidencia, llegar a la misma conclusión?
A46: 1 | N46: =SUM((IF(G46="SI",15,0)),(IF(H46="SI",15,0)),(IF(I46="SI",15,0)),(IF(J46="SI",15,0)),(IF(K46="SI",15,0)),(IF(L46="SI",15,0)),(IF(M46="SI",10,IF(M46="INCOMPLETA","5",0)))) -> 0 | O46: =IF(N46>=96,"FUERTE",IF(AND(N46<=95,N46>=86),"MODERADO",IF(AND(N46<86,N46>0),"DEBIL",IF(N46=0,"")))) | Q46: =CONCATENATE(O46,P46) | R46: =IF(Q46="FUERTEFUERTE","FUERTE",IF(Q46="FUERTEMODERADO","MODERADO",IF(Q46="FUERTEDEBIL","DEBIL",IF(Q46="MODERADOFUERTE","MODERADO",IF(Q46="MODERADOMODERADO","MODERADO",IF(Q46="MODERADODEBIL","DEBIL",IF(Q46="DEBILFUERTE","DEBIL",IF(Q46="DEBILMODERADO","DEBIL",IF(Q46="DEBILDEBIL","DEBIL"))))))))) -> FALSE | S46: =IF(Q46="FUERTEFUERTE",100,IF(Q46="FUERTEMODERADO",50,IF(Q46="FUERTEDEBIL",0,IF(Q46="MODERADOFUERTE",50,IF(Q46="MODERADOMODERADO",50,IF(Q46="MODERADODEBIL",0,IF(Q46="DEBILFUERTE",0,IF(Q46="DEBILMODERADO",0,IF(Q46="DEBILDEBIL",0))))))))) -> FALSE | T46: =AVERAGE(S46:S51) -> #DIV/0! | U46: =IF(T46=100,"FUERTE",IF(AND(T46<=99,T46>=50),"MODERADO",IF(T46<50,"DEBIL"))) -> #DIV/0!
A47: 2 | N47: =SUM((IF(G47="SI",15,0)),(IF(H47="SI",15,0)),(IF(I47="SI",15,0)),(IF(J47="SI",15,0)),(IF(K47="SI",15,0)),(IF(L47="SI",15,0)),(IF(M47="SI",10,IF(M47="INCOMPLETA","5",0)))) -> 0 | O47: =IF(N47>=96,"FUERTE",IF(AND(N47<=95,N47>=86),"MODERADO",IF(AND(N47<86,N47>0),"DEBIL",IF(N47=0,"")))) | Q47: =CONCATENATE(O47,P47) | R47: =IF(Q47="FUERTEFUERTE","FUERTE",IF(Q47="FUERTEMODERADO","MODERADO",IF(Q47="FUERTEDEBIL","DEBIL",IF(Q47="MODERADOFUERTE","MODERADO",IF(Q47="MODERADOMODERADO","MODERADO",IF(Q47="MODERADODEBIL","DEBIL",IF(Q47="DEBILFUERTE","DEBIL",IF(Q47="DEBILMODERADO","DEBIL",IF(Q47="DEBILDEBIL","DEBIL"))))))))) -> FALSE | S47: =IF(Q47="FUERTEFUERTE",100,IF(Q47="FUERTEMODERADO",50,IF(Q47="FUERTEDEBIL",0,IF(Q47="MODERADOFUERTE",50,IF(Q47="MODERADOMODERADO",50,IF(Q47="MODERADODEBIL",0,IF(Q47="DEBILFUERTE",0,IF(Q47="DEBILMODERADO",0,IF(Q47="DEBILDEBIL",0))))))))) -> FALSE
A48: 3 | N48: =SUM((IF(G48="SI",15,0)),(IF(H48="SI",15,0)),(IF(I48="SI",15,0)),(IF(J48="SI",15,0)),(IF(K48="SI",15,0)),(IF(L48="SI",15,0)),(IF(M48="SI",10,IF(M48="INCOMPLETA","5",0)))) -> 0 | O48: =IF(N48>=96,"FUERTE",IF(AND(N48<=95,N48>=86),"MODERADO",IF(AND(N48<86,N48>0),"DEBIL",IF(N48=0,"")))) | Q48: =CONCATENATE(O48,P48) | R48: =IF(Q48="FUERTEFUERTE","FUERTE",IF(Q48="FUERTEMODERADO","MODERADO",IF(Q48="FUERTEDEBIL","DEBIL",IF(Q48="MODERADOFUERTE","MODERADO",IF(Q48="MODERADOMODERADO","MODERADO",IF(Q48="MODERADODEBIL","DEBIL",IF(Q48="DEBILFUERTE","DEBIL",IF(Q48="DEBILMODERADO","DEBIL",IF(Q48="DEBILDEBIL","DEBIL"))))))))) -> FALSE | S48: =IF(Q48="FUERTEFUERTE",100,IF(Q48="FUERTEMODERADO",50,IF(Q48="FUERTEDEBIL",0,IF(Q48="MODERADOFUERTE",50,IF(Q48="MODERADOMODERADO",50,IF(Q48="MODERADODEBIL",0,IF(Q48="DEBILFUERTE",0,IF(Q48="DEBILMODERADO",0,IF(Q48="DEBILDEBIL",0))))))))) -> FALSE
A49: 4 | N49: =SUM((IF(G49="SI",15,0)),(IF(H49="SI",15,0)),(IF(I49="SI",15,0)),(IF(J49="SI",15,0)),(IF(K49="SI",15,0)),(IF(L49="SI",15,0)),(IF(M49="SI",10,IF(M49="INCOMPLETA","5",0)))) -> 0 | O49: =IF(N49>=96,"FUERTE",IF(AND(N49<=95,N49>=86),"MODERADO",IF(AND(N49<86,N49>0),"DEBIL",IF(N49=0,"")))) | Q49: =CONCATENATE(O49,P49) | R49: =IF(Q49="FUERTEFUERTE","FUERTE",IF(Q49="FUERTEMODERADO","MODERADO",IF(Q49="FUERTEDEBIL","DEBIL",IF(Q49="MODERADOFUERTE","MODERADO",IF(Q49="MODERADOMODERADO","MODERADO",IF(Q49="MODERADODEBIL","DEBIL",IF(Q49="DEBILFUERTE","DEBIL",IF(Q49="DEBILMODERADO","DEBIL",IF(Q49="DEBILDEBIL","DEBIL"))))))))) -> FALSE | S49: =IF(Q49="FUERTEFUERTE",100,IF(Q49="FUERTEMODERADO",50,IF(Q49="FUERTEDEBIL",0,IF(Q49="MODERADOFUERTE",50,IF(Q49="MODERADOMODERADO",50,IF(Q49="MODERADODEBIL",0,IF(Q49="DEBILFUERTE",0,IF(Q49="DEBILMODERADO",0,IF(Q49="DEBILDEBIL",0))))))))) -> FALSE
A50: 5 | N50: =SUM((IF(G50="SI",15,0)),(IF(H50="SI",15,0)),(IF(I50="SI",15,0)),(IF(J50="SI",15,0)),(IF(K50="SI",15,0)),(IF(L50="SI",15,0)),(IF(M50="SI",10,IF(M50="INCOMPLETA","5",0)))) -> 0 | O50: =IF(N50>=96,"FUERTE",IF(AND(N50<=95,N50>=86),"MODERADO",IF(AND(N50<86,N50>0),"DEBIL",IF(N50=0,"")))) | Q50: =CONCATENATE(O50,P50) | R50: =IF(Q50="FUERTEFUERTE","FUERTE",IF(Q50="FUERTEMODERADO","MODERADO",IF(Q50="FUERTEDEBIL","DEBIL",IF(Q50="MODERADOFUERTE","MODERADO",IF(Q50="MODERADOMODERADO","MODERADO",IF(Q50="MODERADODEBIL","DEBIL",IF(Q50="DEBILFUERTE","DEBIL",IF(Q50="DEBILMODERADO","DEBIL",IF(Q50="DEBILDEBIL","DEBIL"))))))))) -> FALSE | S50: =IF(Q50="FUERTEFUERTE",100,IF(Q50="FUERTEMODERADO",50,IF(Q50="FUERTEDEBIL",0,IF(Q50="MODERADOFUERTE",50,IF(Q50="MODERADOMODERADO",50,IF(Q50="MODERADODEBIL",0,IF(Q50="DEBILFUERTE",0,IF(Q50="DEBILMODERADO",0,IF(Q50="DEBILDEBIL",0))))))))) -> FALSE
A51: 6 | N51: =SUM((IF(G51="SI",15,0)),(IF(H51="SI",15,0)),(IF(I51="SI",15,0)),(IF(J51="SI",15,0)),(IF(K51="SI",15,0)),(IF(L51="SI",15,0)),(IF(M51="SI",10,IF(M51="INCOMPLETA","5",0)))) -> 0 | O51: =IF(N51>=96,"FUERTE",IF(AND(N51<=95,N51>=86),"MODERADO",IF(AND(N51<86,N51>0),"DEBIL",IF(N51=0,"")))) | Q51: =CONCATENATE(O51,P51) | R51: =IF(Q51="FUERTEFUERTE","FUERTE",IF(Q51="FUERTEMODERADO","MODERADO",IF(Q51="FUERTEDEBIL","DEBIL",IF(Q51="MODERADOFUERTE","MODERADO",IF(Q51="MODERADOMODERADO","MODERADO",IF(Q51="MODERADODEBIL","DEBIL",IF(Q51="DEBILFUERTE","DEBIL",IF(Q51="DEBILMODERADO","DEBIL",IF(Q51="DEBILDEBIL","DEBIL"))))))))) -> FALSE | S51: =IF(Q51="FUERTEFUERTE",100,IF(Q51="FUERTEMODERADO",50,IF(Q51="FUERTEDEBIL",0,IF(Q51="MODERADOFUERTE",50,IF(Q51="MODERADOMODERADO",50,IF(Q51="MODERADODEBIL",0,IF(Q51="DEBILFUERTE",0,IF(Q51="DEBILMODERADO",0,IF(Q51="DEBILDEBIL",0))))))))) -> FALSE
B53: RIESGO: | C53: =+MR_Corrup1!G14 -> 0
G54: EVALUACIÓN DEL DISEÑO | P54: VALORACIÓN DE LA EJECUCIÓN FUERTE: El control se ejecuta de manera consistente por parte del responsable. MODERADO: El control se ejecuta algunas veces por parte del responsable. DÉBIL: El control no se ejecuta por parte del responsable. | Q54: SOLIDEZ INDIVIDUAL DEL CONTROL | T54: SOLIDEZ DEL CONJUNTO DE CONTROLES
A55: CONTROLES | G55: 1. Responsable | I55: 2. Periodicidad | J55: 3. Propósito | K55: 4. Como se realiza la actividad de control | L55: 5. Que pasa con las observaciones o desviaciones | M55: 6. Evidencia de la Ejecución del Control | N55: VALORACIÓN DEL DISEÑO
A56: No | B56: NOMBRE DEL CONTROL | C56: RESPONSABLE DEL CONTROL | D56: TIPO DE CONTROL | E56: DOCUMENTO O PROCEDIMIENTO QUE CONTIENE EL CONTROL | F56: DESCRIPCIÓN DEL CONTROL La descripción debe incorporar los criterios de evaluación del control: 1. Responsable. 2. Periodicidad. 3. Propósito 4. Cómo se realiza la actividad de control 5. Qué pasa con ls observaciones o desviaciones 6. Evidencia de la ejecución del control | G56: ¿Existe un responsable asignado a la ejecución del control? | H56: ¿El responsable tiene la autoridad y adecuada segregación de funciones en la ejecución del control? | I56: ¿ La oportunidad en que se ejecuta el control ayuda a prevenir la mitigación del riesgo o a detectar la materialización del riesgo de manera oportuna? | J56: ¿Las actividades que se desarrollan en el control realmente buscan por si sola prevenir o detectar las causas que pueden dar origen al riesgo, ejemplo Verificar, Validar Cotejar, Comparar, Revisar, etc.? | K56: ¿La fuente de información que se utiliza en el desarrollo del control es información confiable que permita mitigar el riesgo? | L56: ¿Las observaciones, desviaciones o diferencias identificadas como resultados de la ejecución del control son investigadas y resueltas de manera oportuna? | M56: ¿Se deja evidencia o rastro de la ejecución del control, que permita a cualquier tercero con la evidencia, llegar a la misma conclusión?
A57: 1 | N57: =SUM((IF(G57="SI",15,0)),(IF(H57="SI",15,0)),(IF(I57="SI",15,0)),(IF(J57="SI",15,0)),(IF(K57="SI",15,0)),(IF(L57="SI",15,0)),(IF(M57="SI",10,IF(M57="INCOMPLETA","5",0)))) -> 0 | O57: =IF(N57>=96,"FUERTE",IF(AND(N57<=95,N57>=86),"MODERADO",IF(AND(N57<86,N57>0),"DEBIL",IF(N57=0,"")))) | Q57: =CONCATENATE(O57,P57) | R57: =IF(Q57="FUERTEFUERTE","FUERTE",IF(Q57="FUERTEMODERADO","MODERADO",IF(Q57="FUERTEDEBIL","DEBIL",IF(Q57="MODERADOFUERTE","MODERADO",IF(Q57="MODERADOMODERADO","MODERADO",IF(Q57="MODERADODEBIL","DEBIL",IF(Q57="DEBILFUERTE","DEBIL",IF(Q57="DEBILMODERADO","DEBIL",IF(Q57="DEBILDEBIL","DEBIL"))))))))) -> FALSE | S57: =IF(Q57="FUERTEFUERTE",100,IF(Q57="FUERTEMODERADO",50,IF(Q57="FUERTEDEBIL",0,IF(Q57="MODERADOFUERTE",50,IF(Q57="MODERADOMODERADO",50,IF(Q57="MODERADODEBIL",0,IF(Q57="DEBILFUERTE",0,IF(Q57="DEBILMODERADO",0,IF(Q57="DEBILDEBIL",0))))))))) -> FALSE | T57: =AVERAGE(S57:S62) -> #DIV/0! | U57: =IF(T57=100,"FUERTE",IF(AND(T57<=99,T57>=50),"MODERADO",IF(T57<50,"DEBIL"))) -> #DIV/0!
A58: 2 | N58: =SUM((IF(G58="SI",15,0)),(IF(H58="SI",15,0)),(IF(I58="SI",15,0)),(IF(J58="SI",15,0)),(IF(K58="SI",15,0)),(IF(L58="SI",15,0)),(IF(M58="SI",10,IF(M58="INCOMPLETA","5",0)))) -> 0 | O58: =IF(N58>=96,"FUERTE",IF(AND(N58<=95,N58>=86),"MODERADO",IF(AND(N58<86,N58>0),"DEBIL",IF(N58=0,"")))) | Q58: =CONCATENATE(O58,P58) | R58: =IF(Q58="FUERTEFUERTE","FUERTE",IF(Q58="FUERTEMODERADO","MODERADO",IF(Q58="FUERTEDEBIL","DEBIL",IF(Q58="MODERADOFUERTE","MODERADO",IF(Q58="MODERADOMODERADO","MODERADO",IF(Q58="MODERADODEBIL","DEBIL",IF(Q58="DEBILFUERTE","DEBIL",IF(Q58="DEBILMODERADO","DEBIL",IF(Q58="DEBILDEBIL","DEBIL"))))))))) -> FALSE | S58: =IF(Q58="FUERTEFUERTE",100,IF(Q58="FUERTEMODERADO",50,IF(Q58="FUERTEDEBIL",0,IF(Q58="MODERADOFUERTE",50,IF(Q58="MODERADOMODERADO",50,IF(Q58="MODERADODEBIL",0,IF(Q58="DEBILFUERTE",0,IF(Q58="DEBILMODERADO",0,IF(Q58="DEBILDEBIL",0))))))))) -> FALSE
A59: 3 | N59: =SUM((IF(G59="SI",15,0)),(IF(H59="SI",15,0)),(IF(I59="SI",15,0)),(IF(J59="SI",15,0)),(IF(K59="SI",15,0)),(IF(L59="SI",15,0)),(IF(M59="SI",10,IF(M59="INCOMPLETA","5",0)))) -> 0 | O59: =IF(N59>=96,"FUERTE",IF(AND(N59<=95,N59>=86),"MODERADO",IF(AND(N59<86,N59>0),"DEBIL",IF(N59=0,"")))) | Q59: =CONCATENATE(O59,P59) | R59: =IF(Q59="FUERTEFUERTE","FUERTE",IF(Q59="FUERTEMODERADO","MODERADO",IF(Q59="FUERTEDEBIL","DEBIL",IF(Q59="MODERADOFUERTE","MODERADO",IF(Q59="MODERADOMODERADO","MODERADO",IF(Q59="MODERADODEBIL","DEBIL",IF(Q59="DEBILFUERTE","DEBIL",IF(Q59="DEBILMODERADO","DEBIL",IF(Q59="DEBILDEBIL","DEBIL"))))))))) -> FALSE | S59: =IF(Q59="FUERTEFUERTE",100,IF(Q59="FUERTEMODERADO",50,IF(Q59="FUERTEDEBIL",0,IF(Q59="MODERADOFUERTE",50,IF(Q59="MODERADOMODERADO",50,IF(Q59="MODERADODEBIL",0,IF(Q59="DEBILFUERTE",0,IF(Q59="DEBILMODERADO",0,IF(Q59="DEBILDEBIL",0))))))))) -> FALSE
A60: 4 | N60: =SUM((IF(G60="SI",15,0)),(IF(H60="SI",15,0)),(IF(I60="SI",15,0)),(IF(J60="SI",15,0)),(IF(K60="SI",15,0)),(IF(L60="SI",15,0)),(IF(M60="SI",10,IF(M60="INCOMPLETA","5",0)))) -> 0 | O60: =IF(N60>=96,"FUERTE",IF(AND(N60<=95,N60>=86),"MODERADO",IF(AND(N60<86,N60>0),"DEBIL",IF(N60=0,"")))) | Q60: =CONCATENATE(O60,P60) | R60: =IF(Q60="FUERTEFUERTE","FUERTE",IF(Q60="FUERTEMODERADO","MODERADO",IF(Q60="FUERTEDEBIL","DEBIL",IF(Q60="MODERADOFUERTE","MODERADO",IF(Q60="MODERADOMODERADO","MODERADO",IF(Q60="MODERADODEBIL","DEBIL",IF(Q60="DEBILFUERTE","DEBIL",IF(Q60="DEBILMODERADO","DEBIL",IF(Q60="DEBILDEBIL","DEBIL"))))))))) -> FALSE | S60: =IF(Q60="FUERTEFUERTE",100,IF(Q60="FUERTEMODERADO",50,IF(Q60="FUERTEDEBIL",0,IF(Q60="MODERADOFUERTE",50,IF(Q60="MODERADOMODERADO",50,IF(Q60="MODERADODEBIL",0,IF(Q60="DEBILFUERTE",0,IF(Q60="DEBILMODERADO",0,IF(Q60="DEBILDEBIL",0))))))))) -> FALSE
A61: 5 | N61: =SUM((IF(G61="SI",15,0)),(IF(H61="SI",15,0)),(IF(I61="SI",15,0)),(IF(J61="SI",15,0)),(IF(K61="SI",15,0)),(IF(L61="SI",15,0)),(IF(M61="SI",10,IF(M61="INCOMPLETA","5",0)))) -> 0 | O61: =IF(N61>=96,"FUERTE",IF(AND(N61<=95,N61>=86),"MODERADO",IF(AND(N61<86,N61>0),"DEBIL",IF(N61=0,"")))) | Q61: =CONCATENATE(O61,P61) | R61: =IF(Q61="FUERTEFUERTE","FUERTE",IF(Q61="FUERTEMODERADO","MODERADO",IF(Q61="FUERTEDEBIL","DEBIL",IF(Q61="MODERADOFUERTE","MODERADO",IF(Q61="MODERADOMODERADO","MODERADO",IF(Q61="MODERADODEBIL","DEBIL",IF(Q61="DEBILFUERTE","DEBIL",IF(Q61="DEBILMODERADO","DEBIL",IF(Q61="DEBILDEBIL","DEBIL"))))))))) -> FALSE | S61: =IF(Q61="FUERTEFUERTE",100,IF(Q61="FUERTEMODERADO",50,IF(Q61="FUERTEDEBIL",0,IF(Q61="MODERADOFUERTE",50,IF(Q61="MODERADOMODERADO",50,IF(Q61="MODERADODEBIL",0,IF(Q61="DEBILFUERTE",0,IF(Q61="DEBILMODERADO",0,IF(Q61="DEBILDEBIL",0))))))))) -> FALSE
A62: 6 | N62: =SUM((IF(G62="SI",15,0)),(IF(H62="SI",15,0)),(IF(I62="SI",15,0)),(IF(J62="SI",15,0)),(IF(K62="SI",15,0)),(IF(L62="SI",15,0)),(IF(M62="SI",10,IF(M62="INCOMPLETA","5",0)))) -> 0 | O62: =IF(N62>=96,"FUERTE",IF(AND(N62<=95,N62>=86),"MODERADO",IF(AND(N62<86,N62>0),"DEBIL",IF(N62=0,"")))) | Q62: =CONCATENATE(O62,P62) | R62: =IF(Q62="FUERTEFUERTE","FUERTE",IF(Q62="FUERTEMODERADO","MODERADO",IF(Q62="FUERTEDEBIL","DEBIL",IF(Q62="MODERADOFUERTE","MODERADO",IF(Q62="MODERADOMODERADO","MODERADO",IF(Q62="MODERADODEBIL","DEBIL",IF(Q62="DEBILFUERTE","DEBIL",IF(Q62="DEBILMODERADO","DEBIL",IF(Q62="DEBILDEBIL","DEBIL"))))))))) -> FALSE | S62: =IF(Q62="FUERTEFUERTE",100,IF(Q62="FUERTEMODERADO",50,IF(Q62="FUERTEDEBIL",0,IF(Q62="MODERADOFUERTE",50,IF(Q62="MODERADOMODERADO",50,IF(Q62="MODERADODEBIL",0,IF(Q62="DEBILFUERTE",0,IF(Q62="DEBILMODERADO",0,IF(Q62="DEBILDEBIL",0))))))))) -> FALSE
B66: CÓDIGO | C66: RIESGO | D66: PROBABILIDAD | E66: IMPACTO | F66: RIESGO INHERENTE | G66: SOLIDEZ DEL CONJUNTO DE CONTROLES | H66: Controles que ayudan a disminuir la probabilidad-impacto | I66: RIESGO RESIDUAL | J66: PROBABILIDAD RESIDUAL | K66: IMPACTO RESIDUAL
A67: CORRUPCION | B67: =MR_Corrup1!C10 -> RC-GMC -1 | C67: =+MR_Corrup1!G10 -> Posibilidad de afectación reputacional por fraude interno, al recibir dádivas o beneficios para manipular la información de los instrumentos de gestión en beneficio de un proceso. | D67: =MR_Corrup1!J10 -> PROBABLE | E67: =+MR_Corrup1!K10 -> MAYOR | F67: =IF(HLOOKUP(E67,$D$77:$H$78,2,FALSE)=$D$78,IF(VLOOKUP(D67,$B$79:$C$83,2,FALSE)=$C$79,"ALTO",IF(VLOOKUP(D67,$B$79:$C$83,2,FALSE)=$C$80,"MODERADO",IF(VLOOKUP(D67,$B$79:$C$83,2,FALSE)=$C$81,"BAJO",IF(VLOOKUP(D67,$B$79:$C$83,2,FALSE)=$C$82,"BAJO",IF(VLOOKUP(D67,$B$79:$C$83,2,FALSE)=$C$83,"BAJO",0))))),IF(HLOOKUP(E67,$D$77:$H$78,2,FALSE)=$E$78,IF(VLOOKUP(D67,$B$79:$C$83,2,FALSE)=$C$79,"ALTO",IF(VLOOKUP(D67,$B$79:$C$83,2,FALSE)=$C$80,"ALTO",IF(VLOOKUP(D67,$B$79:$C$83,2,FALSE)=$C$81,"MODERADO",IF(VLOOKUP(D67,$B$79:$C$83,2,FALSE)=$C$82,"BAJO",IF(VLOOKUP(D67,$B$79:$C$83,2,FALSE)=$C$83,"BAJO",0))))),IF(HLOOKUP(E67,$D$77:$H$78,2,FALSE)=$F$78,IF(VLOOKUP(D67,$B$79:$C$83,2,FALSE)=$C$79,"EXTREMO",IF(VLOOKUP(D67,$B$79:$C$83,2,FALSE)=$C$80,"ALTO",IF(VLOOKUP(D67,$B$79:$C$83,2,FALSE)=$C$81,"ALTO",IF(VLOOKUP(D67,$B$79:$C$83,2,FALSE)=$C$82,"MODERADO",IF(VLOOKUP(D67,$B$79:$C$83,2,FALSE)=$C$83,"MODERADO",0))))),IF(HLOOKUP(E67,$D$77:$H$78,2,FALSE)=$G$78,IF(VLOOKUP(D67,$B$79:$C$83,2,FALSE)=$C$79,"EXTREMO",IF(VLOOKUP(D67,$B$79:$C$83,2,FALSE)=$C$80,"EXTREMO",IF(VLOOKUP(D67,$B$79:$C$83,2,FALSE)=$C$81,"EXTREMO",IF(VLOOKUP(D67,$B$79:$C$83,2,FALSE)=$C$82,"ALTO",IF(VLOOKUP(D67,$B$79:$C$83,2,FALSE)=$C$83,"ALTO",0))))),IF(HLOOKUP(E67,$D$77:$H$78,2,FALSE)=$H$78,IF(VLOOKUP(D67,$B$79:$C$83,2,FALSE)=$C$79,"EXTREMO",IF(VLOOKUP(D67,$B$79:$C$83,2,FALSE)=$C$80,"EXTREMO",IF(VLOOKUP(D67,$B$79:$C$83,2,FALSE)=$C$81,"EXTREMO",IF(VLOOKUP(D67,$B$79:$C$83,2,FALSE)=$C$82,"EXTREMO",IF(VLOOKUP(D67,$B$79:$C$83,2,FALSE)=$C$83,"EXTREMO",0))))),0))))) -> EXTREMO | G67: =U13 -> FUERTE | H67: =IF(OR(D13="PREVENTIVO",D14="PREVENTIVO",D15="PREVENTIVO",D16="PREVENTIVO",D17="PREVENTIVO",D18="PREVENTIVO",D19="PREVENTIVO"),IF(OR(D13="CORRECTIVO",D14="CORRECTIVO",D15="CORRECTIVO",D16="CORRECTIVO",D17="CORRECTIVO",D18="CORRECTIVO"),IF(OR(D13="DETECTIVO",D14="DETECTIVO",D15="DETECTIVO",D16="DETECTIVO",D17="DETECTIVO",D18="DETECTIVO"),"PREVENT, DETECT Y CORRECT","PREVENTIVO Y CORRECTIVO"),IF(OR(D13="DETECTIVO",D14="DETECTIVO",D15="DETECTIVO",D16="DETECTIVO",D17="DETECTIVO",D18="DETECTIVO"),"PREVENTIVO Y DETECTIVO","PREVENTIVO")),IF(OR(D13="CORRECTIVO",D14="CORRECTIVO",D15="CORRECTIVO",D16="CORRECTIVO",D17="CORRECTIVO",D18="CORRECTIVO"),IF(OR(D13="DETECTIVO",D14="DETECTIVO",D15="DETECTIVO",D16="DETECTIVO",D17="DETECTIVO",D18="DETECTIVO"),"DETECTIVO Y CORRECTIVO","CORRECTIVO"),IF(OR(D13="DETECTIVO",D14="DETECTIVO",D15="DETECTIVO",D16="DETECTIVO",D17="DETECTIVO",D18="DETECTIVO"),"DETECTIVO",0))) -> PREVENTIVO | I67: =IF(AND(G67="MODERADO",OR(H67="PREVENTIVO Y CORRECTIVO",H67="DETECTIVO Y CORRECTIVO",H67="PREVENT, DETECT Y CORRECT",H67="PREVENTIVO",H67="DETECTIVO",H67="PREVENTIVO Y DETECTIVO")),IF(HLOOKUP(E67,$D$77:$H$78,2,FALSE)=$D$78,IF(VLOOKUP(D67,$B$79:$C$83,2,FALSE)-1=$C$79,"ALTO",IF(VLOOKUP(D67,$B$79:$C$83,2,FALSE)-1=$C$80,"MODERADO",IF(VLOOKUP(D67,$B$79:$C$83,2,FALSE)-1=$C$81,"BAJO",IF(VLOOKUP(D67,$B$79:$C$83,2,FALSE)-1=$C$82,"BAJO",IF(VLOOKUP(D67,$B$79:$C$83,2,FALSE)-1=$C$83,"BAJO","BAJO"))))),IF(HLOOKUP(E67,$D$77:$H$78,2,FALSE)=$E$78,IF(VLOOKUP(D67,$B$79:$C$83,2,FALSE)-1=$C$79,"ALTO",IF(VLOOKUP(D67,$B$79:$C$83,2,FALSE)-1=$C$80,"ALTO",IF(VLOOKUP(D67,$B$79:$C$83,2,FALSE)-1=$C$81,"MODERADO",IF(VLOOKUP(D67,$B$79:$C$83,2,FALSE)-1=$C$82,"BAJO",IF(VLOOKUP(D67,$B$79:$C$83,2,FALSE)-1=$C$83,"BAJO","BAJO"))))),IF(HLOOKUP(E67,$D$77:$H$78,2,FALSE)=$F$78,IF(VLOOKUP(D67,$B$79:$C$83,2,FALSE)-1=$C$79,"EXTREMO",IF(VLOOKUP(D67,$B$79:$C$83,2,FALSE)-1=$C$80,"ALTO",IF(VLOOKUP(D67,$B$79:$C$83,2,FALSE)-1=$C$81,"ALTO",IF(VLOOKUP(D67,$B$79:$C$83,2,FALSE)-1=$C$82,"MODERADO",IF(VLOOKUP(D67,$B$79:$C$83,2,FALSE)-1=$C$83,"MODERADO","MODERADO"))))),IF(HLOOKUP(E67,$D$77:$H$78,2,FALSE)=$G$78,IF(VLOOKUP(D67,$B$79:$C$83,2,FALSE)-1=$C$79,"EXTREMO",IF(VLOOKUP(D67,$B$79:$C$83,2,FALSE)-1=$C$80,"EXTREMO",IF(VLOOKUP(D67,$B$79:$C$83,2,FALSE)-1=$C$81,"EXTREMO",IF(VLOOKUP(D67,$B$79:$C$83,2,FALSE)-1=$C$82,"ALTO",IF(VLOOKUP(D67,$B$79:$C$83,2,FALSE)-1=$C$83,"ALTO","ALTO"))))),IF(HLOOKUP(E67,$D$77:$H$78,2,FALSE)=$H$78,IF(VLOOKUP(D67,$B$79:$C$83,2,FALSE)-1=$C$79,"EXTREMO",IF(VLOOKUP(D67,$B$79:$C$83,2,FALSE)-1=$C$80,"EXTREMO",IF(VLOOKUP(D67,$B$79:$C$83,2,FALSE)-1=$C$81,"EXTREMO",IF(VLOOKUP(D67,$B$79:$C$83,2,FALSE)-1=$C$82,"EXTREMO",IF(VLOOKUP(D67,$B$79:$C$83,2,FALSE)-1=$C$83,"ALTO","EXTREMO"))))),F67))))),IF(AND(G67="MODERADO",H67="CORRECTIVO"),F67,IF(AND(G67="FUERTE",OR(H67="PREVENTIVO Y CORRECTIVO",H67="DETECTIVO Y CORRECTIVO",H67="PREVENT, DETECT Y CORRECT", H67="PREVENTIVO",H67="DETECTIVO",H67="PREVENTIVO Y DETECTIVO")),IF(HLOOKUP(E67,$D$77:$H$78,2,FALSE)=$D$78,IF(VLOOKUP(D67,$B$79:$C$83,2,FALSE)-2=$C$79,"ALTO",IF(VLOOKUP(D67,$B$79:$C$83,2,FALSE)-2=$C$80,"MODERADO",IF(VLOOKUP(D67,$B$79:$C$83,2,FALSE)-2=$C$81,"BAJO",IF(VLOOKUP(D67,$B$79:$C$83,2,FALSE)-2=$C$82,"BAJO",IF(VLOOKUP(D67,$B$79:$C$83,2,FALSE)-2=$C$83,"BAJO","BAJO"))))),IF(HLOOKUP(E67,$D$77:$H$78,2,FALSE)=$E$78,IF(VLOOKUP(D67,$B$79:$C$83,2,FALSE)-2=$C$79,"ALTO",IF(VLOOKUP(D67,$B$79:$C$83,2,FALSE)-2=$C$80,"ALTO",IF(VLOOKUP(D67,$B$79:$C$83,2,FALSE)-2=$C$81,"MODERADO",IF(VLOOKUP(D67,$B$79:$C$83,2,FALSE)-2=$C$82,"BAJO",IF(VLOOKUP(D67,$B$79:$C$83,2,FALSE)-2=$C$83,"BAJO","BAJO"))))),IF(HLOOKUP(E67,$D$77:$H$78,2,FALSE)=$F$78,IF(VLOOKUP(D67,$B$79:$C$83,2,FALSE)-2=$C$79,"EXTREMO",IF(VLOOKUP(D67,$B$79:$C$83,2,FALSE)-2=$C$80,"ALTO",IF(VLOOKUP(D67,$B$79:$C$83,2,FALSE)-2=$C$81,"ALTO",IF(VLOOKUP(D67,$B$79:$C$83,2,FALSE)-2=$C$82,"MODERADO",IF(VLOOKUP(D67,$B$79:$C$83,2,FALSE)-2=$C$83,"MODERADO","MODERADO"))))),IF(HLOOKUP(E67,$D$77:$H$78,2,FALSE)=$G$78,IF(VLOOKUP(D67,$B$79:$C$83,2,FALSE)-2=$C$79,"EXTREMO",IF(VLOOKUP(D67,$B$79:$C$83,2,FALSE)-2=$C$80,"EXTREMO",IF(VLOOKUP(D67,$B$79:$C$83,2,FALSE)-2=$C$81,"EXTREMO",IF(VLOOKUP(D67,$B$79:$C$83,2,FALSE)-2=$C$82,"ALTO",IF(VLOOKUP(D67,$B$79:$C$83,2,FALSE)-2=$C$83,"ALTO","ALTO"))))),IF(HLOOKUP(E67,$D$77:$H$78,2,FALSE)=$H$78,IF(VLOOKUP(D67,$B$79:$C$83,2,FALSE)-2=$C$79,"EXTREMO",IF(VLOOKUP(D67,$B$79:$C$83,2,FALSE)-2=$C$80,"EXTREMO",IF(VLOOKUP(D67,$B$79:$C$83,2,FALSE)-2=$C$81,"EXTREMO",IF(VLOOKUP(D67,$B$79:$C$83,2,FALSE)-2=$C$82,"EXTREMO",IF(VLOOKUP(D67,$B$79:$C$83,2,FALSE)-2=$C$83,"EXTREMO","EXTREMO"))))),"BAJO"))))),IF(AND(G67="FUERTE",H67="CORRECTIVO"),F67,F67)))) -> ALTO | J67: =IF(AND(G67="MODERADO",OR(H67="PREVENTIVO Y CORRECTIVO",H67="DETECTIVO Y CORRECTIVO",H67="PREVENT, DETECT Y CORRECT",H67="PREVENTIVO",H67="DETECTIVO",H67="PREVENTIVO Y DETECTIVO")),IF(VLOOKUP(D67,$B$79:$C$83,2,FALSE)-1=$C$79,"CASI SEGURO",IF(VLOOKUP(D67,$B$79:$C$83,2,FALSE)-1=$C$80,"PROBABLE",IF(VLOOKUP(D67,$B$79:$C$83,2,FALSE)-1=$C$81,"POSIBLE",IF(VLOOKUP(D67,$B$79:$C$83,2,FALSE)-1=$C$82,"IMPROBABLE",IF(VLOOKUP(D67,$B$79:$C$83,2,FALSE)-1=$C$83,"RARO","RARO"))))),IF(AND(G67="FUERTE",OR(H67="PREVENTIVO Y CORRECTIVO",H67="DETECTIVO Y CORRECTIVO",H67="PREVENT, DETECT Y CORRECT",H67="PREVENTIVO",H67="DETECTIVO",H67="PREVENTIVO Y DETECTIVO")),IF(VLOOKUP(D67,$B$79:$C$83,2,FALSE)-2=$C$81,"POSIBLE",IF(VLOOKUP(D67,$B$79:$C$83,2,FALSE)-2=$C$82,"IMPROBABLE",IF(VLOOKUP(D67,$B$79:$C$83,2,FALSE)-2=$C$83,"RARO",IF(VLOOKUP(D67,$B$79:$C$83,2,FALSE)-2=$C$82,"RARO",IF(VLOOKUP(D67,$B$79:$C$83,2,FALSE)-2=$C$83,"RARO","RARO"))))),IF(AND(G67="MODERADO",H67="CORRECTIVO"),D67,IF(AND(G67="FUERTE",OR(H67="PREVENTIVO Y CORRECTIVO",H67="DETECTIVO Y CORRECTIVO",H67="PREVENT, DETECT Y CORRECT",H67="PREVENTIVO",H67="DETECTIVO",H67="PREVENTIVO Y DETECTIVO")),IF(HLOOKUP(D67,$D$77:$H$78,2,FALSE)=$D$78,IF(VLOOKUP(D67,$B$79:$C$83,2,FALSE)-2=$C$79,"ALTO",IF(VLOOKUP(D67,$B$79:$C$83,2,FALSE)-2=$C$80,"MODERADO",IF(VLOOKUP(D67,$B$79:$C$83,2,FALSE)-2=$C$81,"BAJO",IF(VLOOKUP(D67,$B$79:$C$83,2,FALSE)-2=$C$82,"BAJO",IF(VLOOKUP(D67,$B$79:$C$83,2,FALSE)-2=$C$83,"BAJO","BAJO"))))),E67),D67)))) -> IMPROBABLE | K67: =IF(AND(G67="MODERADO",OR(H67="PREVENTIVO Y CORRECTIVO",H67="DETECTIVO Y CORRECTIVO",H67="PREVENT, DETECT Y CORRECT",H67="PREVENTIVO",H67="DETECTIVO",H67="PREVENTIVO Y DETECTIVO")),IF(HLOOKUP(E67,$D$77:$H$78,2,FALSE)=$D$78,"INSIGNIFICANTE",IF(HLOOKUP(E67,$D$77:$H$78,2,FALSE)=$E$78,"MENOR",IF(HLOOKUP(E67,$D$77:$H$78,2,FALSE)=$F$78,"MODERADO",IF(HLOOKUP(E67,$D$77:$H$78,2,FALSE)=$G$78,"MAYOR",IF(HLOOKUP(E67,$D$77:$H$78,2,FALSE)=$H$78,"CATASTROFICO",E67))))),IF(AND(G67="MODERADO",H67="CORRECTIVO"),E67,IF(AND(G67="FUERTE",OR(H67="PREVENTIVO Y CORRECTIVO",H67="DETECTIVO Y CORRECTIVO",H67="PREVENT, DETECT Y CORRECT", H67="PREVENTIVO",H67="DETECTIVO",H67="PREVENTIVO Y DETECTIVO")),IF(HLOOKUP(E67,$D$77:$H$78,2,FALSE)=$D$78,"INSIGNIFICANTE",IF(HLOOKUP(E67,$D$77:$H$78,2,FALSE)=$E$78,"MENOR",IF(HLOOKUP(E67,$D$77:$H$78,2,FALSE)=$F$78,"MODERADO",IF(HLOOKUP(E67,$D$77:$H$78,2,FALSE)=$G$78,"MAYOR",IF(HLOOKUP(E67,$D$77:$H$78,2,FALSE)=$H$78,"CATASTROFICO"))))),IF(AND(G67="FUERTE",H67="CORRECTIVO"),E67,E67)))) -> MAYOR
